Workbook
Name \a: #N/A
Name \b: #N/A
Name \i: #N/A
Name \p: #REF!
Name \p: #REF!
Name \p: #REF!
Name \p: #REF!
Name \p: #REF!
Name \p: #REF!
Name \r: #N/A
Name \t: #N/A
Name _10JE220_WP: #REF!
Name _10JE220_WP: #REF!
Name _10JE220_WP: #REF!
Name _4mcc: #REF!
Name _4mcc: #REF!
Name _4mkvar: #REF!
Name _4mkvar: #REF!
Name _4mrdrb34: #REF!
Name _4mrdrb34: #REF!
Name _4mskw: #REF!
Name _4mskw: #REF!
Name _4mskwh1: #REF!
Name _4mskwh1: #REF!
Name _4mskwh2: #REF!
Name _4mskwh2: #REF!
Name _4mskwh3: #REF!
Name _4mskwh3: #REF!
Name _4mtsoffpk: #REF!
Name _4mtsoffpk: #REF!
Name _4mtspk: #REF!
Name _4mtspk: #REF!
Name _4mtwoffpk: #REF!
Name _4mtwoffpk: #REF!
Name _4mtwpk: #REF!
Name _4mtwpk: #REF!
Name _4mwkw: #REF!
Name _4mwkw: #REF!
Name _4mwkwh1: #REF!
Name _4mwkwh1: #REF!
Name _4mwkwh2: #REF!
Name _4mwkwh2: #REF!
Name _4mwkwh3: #REF!
Name _4mwkwh3: #REF!
Name _4mwkwhs: #REF!
Name _4mwkwhs: #REF!
Name _je1: #REF!
Name _je1: #REF!
Name _je1: #REF!
Name _JE124: #REF!
Name _JE124: #REF!
Name _JE124: #REF!
Name _JE13: #REF!
Name _JE13: #REF!
Name _JE13: #REF!
Name _je14: #REF!
Name _je14: #REF!
Name _je14: #REF!
Name _JE147: #REF!
Name _JE147: #REF!

Sheet Monthly Cost Tracker 6
A1: Ameren Missouri
A2: RESRAM Monthly Accounting
A3: Accumulation Period 6
B4: 45839 | C4: 45870 | D4: 45901 | E4: 45931 | F4: 45962 | G4: 45992 | H4: 46023 | I4: 46054 | J4: 46082 | K4: 46113 | L4: 46143 | M4: 46174 | N4: 46204
A5: Actual RES Costs (ARC)
A6: Wind REC Costs - 509RWD/557RWD
A7: Solar REC Costs - 509RCS/557RCS
A8: Biomass REC Costs - 509RBM/557RBM
A9: Hydro REC Costs - 509RH2/557RH2
A10: Non Customer Solar REC Costs - 509RPS/557RPS
A11: Solar Rebate Processing Costs - 509SRP/557SRP
A12: Rider SR Solar Rebates - 908SR2
A13: Production Tax Credit Benefit - 409 - 411
A14: Net OSSR/Purchased Power portion - 447 & 555
A15: Return on Plant Assets
A16: Depreciation Expense
... A19: Property Taxes
A20: ARC Total | C20: =SUM(C6:C14) -> 0 | D20: =SUM(D6:D14) -> 0 | E20: =SUM(E6:E14) -> 0 | F20: =SUM(F6:F14) -> 0 | G20: =SUM(G6:G14) -> 0 | N20: =SUM(N6:N14) -> 0
A22: ROUR+True-Up Amortization | C22: -4259034.2 | D22: -3694536.4 | E22: -3327373.2 | F22: -2831572.2 | G22: -3566350.1 | H22: -4025474.5 | I22: 0 | J22: 0 | K22: 0 | L22: 0 | M22: 0 | N22: 0
A23: RESRAM Base Amount (RBA) | C23: 0 | D23: 0 | E23: 0 | F23: 0 | G23: 0 | H23: 0 | I23: 0 | J23: 0 | K23: 0 | L23: 0 | M23: 0 | N23: 0
A24: Monthly Base Amount (MBA) | C24: 0 | D24: 0 | E24: 0 | F24: 0 | G24: 0 | H24: 0 | I24: 0 | J24: 0 | K24: 0 | L24: 0 | M24: 0 | N24: 0
A25: RCR (RES Costs Recovered) | C25: =SUM(C22:C24) -> -4259034.2 | D25: =SUM(D22:D24) -> -3694536.4 | E25: =SUM(E22:E24) -> -3327373.2 | F25: =SUM(F22:F24) -> -2831572.2 | G25: =SUM(G22:G24) -> -3566350.1 | H25: =SUM(H22:H24) -> -4025474.5 | I25: =SUM(I22:I24) -> 0 | J25: =SUM(J22:J24) -> 0 | ... N25: =SUM(N22:N24) -> 0
A26: Monthly Under/(Over) - RCR-ARC | C26: =C25+C20 -> -4259034.2 | D26: =D25+D20 -> -3694536.4 | E26: =E25+E20 -> -3327373.2 | F26: =F25+F20 -> -2831572.2 | G26: =G25+G20 -> -3566350.1 | H26: =H25+H20 -> -4025474.5 | I26: =I25+I20 -> 0 | J26: =J25+J20 -> 0 | ... N26: =N25+N20 -> 0
A28: Interest % | C28: =+'Aug 25 Int'!G6/12 -> 0.0038069738 | D28: =+'Sept 25 Int'!G6/12 -> 0.0036723126 | E28: =+'Oct 25 Int'!G6/12 -> 0.0034541567 | F28: ='Nov 25 Int'!G6/12 -> 0.0033009316 | G28: ='Dec 25 Int'!G6/12 -> 0.0031940241 | H28: ='Jan 26 Int'!G6/12 -> 0.003175398 | I28: ='Feb 26 Int'!G6/12 -> 0.0031920586 | J28: ='Mar 26 Int'!G6/12 -> 0.0032478473 | K28: ='Apr 26 Int'!G6/12 -> 0.0032881057 | L28: ='May 26 Int'!G6/12 -> 0.0032559205 | M28: ='Jun 26 Int'!G6/12 -> 0.0032609388 | N28: ='Jul 26 Int'!G6/12 -> 0.0032456048
A29: Interest Revenue (Expense) | C29: =(B33+C26)*C28 -> 57847.085 | D29: =(D26+C33)*D28 -> 42445.844 | E29: =(E26+D33)*E28 -> 28577.67 | F29: =(F26+E33)*F28 -> 18057.481 | G29: =(G26+F33)*G28 -> 6139.3203 | H29: =(H26+G33)*H28 -> -6659.4703 | I29: =(I26+H33)*I28 -> -1.423858e-05 | J29: =(J26+I33)*J28 -> -1.4533678e-05 | K29: =(K26+J33)*K28 -> -1.4761617e-05 | ... N29: =(N26+M33)*N28 -> -1.4714147e-05
A31: Reclass AP6 to AP7 | H31: 2103867.5
A33: ROUR - Under/(Over) with Interest | B33: 19454065 | C33: =C26+C29+B33 -> 15252878 | D33: =D26+D29+C33 -> 11600788 | E33: =E26+E29+D33 -> 8301992 | F33: =F26+F29+E33 -> 5488477.3 | G33: =G26+G29+F33 -> 1928266.4 | H33: =H26+H29+G33+H31 -> -0.0044606263 | I33: =I26+I29+H33+I31 -> -0.0044748649 | J33: =J26+J29+I33+J31 -> -0.0044893985 | K33: =K26+K29+J33+K31 -> -0.0045041602 | L33: =L26+L29+K33+L31 -> -0.0045188253 | M33: =M26+M29+L33+M31 -> -0.004533561 | N33: =N26+N29+M33+N31 -> -0.0045482751

Sheet Monthly Cost Tracker 7
A1: Ameren Missouri
A2: RESRAM Monthly Accounting
A3: Accumulation Period 7
B4: ='Monthly Cost Tracker 6'!B4 -> 45839 | C4: ='Monthly Cost Tracker 6'!C4 -> 45870 | D4: ='Monthly Cost Tracker 6'!D4 -> 45901 | E4: ='Monthly Cost Tracker 6'!E4 -> 45931 | F4: ='Monthly Cost Tracker 6'!F4 -> 45962 | G4: ='Monthly Cost Tracker 6'!G4 -> 45992 | H4: ='Monthly Cost Tracker 6'!H4 -> 46023 | I4: ='Monthly Cost Tracker 6'!I4 -> 46054 | ... N4: ='Monthly Cost Tracker 6'!N4 -> 46204
A5: Actual RES Costs (ARC)
A6: Wind REC Costs - 509RWD/5553RW/557RWD
A7: Solar REC Costs - 509RCS/5553RC/557RCS
A8: Biomass REC Costs - 509RBM/5553RB/557RBM
A9: Hydro REC Costs - 509RH2/5553RH/557RH2
A10: Non Customer Solar REC Costs - 509RPS/5553RP/557RPS
A11: Solar Rebate Processing Costs - 509SRP/557SRP
A12: Rider SR Solar Rebates - 908SR2
A13: Production Tax Credit Benefit - 409 - 411
A14: Net OSSR/Purchased Power portion - 447 & 555
A15: Return on Plant Assets
A16: Depreciation Expense
... A19: Property Taxes
A20: ARC Total | C20: =SUM(C6:C19) -> 0 | D20: =SUM(D6:D19) -> 0 | E20: =SUM(E6:E19) -> 0 | F20: =SUM(F6:F19) -> 0 | G20: =SUM(G6:G19) -> 0 | H20: =SUM(H6:H19) -> 0 | I20: =SUM(I6:I19) -> 0 | J20: =SUM(J6:J19) -> 0 | ... N20: =SUM(N6:N19) -> 0
A22: ROUR+True-Up Amortization | C22: 0 | D22: 0 | E22: 0 | F22: 0 | G22: 0 | H22: 0 | I22: -859247.42 | J22: -878884.91 | K22: -800127.04 | L22: -767768.63 | M22: -937409.71 | N22: -1137062.9
A23: RESRAM Base Amount (RBA) | C23: 0 | D23: 0 | E23: 0 | F23: 0 | G23: 0 | H23: 0 | I23: 0 | J23: 0 | K23: 0 | L23: 0 | M23: 0 | N23: 0
A24: Monthly Base Amount (MBA) | C24: 0 | D24: 0 | E24: 0 | F24: 0 | G24: 0 | H24: 0 | I24: 0 | J24: 0 | K24: 0 | L24: 0 | M24: 0 | N24: 0
A25: RCR (RES Costs Recovered) | C25: =+C23+C24 -> 0 | D25: =+D23+D24 -> 0 | E25: =+E23+E24 -> 0 | F25: =+F23+F24 -> 0 | G25: =+G23+G24 -> 0 | H25: =+H23+H24 -> 0 | I25: =+I23+I24+I22 -> -859247.42 | J25: =+J23+J24+J22 -> -878884.91 | K25: =+K23+K24+K22 -> -800127.04 | L25: =+L23+L24+L22 -> -767768.63 | M25: =+M23+M24+M22 -> -937409.71 | N25: =+N23+N24+N22 -> -1137062.9
A26: Monthly Under/(Over) - RCR-ARC | C26: =-C25+C20 -> 0 | D26: =-D25+D20 -> 0 | E26: =-E25+E20 -> 0 | F26: =-F25+F20 -> 0 | G26: =-G25+G20 -> 0 | H26: =-H25+H20 -> 0 | I26: =I25 -> -859247.42 | J26: =J25 -> -878884.91 | K26: =K25 -> -800127.04 | L26: =L25 -> -767768.63 | M26: =M25 -> -937409.71 | N26: =N25 -> -1137062.9
A28: Interest % | C28: =+'Aug 25 Int'!G6/12 -> 0.0038069738 | D28: =+'Sept 25 Int'!G6/12 -> 0.0036723126 | E28: =+'Oct 25 Int'!G6/12 -> 0.0034541567 | F28: ='Nov 25 Int'!G6/12 -> 0.0033009316 | G28: ='Dec 25 Int'!G6/12 -> 0.0031940241 | H28: ='Jan 26 Int'!G6/12 -> 0.003175398 | I28: ='Feb 26 Int'!G6/12 -> 0.0031920586 | J28: ='Mar 26 Int'!G6/12 -> 0.0032478473 | K28: ='Apr 26 Int'!G6/12 -> 0.0032881057 | L28: ='May 26 Int'!G6/12 -> 0.0032559205 | M28: ='Jun 26 Int'!G6/12 -> 0.0032609388 | N28: ='Jul 26 Int'!G6/12 -> 0.0032456048
A29: Interest Revenue (Expense) | C29: =(C26+B33)*C28 -> 47639.048 | D29: =(D26+C33)*D28 -> 46128.893 | E29: =(E26+D33)*E28 -> 43547.916 | F29: =(F26+E33)*F28 -> 41759.895 | G29: =(G26+F33)*G28 -> 40540.796 | H29: =(H26+G33)*H28 -> 40433.115 | I29: =(I26+H33)*I28 -> 31315.886 | J29: =(J26+I33)*J28 -> 29110.43 | ... N29: =(N26+M33)*N28 -> 17598.483
A31: Reclass AP6 to AP7 | H31: =-'Monthly Cost Tracker 6'!H31 -> -2103867.5
A33: ROUR - Under/(Over) with Interest | B33: 12513626 | C33: =C26+C29+B33 -> 12561266 | D33: =D26+D29+C33 -> 12607394 | E33: =E26+E29+D33 -> 12650942 | F33: =F26+F29+E33 -> 12692702 | G33: =G26+G29+F33 -> 12733243 | H33: =H26+H29+G33+H31 -> 10669809 | I33: =I26+I29+H33 -> 9841877.1 | J33: =J26+J29+I33 -> 8992102.6 | K33: =K26+K29+J33 -> 8218911.6 | L33: =L26+L29+K33 -> 7475403.3 | M33: =M26+M29+L33 -> 6559313.6 | N33: =N26+N29+M33 -> 5439849.2

Sheet Monthly Cost Tracker 8
A1: Ameren Missouri
A2: RESRAM Monthly Accounting
A3: Accumulation Period 8
B4: ='Monthly Cost Tracker 6'!C4 -> 45870 | C4: ='Monthly Cost Tracker 6'!D4 -> 45901 | D4: ='Monthly Cost Tracker 6'!E4 -> 45931 | E4: ='Monthly Cost Tracker 6'!F4 -> 45962 | F4: ='Monthly Cost Tracker 6'!G4 -> 45992 | G4: ='Monthly Cost Tracker 6'!H4 -> 46023 | H4: ='Monthly Cost Tracker 6'!I4 -> 46054 | I4: ='Monthly Cost Tracker 6'!J4 -> 46082 | ... M4: ='Monthly Cost Tracker 6'!N4 -> 46204
A5: Actual RES Costs (ARC)
A6: Wind REC Costs - 5553RW/557RWD | B6: 94608.86 | C6: 81405.02 | D6: 283050.68 | E6: 92189.46 | F6: 486018.52 | G6: 11557.55 | H6: 7873.04 | I6: 1416593 | J6: 46100.85 | K6: 12462.35 | L6: 17882.8 | M6: 329299.79
A7: Solar REC Costs - 5553RC/557RCS | B7: 2906.74 | C7: 5315.05 | D7: 7075.1 | E7: 3035.65 | F7: 39874.76 | G7: 409.07 | H7: 252.58 | I7: 670.23 | J7: 6543.53 | K7: 1913.86 | L7: 7621.02 | M7: 3732.01
A8: Biomass REC Costs - 5553RB/557RBM | B8: 0 | C8: 0 | D8: 0 | E8: 0 | F8: 0 | G8: 0 | H8: 0 | I8: 0 | J8: 0 | K8: 12308.21 | L8: 2746.25 | M8: 3137.3
A9: Hydro REC Costs - 5553RH/557RH2 | B9: 0 | C9: 0 | D9: 0 | E9: 0 | F9: 0 | G9: 0 | H9: 0 | I9: 0 | J9: 0 | K9: 0 | L9: 0 | M9: 0
A10: Non Customer Solar REC Costs - 5553RP/557RPS | B10: 0 | C10: 0 | D10: 0 | E10: 0 | F10: 0 | G10: 0 | H10: 0 | I10: 0 | J10: 0 | K10: 0 | L10: 0 | M10: 0
A11: Solar Rebate Processing Costs - 557SRP | B11: 0 | C11: 0 | D11: 0 | E11: 0 | F11: 0 | G11: 0 | H11: 0 | I11: 0 | J11: 0 | K11: 0 | L11: 0 | M11: 0
A12: Rider SR Solar Rebates - 908SR2 | B12: 0 | C12: 0 | D12: 0 | E12: 0 | F12: 0 | G12: 0 | H12: 0 | I12: 0 | J12: 0 | K12: 0 | L12: 0 | M12: 0
A13: Other Misc Revenues - 456001 | B13: 0 | C13: 0 | D13: 0 | E13: 0 | F13: 0 | G13: 0 | H13: 0 | I13: 0 | J13: -1200000 | K13: -4182506.7 | L13: 0 | M13: 0
A14: Production Tax Credit Benefit - 409 - 411 | B14: -14798674 | C14: -10821620 | D14: 1046489.2 | E14: -2375288.4 | F14: -2889753.4 | G14: -3549272.8 | H14: -3522225.2 | I14: -1492946.2 | J14: 728680.5 | K14: -787335.62 | L14: -17696948 | M14: -18148297
A15: Net OSSR/Purchased Power portion - 447 & 555 | B15: -7758623.7 | C15: -1377950.8 | D15: -1583900.6 | E15: -3825576.6 | F15: -4581872.3 | G15: -11353442 | H15: -4998471.7 | I15: -5797047.5 | J15: -4022670 | K15: -3241973.8 | L15: -7210605.9 | M15: -9585315.2
A16: Return on Plant Assets | B16: 8507831.3 | C16: 8499539.3 | D16: 8491256.3 | E16: 8483414.3 | F16: 8476673.3 | G16: 8470687.3 | H16: 8464179.3 | I16: 8457146.3 | J16: 8450413.3 | K16: 8443605.3 | L16: 8439619.3 | M16: 8435594.3
A17: Depreciation Expense | B17: 4554620.6 | C17: 4554646.6 | D17: 4554676.6 | E17: 4554978.6 | F17: 4555811.6 | G17: 4556333.6 | H17: 4560619.6 | I17: 4556904.6 | J17: 4557128.6 | K17: 4557264.6 | L17: 4558583.6 | M17: 4559941.6
... A20: Property Taxes | B20: 791666.67 | C20: 791666.67 | D20: 791666.67 | E20: 791666.67 | F20: 1145467.7 | G20: 820833.33 | H20: 820833.33 | I20: 820833.33 | J20: 820833.33 | K20: 820833.33 | L20: 1020833.3 | M20: 854166.67
A21: ARC Total | B21: =SUM(B6:B20) -> -7549112.9 | C21: =SUM(C6:C20) -> 3638598.7 | D21: =SUM(D6:D20) -> 16218257 | E21: =SUM(E6:E20) -> 9359907.4 | F21: =SUM(F6:F20) -> 11719575 | G21: =SUM(G6:G20) -> 2519245.3 | H21: =SUM(H6:H20) -> 6711441.8 | I21: =SUM(I6:I20) -> 11091283 | ... M21: =SUM(M6:M20) -> -11606642
A23: ROUR+True-Up Amortization | B23: 0 | C23: 0 | D23: 0 | E23: 0 | F23: 0 | G23: 0 | H23: 0 | I23: 0 | J23: 0 | K23: 0 | L23: 0 | M23: 0
A24: RESRAM Base Amount (RBA) | B24: 0 | C24: 0 | D24: 0 | E24: 0 | F24: 0 | G24: 0 | H24: 4399180.3 | I24: 4399180.3 | J24: 4399180.3 | K24: 4399180.3 | L24: 4399180.3 | M24: 4399180.3
A25: Monthly Base Amount (MBA) | B25: ='ER-2024-0319'!$C$52 -> 198408.62 | C25: ='ER-2024-0319'!$C$52 -> 198408.62 | D25: ='ER-2024-0319'!$C$52 -> 198408.62 | E25: ='ER-2024-0319'!$C$52 -> 198408.62 | F25: ='ER-2024-0319'!$C$52 -> 198408.62 | G25: ='ER-2024-0319'!$C$52 -> 198408.62 | H25: ='ER-2024-0319'!$C$52 -> 198408.62 | I25: ='ER-2024-0319'!$C$52 -> 198408.62 | ... M25: ='ER-2024-0319'!$C$52 -> 198408.62
A26: RCR (RES Costs Recovered) | B26: =+B24+B25 -> 198408.62 | C26: =+C24+C25 -> 198408.62 | D26: =+D24+D25 -> 198408.62 | E26: =+E24+E25 -> 198408.62 | F26: =+F24+F25 -> 198408.62 | G26: =+G24+G25 -> 198408.62 | H26: =+H24+H25 -> 4597589 | I26: =+I24+I25 -> 4597589 | ... M26: =+M24+M25 -> 4597589
A27: Monthly Under/(Over) - RCR-ARC | B27: =-B26+B21 -> -7747521.6 | C27: =-C26+C21 -> 3440190 | D27: =-D26+D21 -> 16019849 | E27: =-E26+E21 -> 9161498.8 | F27: =-F26+F21 -> 11521166 | G27: =-G26+G21 -> 2320836.6 | H27: =-H26+H21 -> 2113852.9 | I27: =-I26+I21 -> 6493693.6 | ... M27: =-M26+M21 -> -16204231
A29: Interest % | B29: =+'Aug 25 Int'!G6/12 -> 0.0038069738 | C29: =+'Sept 25 Int'!G6/12 -> 0.0036723126 | D29: =+'Oct 25 Int'!G6/12 -> 0.0034541567 | E29: ='Nov 25 Int'!G6/12 -> 0.0033009316 | F29: ='Dec 25 Int'!G6/12 -> 0.0031940241 | G29: ='Jan 26 Int'!G6/12 -> 0.003175398 | H29: ='Feb 26 Int'!G6/12 -> 0.0031920586 | I29: ='Mar 26 Int'!G6/12 -> 0.0032478473 | J29: ='Apr 26 Int'!G6/12 -> 0.0032881057 | K29: ='May 26 Int'!G6/12 -> 0.0032559205 | L29: ='Jun 26 Int'!G6/12 -> 0.0032609388 | M29: ='Jul 26 Int'!G6/12 -> 0.0032456048
A30: Interest Revenue (Expense) | B30: =(B27)*B29 -> -29494.612 | C30: =(C27+B32)*C29 -> -15926.181 | D30: =(D27+C32)*D29 -> 40299.978 | E30: =(E27+D32)*E29 -> 68886.795 | F30: =(F27+E32)*F29 -> 103674.66 | G30: =(G27+F32)*G29 -> 110768.87 | H30: =(H27+G32)*H29 -> 118451.17 | I30: =(I27+H32)*I29 -> 141996.62 | J30: =(J27+I32)*J29 -> 168898.15 | ... M30: =(M27+L32)*M29 -> 83374.169
A32: ROUR - Under/(Over) with Interest | B32: =B27+B30 -> -7777016.2 | C32: =C27+C30+B32 -> -4352752.3 | D32: =D27+D30+C32 -> 11707396 | E32: =E27+E30+D32 -> 20937782 | F32: =F27+F30+E32 -> 32562623 | G32: =G27+G30+F32 -> 34994228 | H32: =H27+H30+G32 -> 37226532 | I32: =I27+I30+H32 -> 43862223 | J32: =J27+J30+I32 -> 51535297 | ... M32: =M27+M30+L32 -> 25771705

Sheet True-Up
A1: Ameren Missouri
A2: Rider RESRAM
A3: Accumulation Period 8
A4: True-Up Calculation
A7: Month | B7: Billed RESRAM ROUR & True-Up Revenues | C7: Revenue Authorized for Collection | D7: Projected RESRAM Billed kWh | E7: Final ROUR & True-Up RESRAM Rate | G7: Calculated Projected RESRAM Revenues | H7: (Over)/Under Difference between Billed/Authorized and Projected
A8: 45870 | B8: =-'Monthly Cost Tracker 6'!C22 -> 4259034.2 | D8: 2.8848734e+09 | E8: 0.0013255807 | F8: 1 | G8: =D8*E8 -> 3824132.4 | H8: =G8-B8 -> -434901.74
A9: 45901 | B9: =-'Monthly Cost Tracker 6'!D22 -> 3694536.4 | D9: 2.3601028e+09 | E9: =E8 -> 0.0013255807 | F9: 1 | G9: =D9*E9 -> 3128506.7 | H9: =G9-B9 -> -566029.71
A10: 45931 | B10: =-'Monthly Cost Tracker 6'!E22 -> 3327373.2 | D10: 2.1613222e+09 | E10: =E8 -> 0.0013255807 | F10: 1 | G10: =D10*E10 -> 2865007 | H10: =G10-B10 -> -462366.29
A11: 45962 | B11: =-'Monthly Cost Tracker 6'!F22 -> 2831572.2 | D11: 2.31773e+09 | E11: =E8 -> 0.0013255807 | F11: 1 | G11: =D11*E11 -> 3072338.2 | H11: =G11-B11 -> 240765.96
A12: 45992 | B12: =-'Monthly Cost Tracker 6'!G22 -> 3566350.1 | D12: 2.7688581e+09 | E12: =E8 -> 0.0013255807 | F12: 1 | G12: =D12*E12 -> 3670344.8 | H12: =G12-B12 -> 103994.69
A13: 46023 | B13: =-'Monthly Cost Tracker 6'!H22 -> 4025474.5 | D13: 2.9432768e+09 | E13: =E8 -> 0.0013255807 | F13: 1 | G13: =D13*E13 -> 3901550.9 | H13: =G13-B13 -> -123923.64
A14: 46054 | B14: =-'Monthly Cost Tracker 7'!I22 -> 859247.42 | D14: 2.5894516e+09 | E14: 0.00037032195 | F14: 2 | G14: =D14*E14 -> 958930.78 | H14: =G14-B14 -> 99683.357
A15: 46082 | B15: =-'Monthly Cost Tracker 7'!J22 -> 878884.91 | D15: 2.4837464e+09 | E15: =E14 -> 0.00037032195 | F15: 2 | G15: =D15*E15 -> 919785.8 | H15: =G15-B15 -> 40900.893
A16: 46113 | B16: =-'Monthly Cost Tracker 7'!K22 -> 800127.04 | D16: 2.1575147e+09 | E16: =E14 -> 0.00037032195 | F16: 2 | G16: =D16*E16 -> 798975.06 | H16: =G16-B16 -> -1151.9839
A17: 46143 | B17: =-'Monthly Cost Tracker 7'!L22 -> 767768.63 | D17: 2.3148441e+09 | E17: =E14 -> 0.00037032195 | F17: 2 | G17: =D17*E17 -> 857237.59 | H17: =G17-B17 -> 89468.962
A18: 46174 | B18: =-'Monthly Cost Tracker 7'!M22 -> 937409.71 | D18: 2.7035813e+09 | E18: =E14 -> 0.00037032195 | F18: 2 | G18: =D18*E18 -> 1001195.5 | H18: =G18-B18 -> 63785.806
A19: 46204 | B19: =-'Monthly Cost Tracker 7'!N22 -> 1137062.9 | D19: 3.0756306e+09 | E19: =E14 -> 0.00037032195 | F19: 2 | G19: =D19*E19 -> 1138973.5 | H19: =G19-B19 -> 1910.6714
A20: 46235 | C20: =D20*E20 -> 1112272.6 | D20: 3.0035286e+09 | E20: =E14 -> 0.00037032195 | F20: 2 | G20: =D20*E20 -> 1112272.6 | H20: =G20-C20 -> 0
A21: 46266 | C21: =D21*E21 -> 917839.33 | D21: 2.4784902e+09 | E21: =E14 -> 0.00037032195 | F21: 2 | G21: =D21*E21 -> 917839.33 | H21: =G21-C21 -> 0
A22: 46296 | C22: =D22*E22 -> 819335.09 | D22: 2.212494e+09 | E22: =E14 -> 0.00037032195 | F22: 2 | G22: =D22*E22 -> 819335.09 | H22: =G22-C22 -> 0
A23: 46327 | C23: =D23*E23 -> 862279.17 | D23: 2.3284581e+09 | E23: =E14 -> 0.00037032195 | F23: 2 | G23: =D23*E23 -> 862279.17 | H23: =G23-C23 -> 0
A24: 46357 | C24: =D24*E24 -> 1016065.3 | D24: 2.7437349e+09 | E24: =E14 -> 0.00037032195 | F24: 2 | G24: =D24*E24 -> 1016065.3 | H24: =G24-C24 -> 0
A25: 46388 | C25: =D25*E25 -> 1102921.6 | D25: 2.9782777e+09 | E25: =E14 -> 0.00037032195 | F25: 2 | G25: =D25*E25 -> 1102921.6 | H25: =G25-C25 -> 0
A27: Total | B27: =SUM(B8:B26) -> 27084841 | C27: =SUM(C14:C26) -> 5830713.1 | D27: =SUM(D8:D26) -> 4.6505916e+10 | G27: =SUM(G8:G26) -> 31967691 | H27: =SUM(H8:H26) -> -947863.02
A29: 1 This rate is calculated by taking Factors ROUR and T divided by Factor SRP from the AP 6 filing
A30: 2 This rate is calculated by taking Factors ROUR and T divided by Factor SRP from the AP 7 filing

Sheet Rate Schedule
A1: Ameren Missouri
A2: Rider RESRAM
A3: Accumulation Period 8
A4: Rate Calcuation for Recovery Period 8
C6: August 2025 - July 2026
A9: 1 | B9: Actual RES Costs Incurred in Accumulation Period (ARC) | C9: =SUM('Monthly Cost Tracker 8'!B21:M21) -> 53443106
A10: 2 | B10: RES Expenses Recovered in Accumulation Period (RCR) | C10: =SUM('Monthly Cost Tracker 8'!B26:M26) -> 28775986
A11: 3 | B11: RES Over/Under Recovery (ROUR) | C11: =C12+C13 -> 26328704
A12: 3.1 | B12: Interest | C12: =SUM('Monthly Cost Tracker 8'!B30:M30)+SUM('Monthly Cost Tracker 7'!C29:N29)+SUM('Monthly Cost Tracker 6'!C29:N29) -> 1661583
A13: 3.2 | B13: (Over)/Under Recovered Costs | C13: =C9-C10 -> 24667121
A14: 4 | B14: RES Revenue Requirement (RRR) | C14: =+RRR!D12 -> 51062203
A15: 5 | B15: True-Up (T) | C15: ='True-Up'!H27 -> -947863.02
A16: 6 | B16: Ordered Adjustment (OA) | C16: 0
A17: 7 | B17: Total RESRAM Recoveries (TRR) | C17: =SUM(C14:C16)+C11 -> 76443044
A18: 8 | B18: Estimated Recovery Period Sales (kWh) (SRP) | C18: =SUM(SRP!P2:P13) -> 32742357800
A19: 9 | B19: TRR Rate | C19: =C17/C18 -> 0.0023346835
A20: 10 | B20: Required Offset Amount | C20: 0
A21: 11 | B21: RESRAM Rate | C21: =+C19+C20 -> 0.0023346835

Sheet RRR
A1: Ameren Missouri
A2: Rider RESRAM
A3: Accumulation Period 8
A4: RESRAM Revenue Requirement (RRR) for Recovery Period 8
B7: Annual ARC Total | C7: Net base RESRAM Costs1 | D7: Calculated RRR
A8: REC Costs | B8: =SUM('Monthly Cost Tracker 8'!B6:M11) -> 2976583.3 | C8: ='ER-2024-0319'!B46 -> 2360853.5 | D8: =B8-C8 -> 615729.83
A9: Solar Rebates | B9: =SUM('Monthly Cost Tracker 8'!B12:M12) -> 0 | C9: ='ER-2024-0319'!B47 -> 1162320.5 | D9: =B9-C9 -> -1162320.5
A10: OSSR | B10: =SUM('Monthly Cost Tracker 8'!B15:M15) -> -65337450 | C10: ='ER-2024-0319'!B48 -> -87518749 | D10: =B10-C10 -> 22181299
A11: Capital Investments | B11: =SUM('Monthly Cost Tracker 8'!B13:M14)+SUM('Monthly Cost Tracker 8'!B16:M20) -> 1.1580397e+08 | C11: =SUM('ER-2024-0319'!B49:B51) -> 86376478 | D11: =B11-C11 -> 29427494
A12: RRR for RP 8 | B12: =+B9+B8+B10+B11 -> 53443106 | C12: =+C9+C8+C10+C11 -> 2380903.5 | D12: =+D9+D8+D11+D10 -> 51062203
A15: 1 Taken from the "ER-2024-0319" tab detailing the RESRAM Base Amount/MBA.

Sheet ER-2024-0319
A1: Ameren Missouri
A2: ER-2024-0319
A3: Renewable Energy Standard Rate Adjustment Mechanism Base Cost (RESRAM)
A4: 12 Months Ended March 31, 2024 With True-Up Through December 31, 2024 Compared to ER-2022-0337
B6: Total | C6: ER-2022-0337 | D6: Difference
A7: Costs & Expenses
A9: Plant Related Costs
A10: Depreciation High Prairie & Atchison - Acct 403 | B10: 54669547 | C10: 42118036 | D10: =B10-C10 -> 12551511
A11: Property Taxes - Acct 408 | B11: 9325157 | C11: 9062854 | D11: =B11-C11 -> 262303
A12: Non-Labor O&M High Prairie - Acct 546-554 | B12: 8539629.1 | C12: 8902453 | D12: =B12-C12 -> -362823.88
A13: Non-Labor O&M Atchison - Acct 546-554 | B13: 7106850.6 | C13: 8497699.8 | D13: =B13-C13 -> -1390849.2
A14: Non-Labor O&M Huck Finn - Acct 546-554 | B14: 1634929.6 | C14: 0 | D14: =B14-C14 -> 1634929.6
A15: Property Insurance - Acct 924 | B15: 1231047.7 | C15: 406858.05 | D15: =B15-C15 -> 824189.65
A16: Return on Plant | B16: 1.0286225e+08 | C16: 85823709 | D16: =B16-C16 -> 17038542
A17: Total Plant Related Costs | B17: =SUM(B10:B16) -> 1.8536941e+08 | C17: =SUM(C10:C16) -> 1.5481161e+08 | D17: =SUM(D10:D16) -> 30557802
A19: Transmission Related Costs
A20: FSA Agreements - Acct 565 | B20: 1951595.6 | C20: 1913366 | D20: =B20-C20 -> 38229.564
A21: Total Transmission Related Costs | B21: =SUM(B20) -> 1951595.6 | C21: =SUM(C20) -> 1913366 | D21: =SUM(D20) -> 38229.564
A23: Other Costs
A24: REC Costs Acct 509/557 | B24: 2360853.5 | C24: 1468550 | D24: =B24-C24 -> 892303.5
A25: Ancillary Expenses Acct 555 | B25: 1193.34 | C25: 5956.65 | D25: =B25-C25 -> -4763.31
A26: MISO & SPP Day 2 Expenses - Acct 555 | B26: 423448.3 | C26: 3264672.5 | D26: =B26-C26 -> -2841224.2
A27: Solar Rebates - Acct 908 | B27: 1162320.5 | C27: 3947364.8 | D27: =B27-C27 -> -2785044.2
A28: Total Other Costs | B28: =SUM(B24:B27) -> 3947815.6 | C28: =SUM(C24:C27) -> 8686543.9 | D28: =SUM(D24:D27) -> -4738728.2
A30: Revenues & Credits
A32: Production Tax Credits - Acct 409 | B32: -1.0094453e+08 | C32: -74164650 | D32: =B32-C32 -> -26779880
A33: Off System Energy Sales - Acct 447 | B33: -77554825 | C33: -79909270 | D33: =B33-C33 -> 2354444.4
A34: Capacity Sales - Acct 447 | B34: -10350493 | C34: -1107285.9 | D34: =B34-C34 -> -9243207.5
A35: Ancillary Services Revenue - Acct 447 | B35: -20919.23 | C35: -8753.47 | D35: =B35-C35 -> -12165.76
A36: MISO & SPP Day 2 Revenue - Acct 447 | B36: -17152.69 | C36: -3015666.1 | D36: =B36-C36 -> 2998513.4
A37: Total Revenues & Credits | B37: =SUM(B32:B36) -> -1.8888792e+08 | C37: =SUM(C32:C36) -> -1.5820563e+08 | D37: =SUM(D32:D36) -> -30682295
A40: Net Base RESRAM Costs | B40: =B17+B21+B28+B37 -> 2380903.5 | C40: =C17+C21+C28+C37 -> 7205894.8 | D40: =D17+D21+D28+D37 -> -4824991.3
H43: ER-2022-0377
A44: Allocations for RESRAM entry | B44: Annual Total | C44: Monthly Total | D44: Under-recovery | E44: Under FSLI | F44: Over-recovery | G44: Over FSLI | H44: Monthly Total
A45: MBA pieces
A46: REC Costs | B46: =+B24 -> 2360853.5 | C46: =B46/12 -> 196737.79 | D46: 4074RM | E46: Purchased Power | F46: 4073RV | G46: Other Misc Electric Revenues | H46: 122379.16
A47: Solar Rebates | B47: =+B27 -> 1162320.5 | C47: =B47/12 -> 96860.042 | D47: 4074RR | E47: O&M Expense | F47: 4073RV | G47: Other Misc Electric Revenues | H47: 328947.06
A48: OSSR | B48: =+SUM(B33:B36,B25:B26) -> -87518749 | C48: =B48/12 -> -7293229.1 | D48: 4074RO | E48: Other Interchange and Wholesale Billed Revenue | F48: 4073RO | G48: Other Interchange and Wholesale Billed Revenue | H48: -6730862.2
A49: Return-Debt | B49: =+B16*0.5 -> 51431126 | C49: =B49/12 -> 4285927.1 | D49: 431RRM | E49: Interest Charges | F49: 431RRM | G49: Interest Charges | H49: 3575987.9
A50: Return-Equity | B50: =+B16*0.5 -> 51431126 | C50: =B50/12 -> 4285927.1 | D50: 182RQx | E50: Regulatory Asset | F50: 254RQ4 | G50: Regulatory Liability | H50: 3575987.9
A51: Remaining Plant | B51: =+SUM(B10:B15,B20,B32) -> -16485773 | C51: =B51/12 -> -1373814.4 | D51: 4074RE | E51: Depreciation & Amortization | F51: 4073RV | G51: Other Misc Electric Revenues | H51: -271948.6
B52: =SUM(B46:B51) -> 2380903.5 | C52: =SUM(C46:C51) -> 198408.62 | H52: 600491.23
A54: Depreciation for Plant Additions In-Service as of 12/31/2024
A55: Return on Plant | B55: =+B16 -> 1.0286225e+08 | C55: =B55/12 -> 8571854.3
A56: Depreciation Expense | B56: =+B10 -> 54669547 | C56: =B56/12 -> 4555795.6
B57: =SUM(B55:B56) -> 1.575318e+08 | C57: =SUM(C55:C56) -> 13127650

Sheet SRP
A1: Year | B1: Month | C1: RES | D1: COMSGS | E1: COMLGS | F1: COMSPS | G1: COMLPS | H1: INDSGS | I1: INDLGS | J1: INDSPS | K1: INDLPS | L1: LLT | M1: LIGHTING | N1: TOTAL Retail | P1: Total KWh
A2: 2027 | B2: 2 | C2: 1347842 | D2: 275682 | E2: 543314 | F2: 192530 | G2: 129319 | H2: 7367 | I2: 56464 | J2: 90108 | K2: 166526 | L2: 913.6 | M2: 913.6 | N2: 2821337.6 | P2: =+N2*1000 -> 2821337600
A3: 2027 | B3: 3 | C3: 1092874 | D3: 245495 | E3: 513210 | F3: 187546 | G3: 130881 | H3: 6311 | I3: 54108 | J3: 90675 | K3: 165689 | L3: 1012 | M3: 1012 | N3: 2498388 | P3: =+N3*1000 -> 2498388000
A4: 2027 | B4: 4 | C4: 851468 | D4: 217054 | E4: 486709 | F4: 185373 | G4: 136195 | H4: 5621 | I4: 56479 | J4: 90057 | K4: 178164 | L4: 979.2 | M4: 979.2 | N4: 2217854.2 | P4: =+N4*1000 -> 2217854200
A5: 2027 | B5: 5 | C5: 754841 | D5: 207933 | E5: 493326 | F5: 193977 | G5: 143386 | H5: 5068 | I5: 53054 | J5: 92423 | K5: 189325 | L5: 1012 | M5: 1012 | N5: 2143530 | P5: =+N5*1000 -> 2143530000
A6: 2027 | B6: 6 | C6: 1002377 | D6: 250780 | E6: 566808 | F6: 207930 | G6: 160829 | H6: 5834 | I6: 56387 | J6: 96340 | K6: 195258 | L6: 38923.2 | M6: 38923.2 | N6: 2590468.2 | P6: =+N6*1000 -> 2590468200
A7: 2027 | B7: 7 | C7: 1353969 | D7: 297144 | E7: 639017 | F7: 231446 | G7: 169724 | H7: 7144 | I7: 63225 | J7: 101218 | K7: 202864 | L7: 76393.2 | M7: 76393.2 | N7: 3150462.2 | P7: =+N7*1000 -> 3150462200
A8: 2027 | B8: 8 | C8: 1334827 | D8: 292436 | E8: 632910 | F8: 229868 | G8: 165065 | H8: 7110 | I8: 63306 | J8: 100233 | K8: 205644 | L8: 76393.2 | M8: 76393.2 | N8: 3115712.2 | P8: =+N8*1000 -> 3115712200
A9: 2027 | B9: 9 | C9: 1181553 | D9: 279099 | E9: 625506 | F9: 222728 | G9: 164531 | H9: 6713 | I9: 62166 | J9: 98155 | K9: 193570 | L9: 115545.6 | M9: 115545.6 | N9: 2957101.6 | P9: =+N9*1000 -> 2957101600
A10: 2027 | B10: 10 | C10: 893386 | D10: 239033 | E10: 558294 | F10: 208199 | G10: 153774 | H10: 6561 | I10: 56538 | J10: 95687 | K10: 190716 | L10: 133310.2 | M10: 133310.2 | N10: 2543527.2 | P10: =+N10*1000 -> 2543527200
A11: 2027 | B11: 11 | C11: 824619 | D11: 215527 | E11: 503148 | F11: 186834 | G11: 139323 | H11: 7311 | I11: 56549 | J11: 89306 | K11: 182031 | L11: 249573.6 | M11: 249573.6 | N11: 2462913.6 | P11: =+N11*1000 -> 2462913600
A12: 2027 | B12: 12 | C12: 1141515 | D12: 253163 | E12: 535718 | F12: 191992 | G12: 138286 | H12: 8173 | I12: 56468 | J12: 91322 | K12: 178423 | L12: 281924.6 | M12: 281924.6 | N12: 2886274.6 | P12: =+N12*1000 -> 2886274600
A13: 2028 | B13: 1 | C13: 1445888 | D13: 290164 | E13: 580969 | F13: 202871 | G13: 146908 | H13: 8367 | I13: 54743 | J13: 92490 | K13: 187966 | L13: 334033.4 | M13: 334033.4 | N13: 3354788.4 | P13: =+N13*1000 -> 3354788400

Sheet WACC
A1: AMEREN MISSOURI
A2: COST OF CAPITAL SUMMARY
A3: PRO FORMA
A4: 45657
A5: CONFIDENTIAL
A7: input 08/02/05 | E7: Pro Forma
E8: Proportion | G8: Cost of
A9: Type of Capital | E9: of Total | G9: Each Type | I9: Cost
A12: Long Term Debt | C12: 7238795443 | E12: =C12/C20 -> 0.47505574 | G12: 0.04364 | I12: =ROUND(E12*G12,5)+0.001% -> 0.02074
A14: Short Term Debt | C14: 0 | E14: =+C14/C20 -> 0 | G14: 0 | I14: =ROUND(E14*G14,5) -> 0
A16: Preferred Stock | C16: 81827509 | E16: =C16/C20 -> 0.0053700409 | G16: 0.0418 | I16: =ROUND(E16*G16,5) -> 0.00022
A18: Common Equity | C18: 7917158442 | E18: =C18/C20 -> 0.51957422 | G18: 0.095 | I18: =ROUND(E18*G18,5) -> 0.04936
A20: TOTAL | C20: =SUM(C12:C18) -> 15237781394 | E20: =SUM(E12:E18) -> 1 | I20: =SUM(I12:I18) -> 0.07032
A23: Tax Weighted Rate of Return
A25: Tax Multiplier (1/1-tax rate) (1) | I25: =1/I39 -> 1.3101399
A26: Weighted Cost of Equity and Preferred Stock | I26: =I16+I18 -> 0.04958
A27: Tax weighted Cost of Equity (Including Preferred Stock) | I27: =I26*I25 -> 0.064956738
A28: Weighted Cost of Debt | I28: =I12+I14 -> 0.02074
A30: Tax Weighted Rate of Return | I30: =I27+I28 -> 0.085696738
A33: (1) Tax Rate
A34: Total Current Income Tax | I34: 64387527
A35: Divide by Net Taxable Income | H35: ÷ | I35: 6.5292321e+08
A37: Tax Rate | I37: 0.23672276
A39: 1 - Tax Rate | I39: =1-I37 -> 0.76327724

Sheet Rate Base
A1: PLANT IN-SERVICE ACCOUNTING
A2: RESRAM-eligible capital investments
A4: Qualifying electric plant | B4: 45900 | C4: 45930 | D4: 45961 | E4: 45991 | F4: 46022 | G4: 46053 | H4: 46081 | I4: 46112 | J4: 46142 | K4: 46173 | L4: 46203 | M4: 46234
A5: Electric plant placed in-service | B5: -449645.74 | C5: -368613.79 | D5: -334094.16 | E5: 880360.24 | F5: 3080018.2 | G5: 3158893.6 | H5: 3171337.6 | I5: 3597013.8 | J5: 3853913.8 | K5: 3859548 | L5: 9781436.6 | M5: 9762305.3
A6: Less: New Business | B6: 0 | C6: 0 | D6: 0 | E6: 0 | F6: 0 | G6: 0 | H6: 0 | I6: 0 | J6: 0 | K6: 0 | L6: 0 | M6: 0
A7: Total qualifying electric plant | B7: =SUM(B5:B6) -> -449645.74 | C7: =SUM(C5:C6) -> -368613.79 | D7: =SUM(D5:D6) -> -334094.16 | E7: =SUM(E5:E6) -> 880360.24 | F7: =SUM(F5:F6) -> 3080018.2 | G7: =SUM(G5:G6) -> 3158893.6 | H7: =SUM(H5:H6) -> 3171337.6 | I7: =SUM(I5:I6) -> 3597013.8 | ... M7: =SUM(M5:M6) -> 9762305.3
A8: Less: Assets depreciated to clearing accounts | B8: 15204.29 | C8: 15012.57 | D8: 14972.15 | E8: 14972.15 | F8: 14972.15 | G8: 5365.04 | H8: 4808.23 | I8: 4718.4 | J8: 2667.91 | K8: 15249.69 | L8: 15249.69 | M8: 15342.67
A9: Less: Retirements of plant related to in-service additions | B9: 0 | C9: 0 | D9: 0 | E9: 0 | F9: 0 | G9: 0 | H9: 0 | I9: 0 | J9: 0 | K9: 0 | L9: 0 | M9: -24404.86
A10: Total Plant for Deferred Depreciation | B10: =SUM(B7:B9) -> -434441.45 | C10: =SUM(C7:C9) -> -353601.22 | D10: =SUM(D7:D9) -> -319122.01 | E10: =SUM(E7:E9) -> 895332.39 | F10: =SUM(F7:F9) -> 3094990.4 | G10: =SUM(G7:G9) -> 3164258.6 | H10: =SUM(H7:H9) -> 3176145.9 | I10: =SUM(I7:I9) -> 3601732.2 | ... M10: =SUM(M7:M9) -> 9753243.1
A11: Cumulative Depreciation | B11: 74619.81 | C11: 70144.66 | D11: 65871.24 | E11: 63612.82 | F11: 66903.45 | G11: 73673.81 | H11: 80353.11 | I11: 87746.22 | J11: 96632.79 | K11: 106429.06 | L11: 125014.32 | M11: 152651.49
A13: Incremental rate base
A14: Total qualifying electric plant (from above) | B14: -449645.74 | C14: -368613.79 | D14: -334094.16 | E14: 880360.24 | F14: 3080018.2 | G14: 3158893.6 | H14: 3171337.6 | I14: 3597013.8 | J14: 3853913.8 | K14: 3859548 | L14: 9781436.6 | M14: 9762305.3
A15: Less: Change in accumulated depreciation | B15: -36465603 | C15: -41009323 | D15: -45553246 | E15: -50099184 | F15: -54650671 | G15: -59205658 | H15: -63760575 | I15: -68316208 | J15: -72873339 | K15: -77431357 | L15: -81998137 | M15: -86573969
A16: Less: Marginal increase in ADIT | B16: -26736785 | C16: -29984981 | D16: -33230991 | E16: -36783330 | F16: -40134130 | G16: -41132943 | H16: -43265089 | I16: -45592980 | J16: -47403247 | K16: -49452716 | L16: -51649391 | M16: -53726269
A17: Qualifying electric plant rate base for cost of capital return | B17: =SUM(B14:B16) -> -63652034 | C17: =SUM(C14:C16) -> -71362918 | D17: =SUM(D14:D16) -> -79118331 | E17: =SUM(E14:E16) -> -86002154 | F17: =SUM(F14:F16) -> -91704783 | G17: =SUM(G14:G16) -> -97179708 | H17: =SUM(H14:H16) -> -1.0385433e+08 | I17: =SUM(I14:I16) -> -1.1031217e+08 | ... M17: =SUM(M14:M16) -> -1.3053793e+08

Sheet Aug 25 Int
A1: Ameren Missouri | EE1: Total (PAR CP) | EI1: Revolver | EN1: PAR CP | EO1: ACCRUED AFTER REPORT PERIOD | EP1: CP BALANCE | EQ1: TOTAL ST BALANCE
A2: MONTHLY SHORT-TERM BORROWING ANALYSIS | EB2: Amount Outstanding | EE2: =EB41 -> 287275000 | EI2: =EG40 -> 0 | EN2: =EK41 -> 287275000 | EO2: -103326.04 | EP2: =EN2+EO2 -> 2.8717167e+08 | EQ2: =EE2+EO2 -> 2.8717167e+08
A3: AUG 2025 | E3: TOTAL FOR MONTH | EB3: Avg Daily Borrowing | EE3: =AVERAGE(EB11:EB41) -> 3.030121e+08 | EI3: =AVERAGE(EG11:EG40) -> 0 | EN3: =AVERAGE(EK11:EK41) -> 3.030121e+08
E4: Amount Outstanding | G4: =EQ2 -> 2.8717167e+08 | AI4: ST Balance on GL | EB4: Weighted Average Rate | EE4: =IF(EE3=0,0,360*(AVERAGE(ED11:ED41)/EE3)) -> 0.045683686 | EI4: =IF(EI3=0,0,360*(AVERAGE(EH11:EH40)/EI3)) -> 0 | EN4: =IF(EN3=0,0,360*(AVERAGE(EM11:EM41)/EN3)) -> 0.045683686 | EO4: From US Bank Monthly Accrued Interest Report | EQ4: ST Balance on GL
E5: Avg Daily Borrowing | G5: =EE3 -> 3.030121e+08 | AI5: PAR CP | EB5: Peak Borrowing | EE5: =MAX(EB11:EB41) -> 404400000 | EI5: =MAX(EG11:EG40) -> 0 | EN5: =MAX(EK11:EK41) -> 404400000 | EO5: Negative Number
E6: Weighted Average Rate | G6: =EE4 -> 0.045683686
E7: Peak Borrowing | G7: =EE5 -> 404400000 | AI7: PAR CP | EB7: Total Borrowings | EG7: Total Revolver Borrowings | EK7: Total Commercial Paper Borrowings
AI8: PAR AMT USED FOR RATE CALC ONLY | AL8: PAR AMT USED FOR RATE CALC ONLY | AO8: PAR AMT USED FOR RATE CALC ONLY | AR8: PAR AMT USED FOR RATE CALC ONLY | AU8: PAR AMT USED FOR RATE CALC ONLY | AX8: PAR AMT USED FOR RATE CALC ONLY | BA8: PAR AMT USED FOR RATE CALC ONLY | BD8: PAR AMT USED FOR RATE CALC ONLY | BG8: PAR AMT USED FOR RATE CALC ONLY | BJ8: PAR AMT USED FOR RATE CALC ONLY | BM8: PAR AMT USED FOR RATE CALC ONLY | BP8: PAR AMT USED FOR RATE CALC ONLY | BS8: PAR AMT USED FOR RATE CALC ONLY | BV8: PAR AMT USED FOR RATE CALC ONLY | BY8: PAR AMT USED FOR RATE CALC ONLY | CB8: PAR AMT USED FOR RATE CALC ONLY | CE8: PAR AMT USED FOR RATE CALC ONLY | CH8: PAR AMT USED FOR RATE CALC ONLY | CK8: PAR AMT USED FOR RATE CALC ONLY | CN8: PAR AMT USED FOR RATE CALC ONLY | CQ8: PAR AMT USED FOR RATE CALC ONLY | CT8: PAR AMT USED FOR RATE CALC ONLY | CW8: PAR AMT USED FOR RATE CALC ONLY | CZ8: PAR AMT USED FOR RATE CALC ONLY | DC8: PAR AMT USED FOR RATE CALC ONLY | DF8: PAR AMT USED FOR RATE CALC ONLY | DI8: PAR AMT USED FOR RATE CALC ONLY | DL8: PAR AMT USED FOR RATE CALC ONLY | DO8: PAR AMT USED FOR RATE CALC ONLY | DR8: PAR AMT USED FOR RATE CALC ONLY | EE8: Weighted | EH8: Revolver | EI8: Weighted | EK8: PAR | EL8: NET | EM8: CP | EN8: Weighted
B9: Regulated Money Pool | E9: Non-Regulated Money Pool | H9: AMC Direct Loan | K9: AMC Subordinated Loan | N9: AMC Direct Loan (Notes Backed) | Q9: Revolver Loan 1 | T9: Revolver Loan 2 | W9: Revolver Loan 3 | Z9: Revolver Loan 4 | AC9: Revolver Loan 5 (ABR 365) | AF9: Revolver Loan 6 (ABR 365) | AI9: Commercial Paper 1 | AL9: Commercial Paper 2 | AO9: Commercial Paper 3 | AR9: Commercial Paper 4 | AU9: Commercial Paper 5 | AX9: Commercial Paper 6 | BA9: Commercial Paper 7 | BD9: Commercial Paper 8 | BG9: Commercial Paper 9 | BJ9: Commercial Paper 10 | BM9: Commercial Paper 11 | BP9: Commercial Paper 12 | BS9: Commercial Paper 13 | BV9: Commercial Paper 14 | BY9: Commercial Paper 15 | CB9: Commercial Paper 16 | CE9: Commercial Paper 17 | CH9: Commercial Paper 18 | CK9: Commercial Paper 19 | CN9: Commercial Paper 20 | CQ9: Commercial Paper 21 | CT9: Commercial Paper 22 | CW9: Commercial Paper 23 | CZ9: Commercial Paper 24 | DC9: Commercial Paper 25 | DF9: Commercial Paper 26 | DI9: Commercial Paper 27 | DL9: Commercial Paper 28 | DO9: Commercial Paper 29 | DR9: Commercial Paper 30 | DU9: Future Use 1 - Term Loan | DX9: TOTAL NET CP PROCEEDS | EB9: (PAR CP) | EC9: (NET CP) | ED9: Daily | EE9: Average | EG9: Revolvers | EH9: Daily | EI9: Average | EK9: CP | EL9: CP | EM9: Daily | EN9: Average
A10: Date | B10: Amount | C10: Rate | D10: Interest | E10: Amount | F10: Rate | G10: Interest | H10: Amount | I10: Rate | J10: Interest | K10: Amount | L10: Rate | M10: Interest | N10: Amount | O10: Rate | P10: Interest | Q10: Amount | R10: Rate | S10: Interest | T10: Amount | U10: Rate | V10: Interest | W10: Amount | X10: Rate | Y10: Interest | Z10: Amount | AA10: Rate | AB10: Interest | AC10: Amount | AD10: Rate | AE10: Interest | AF10: Amount | AG10: Rate | AH10: Interest | AI10: Amount | AJ10: Rate | AK10: Interest | AL10: Amount | AM10: Rate | AN10: Interest | AO10: Amount | AP10: Rate | AQ10: Interest | AR10: Amount | AS10: Rate | AT10: Interest | AU10: Amount | AV10: Rate | AW10: Interest | AX10: Amount | AY10: Rate | AZ10: Interest | BA10: Amount | BB10: Rate | BC10: Interest | BD10: Amount | BE10: Rate | BF10: Interest | BG10: Amount | BH10: Rate | BI10: Interest | BJ10: Amount | BK10: Rate | BL10: Interest | BM10: Amount | BN10: Rate | BO10: Interest | BP10: Amount | BQ10: Rate | BR10: Interest | BS10: Amount | BT10: Rate | BU10: Interest | BV10: Amount | BW10: Rate | BX10: Interest | BY10: Amount | BZ10: Rate | CA10: Interest | CB10: Amount | CC10: Rate | CD10: Interest | CE10: Amount | CF10: Rate | CG10: Interest | CH10: Amount | CI10: Rate | CJ10: Interest | CK10: Amount | CL10: Rate | CM10: Interest | CN10: Amount | CO10: Rate | CP10: Interest | CQ10: Amount | CR10: Rate | CS10: Interest | CT10: Amount | CU10: Rate | CV10: Interest | CW10: Amount | CX10: Rate | CY10: Interest | CZ10: Amount | DA10: Rate | DB10: Interest | DC10: Amount | DD10: Rate | DE10: Interest | DF10: Amount | DG10: Rate | DH10: Interest | DI10: Amount | DJ10: Rate | DK10: Interest | DL10: Amount | DM10: Rate | DN10: Interest | DO10: Amount | DP10: Rate | DQ10: Interest | DR10: Amount | DS10: Rate | DT10: Interest | DU10: Amount | DV10: Rate | DW10: Interest | DX10: Amount | EB10: Outstanding | EC10: Outstanding | ED10: Interest | EE10: Rate | EG10: Outstanding | EH10: Interest | EI10: Rate | EK10: Outstanding | EL10: Outstanding | EM10: Interest | EN10: Rate
A11: 45870 | B11: 0 | C11: 0.04593261 | D11: =(B11*C11)/360 -> 0 | G11: =(E11*F11)/360 -> 0 | J11: =(H11*I11)/360 -> 0 | M11: =(K11*L11)/360 -> 0 | P11: =(N11*O11)/360 -> 0 | S11: =(Q11*R11)/360 -> 0 | V11: =(T11*U11)/360 -> 0 | Y11: =(W11*X11)/360 -> 0 | AB11: =(Z11*AA11)/360 -> 0 | AE11: 0 | AH11: 0 | AI11: =60000000+65000000+42050000 -> 167050000 | AJ11: 0.0451 | AK11: =(AI11*AJ11)/360 -> 20927.653 | AL11: =33905000+66095000+40000000 -> 140000000 | AM11: 0.046 | AN11: =(AL11*AM11)/360 -> 17888.889 | AO11: =50000000+40000000 -> 90000000 | AP11: 0.0463 | AQ11: =(AO11*AP11)/360 -> 11575 | AT11: =(AR11*AS11)/360 -> 0 | AW11: =(AU11*AV11)/360 -> 0 | AZ11: =(AX11*AY11)/360 -> 0 | BC11: =(BA11*BB11)/360 -> 0 | BF11: =(BD11*BE11)/360 -> 0 | BI11: =(BG11*BH11)/360 -> 0 | BL11: =(BJ11*BK11)/360 -> 0 | BO11: =(BM11*BN11)/360 -> 0 | BR11: =(BP11*BQ11)/360 -> 0 | BU11: =(BS11*BT11)/360 -> 0 | BX11: =(BV11*BW11)/360 -> 0 | CA11: =(BY11*BZ11)/360 -> 0 | CD11: =(CB11*CC11)/360 -> 0 | CG11: =(CE11*CF11)/360 -> 0 | CJ11: =(CH11*CI11)/360 -> 0 | CM11: =(CK11*CL11)/360 -> 0 | CP11: =(CN11*CO11)/360 -> 0 | CS11: =(CQ11*CR11)/360 -> 0 | CV11: =(CT11*CU11)/360 -> 0 | CY11: =(CW11*CX11)/360 -> 0 | DB11: =(CZ11*DA11)/360 -> 0 | DE11: =(DC11*DD11)/360 -> 0 | DH11: =(DF11*DG11)/360 -> 0 | DK11: =(DI11*DJ11)/360 -> 0 | DN11: =(DL11*DM11)/360 -> 0 | DQ11: =(DO11*DP11)/360 -> 0 | DT11: =(DR11*DS11)/360 -> 0 | DW11: =(DU11*DV11)/360 -> 0 | EB11: =B11+E11+H11+K11+N11+Q11+T11+W11+Z11+AC11+AF11+AL11+AO11+AR11+AU11+AX11+BA11+BD11+BG11+DU11+AI11+DR11+DO11+DL11+DI11+DF11+DC11+CZ11+CW11+CT11+CQ11+CN11+CK11+CH11+CE11+CB11+BY11+BV11+BS11+BP11+BM11+BJ11 -> 397050000 | EC11: =EB11-EK11+EL11 -> 0 | ED11: =D11+G11+J11+M11+P11+S11+V11+Y11+AB11+AE11+AH11+AK11+AN11+AQ11+AT11+AW11+AZ11+BC11+BF11+BI11+DW11+DT11+DQ11+DN11+DK11+DH11+DE11+DB11+CY11+CV11+CS11+CP11+CM11+CJ11+CG11+CD11+CA11+BX11+BU11+BR11+BO11+BL11 -> 50391.542 | EE11: =IF(EB11<>0,((ED11/EB11)*360),0) -> 0.045689346 | EG11: =Q11+T11+W11+Z11+AC11+AF11 -> 0 | EH11: =S11+V11+Y11+AB11+AE11+AH11 -> 0 | EI11: =IF(EG11<>0,((EH11/EG11)*360),0) -> 0 | EK11: =DR11+DL11+DI11+DF11+DC11+CZ11+CW11+CT11+CQ11+CN11+CK11+CH11+CE11+CB11+BY11+BV11+BS11+BP11+BM11+BJ11+BG11+BD11+BA11+AX11+AU11+AR11+AO11+AL11+AI11+DO11 -> 397050000 | EL11: =DX11 -> 0 | EM11: =DT11+DQ11+DN11+DK11+DH11+DE11+DB11+CY11+CV11+CS11+CP11+CM11+CJ11+CG11+CD11+CA11+BX11+BU11+BR11+BO11+BL11+BI11+BF11+BC11+AZ11+AW11+AT11+AQ11+AN11+AK11 -> 50391.542 | EN11: =IF(EK11<>0,((EM11/EK11)*360),0) -> 0.045689346
A12: =1+A11 -> 45871 | B12: 0 | C12: 0.04593261 | D12: =(B12*C12)/360 -> 0 | G12: =(E12*F12)/360 -> 0 | J12: =(H12*I12)/360 -> 0 | M12: =(K12*L12)/360 -> 0 | P12: =(N12*O12)/360 -> 0 | S12: =(Q12*R12)/360 -> 0 | V12: =(T12*U12)/360 -> 0 | Y12: =(W12*X12)/360 -> 0 | AB12: =(Z12*AA12)/360 -> 0 | AE12: 0 | AH12: 0 | AI12: =60000000+65000000+42050000 -> 167050000 | AJ12: 0.0451 | AK12: =(AI12*AJ12)/360 -> 20927.653 | AL12: =33905000+66095000+40000000 -> 140000000 | AM12: 0.046 | AN12: =(AL12*AM12)/360 -> 17888.889 | AO12: =50000000+40000000 -> 90000000 | AP12: 0.0463 | AQ12: =(AO12*AP12)/360 -> 11575 | AT12: =(AR12*AS12)/360 -> 0 | AW12: =(AU12*AV12)/360 -> 0 | AZ12: =(AX12*AY12)/360 -> 0 | BC12: =(BA12*BB12)/360 -> 0 | BF12: =(BD12*BE12)/360 -> 0 | BI12: =(BG12*BH12)/360 -> 0 | BL12: =(BJ12*BK12)/360 -> 0 | BO12: =(BM12*BN12)/360 -> 0 | BR12: =(BP12*BQ12)/360 -> 0 | BU12: =(BS12*BT12)/360 -> 0 | BX12: =(BV12*BW12)/360 -> 0 | CA12: =(BY12*BZ12)/360 -> 0 | CD12: =(CB12*CC12)/360 -> 0 | CG12: =(CE12*CF12)/360 -> 0 | CJ12: =(CH12*CI12)/360 -> 0 | CM12: =(CK12*CL12)/360 -> 0 | CP12: =(CN12*CO12)/360 -> 0 | CS12: =(CQ12*CR12)/360 -> 0 | CV12: =(CT12*CU12)/360 -> 0 | CY12: =(CW12*CX12)/360 -> 0 | DB12: =(CZ12*DA12)/360 -> 0 | DE12: =(DC12*DD12)/360 -> 0 | DH12: =(DF12*DG12)/360 -> 0 | DK12: =(DI12*DJ12)/360 -> 0 | DN12: =(DL12*DM12)/360 -> 0 | DQ12: =(DO12*DP12)/360 -> 0 | DT12: =(DR12*DS12)/360 -> 0 | DW12: =(DU12*DV12)/360 -> 0 | EB12: =B12+E12+H12+K12+N12+Q12+T12+W12+Z12+AC12+AF12+AL12+AO12+AR12+AU12+AX12+BA12+BD12+BG12+DU12+AI12+DR12+DO12+DL12+DI12+DF12+DC12+CZ12+CW12+CT12+CQ12+CN12+CK12+CH12+CE12+CB12+BY12+BV12+BS12+BP12+BM12+BJ12 -> 397050000 | EC12: =EB12-EK12+EL12 -> 0 | ED12: =D12+G12+J12+M12+P12+S12+V12+Y12+AB12+AE12+AH12+AK12+AN12+AQ12+AT12+AW12+AZ12+BC12+BF12+BI12+DW12+DT12+DQ12+DN12+DK12+DH12+DE12+DB12+CY12+CV12+CS12+CP12+CM12+CJ12+CG12+CD12+CA12+BX12+BU12+BR12+BO12+BL12 -> 50391.542 | EE12: =IF(EB12<>0,((ED12/EB12)*360),0) -> 0.045689346 | EG12: =Q12+T12+W12+Z12+AC12+AF12 -> 0 | EH12: =S12+V12+Y12+AB12+AE12+AH12 -> 0 | EI12: =IF(EG12<>0,((EH12/EG12)*360),0) -> 0 | EK12: =DR12+DL12+DI12+DF12+DC12+CZ12+CW12+CT12+CQ12+CN12+CK12+CH12+CE12+CB12+BY12+BV12+BS12+BP12+BM12+BJ12+BG12+BD12+BA12+AX12+AU12+AR12+AO12+AL12+AI12+DO12 -> 397050000 | EL12: =DX12 -> 0 | EM12: =DT12+DQ12+DN12+DK12+DH12+DE12+DB12+CY12+CV12+CS12+CP12+CM12+CJ12+CG12+CD12+CA12+BX12+BU12+BR12+BO12+BL12+BI12+BF12+BC12+AZ12+AW12+AT12+AQ12+AN12+AK12 -> 50391.542 | EN12: =IF(EK12<>0,((EM12/EK12)*360),0) -> 0.045689346
A13: =1+A12 -> 45872 | B13: 0 | C13: 0.04593261 | D13: =(B13*C13)/360 -> 0 | G13: =(E13*F13)/360 -> 0 | J13: =(H13*I13)/360 -> 0 | M13: =(K13*L13)/360 -> 0 | P13: =(N13*O13)/360 -> 0 | S13: =(Q13*R13)/360 -> 0 | V13: =(T13*U13)/360 -> 0 | Y13: =(W13*X13)/360 -> 0 | AB13: =(Z13*AA13)/360 -> 0 | AE13: 0 | AH13: 0 | AI13: =60000000+65000000+42050000 -> 167050000 | AJ13: 0.0451 | AK13: =(AI13*AJ13)/360 -> 20927.653 | AL13: =33905000+66095000+40000000 -> 140000000 | AM13: 0.046 | AN13: =(AL13*AM13)/360 -> 17888.889 | AO13: =50000000+40000000 -> 90000000 | AP13: 0.0463 | AQ13: =(AO13*AP13)/360 -> 11575 | AT13: =(AR13*AS13)/360 -> 0 | AW13: =(AU13*AV13)/360 -> 0 | AZ13: =(AX13*AY13)/360 -> 0 | BC13: =(BA13*BB13)/360 -> 0 | BF13: =(BD13*BE13)/360 -> 0 | BI13: =(BG13*BH13)/360 -> 0 | BL13: =(BJ13*BK13)/360 -> 0 | BO13: =(BM13*BN13)/360 -> 0 | BR13: =(BP13*BQ13)/360 -> 0 | BU13: =(BS13*BT13)/360 -> 0 | BX13: =(BV13*BW13)/360 -> 0 | CA13: =(BY13*BZ13)/360 -> 0 | CD13: =(CB13*CC13)/360 -> 0 | CG13: =(CE13*CF13)/360 -> 0 | CJ13: =(CH13*CI13)/360 -> 0 | CM13: =(CK13*CL13)/360 -> 0 | CP13: =(CN13*CO13)/360 -> 0 | CS13: =(CQ13*CR13)/360 -> 0 | CV13: =(CT13*CU13)/360 -> 0 | CY13: =(CW13*CX13)/360 -> 0 | DB13: =(CZ13*DA13)/360 -> 0 | DE13: =(DC13*DD13)/360 -> 0 | DH13: =(DF13*DG13)/360 -> 0 | DK13: =(DI13*DJ13)/360 -> 0 | DN13: =(DL13*DM13)/360 -> 0 | DQ13: =(DO13*DP13)/360 -> 0 | DT13: =(DR13*DS13)/360 -> 0 | DW13: =(DU13*DV13)/360 -> 0 | EB13: =B13+E13+H13+K13+N13+Q13+T13+W13+Z13+AC13+AF13+AL13+AO13+AR13+AU13+AX13+BA13+BD13+BG13+DU13+AI13+DR13+DO13+DL13+DI13+DF13+DC13+CZ13+CW13+CT13+CQ13+CN13+CK13+CH13+CE13+CB13+BY13+BV13+BS13+BP13+BM13+BJ13 -> 397050000 | EC13: =EB13-EK13+EL13 -> 0 | ED13: =D13+G13+J13+M13+P13+S13+V13+Y13+AB13+AE13+AH13+AK13+AN13+AQ13+AT13+AW13+AZ13+BC13+BF13+BI13+DW13+DT13+DQ13+DN13+DK13+DH13+DE13+DB13+CY13+CV13+CS13+CP13+CM13+CJ13+CG13+CD13+CA13+BX13+BU13+BR13+BO13+BL13 -> 50391.542 | EE13: =IF(EB13<>0,((ED13/EB13)*360),0) -> 0.045689346 | EG13: =Q13+T13+W13+Z13+AC13+AF13 -> 0 | EH13: =S13+V13+Y13+AB13+AE13+AH13 -> 0 | EI13: =IF(EG13<>0,((EH13/EG13)*360),0) -> 0 | EK13: =DR13+DL13+DI13+DF13+DC13+CZ13+CW13+CT13+CQ13+CN13+CK13+CH13+CE13+CB13+BY13+BV13+BS13+BP13+BM13+BJ13+BG13+BD13+BA13+AX13+AU13+AR13+AO13+AL13+AI13+DO13 -> 397050000 | EL13: =DX13 -> 0 | EM13: =DT13+DQ13+DN13+DK13+DH13+DE13+DB13+CY13+CV13+CS13+CP13+CM13+CJ13+CG13+CD13+CA13+BX13+BU13+BR13+BO13+BL13+BI13+BF13+BC13+AZ13+AW13+AT13+AQ13+AN13+AK13 -> 50391.542 | EN13: =IF(EK13<>0,((EM13/EK13)*360),0) -> 0.045689346
A14: =1+A13 -> 45873 | B14: 0 | C14: 0.04592166 | D14: =(B14*C14)/360 -> 0 | G14: =(E14*F14)/360 -> 0 | J14: =(H14*I14)/360 -> 0 | M14: =(K14*L14)/360 -> 0 | P14: =(N14*O14)/360 -> 0 | S14: =(Q14*R14)/360 -> 0 | V14: =(T14*U14)/360 -> 0 | Y14: =(W14*X14)/360 -> 0 | AB14: =(Z14*AA14)/360 -> 0 | AE14: 0 | AH14: 0 | AI14: =64400000+40000000 -> 104400000 | AJ14: 0.045 | AK14: =(AI14*AJ14)/360 -> 13050 | AL14: =33905000+66095000+40000000+42375000+27625000 -> 210000000 | AM14: 0.046 | AN14: =(AL14*AM14)/360 -> 26833.333 | AO14: =50000000+40000000 -> 90000000 | AP14: 0.0463 | AQ14: =(AO14*AP14)/360 -> 11575 | AT14: =(AR14*AS14)/360 -> 0 | AW14: =(AU14*AV14)/360 -> 0 | AZ14: =(AX14*AY14)/360 -> 0 | BC14: =(BA14*BB14)/360 -> 0 | BF14: =(BD14*BE14)/360 -> 0 | BI14: =(BG14*BH14)/360 -> 0 | BL14: =(BJ14*BK14)/360 -> 0 | BO14: =(BM14*BN14)/360 -> 0 | BR14: =(BP14*BQ14)/360 -> 0 | BU14: =(BS14*BT14)/360 -> 0 | BX14: =(BV14*BW14)/360 -> 0 | CA14: =(BY14*BZ14)/360 -> 0 | CD14: =(CB14*CC14)/360 -> 0 | CG14: =(CE14*CF14)/360 -> 0 | CJ14: =(CH14*CI14)/360 -> 0 | CM14: =(CK14*CL14)/360 -> 0 | CP14: =(CN14*CO14)/360 -> 0 | CS14: =(CQ14*CR14)/360 -> 0 | CV14: =(CT14*CU14)/360 -> 0 | CY14: =(CW14*CX14)/360 -> 0 | DB14: =(CZ14*DA14)/360 -> 0 | DE14: =(DC14*DD14)/360 -> 0 | DH14: =(DF14*DG14)/360 -> 0 | DK14: =(DI14*DJ14)/360 -> 0 | DN14: =(DL14*DM14)/360 -> 0 | DQ14: =(DO14*DP14)/360 -> 0 | DT14: =(DR14*DS14)/360 -> 0 | DW14: =(DU14*DV14)/360 -> 0 | EB14: =B14+E14+H14+K14+N14+Q14+T14+W14+Z14+AC14+AF14+AL14+AO14+AR14+AU14+AX14+BA14+BD14+BG14+DU14+AI14+DR14+DO14+DL14+DI14+DF14+DC14+CZ14+CW14+CT14+CQ14+CN14+CK14+CH14+CE14+CB14+BY14+BV14+BS14+BP14+BM14+BJ14 -> 404400000 | EC14: =EB14-EK14+EL14 -> 0 | ED14: =D14+G14+J14+M14+P14+S14+V14+Y14+AB14+AE14+AH14+AK14+AN14+AQ14+AT14+AW14+AZ14+BC14+BF14+BI14+DW14+DT14+DQ14+DN14+DK14+DH14+DE14+DB14+CY14+CV14+CS14+CP14+CM14+CJ14+CG14+CD14+CA14+BX14+BU14+BR14+BO14+BL14 -> 51458.333 | EE14: =IF(EB14<>0,((ED14/EB14)*360),0) -> 0.045808605 | EG14: =Q14+T14+W14+Z14+AC14+AF14 -> 0 | EH14: =S14+V14+Y14+AB14+AE14+AH14 -> 0 | EI14: =IF(EG14<>0,((EH14/EG14)*360),0) -> 0 | EK14: =DR14+DL14+DI14+DF14+DC14+CZ14+CW14+CT14+CQ14+CN14+CK14+CH14+CE14+CB14+BY14+BV14+BS14+BP14+BM14+BJ14+BG14+BD14+BA14+AX14+AU14+AR14+AO14+AL14+AI14+DO14 -> 404400000 | EL14: =DX14 -> 0 | EM14: =DT14+DQ14+DN14+DK14+DH14+DE14+DB14+CY14+CV14+CS14+CP14+CM14+CJ14+CG14+CD14+CA14+BX14+BU14+BR14+BO14+BL14+BI14+BF14+BC14+AZ14+AW14+AT14+AQ14+AN14+AK14 -> 51458.333 | EN14: =IF(EK14<>0,((EM14/EK14)*360),0) -> 0.045808605
A15: =1+A14 -> 45874 | B15: 0 | C15: 0.04592305 | D15: =(B15*C15)/360 -> 0 | G15: =(E15*F15)/360 -> 0 | J15: =(H15*I15)/360 -> 0 | M15: =(K15*L15)/360 -> 0 | P15: =(N15*O15)/360 -> 0 | S15: =(Q15*R15)/360 -> 0 | V15: =(T15*U15)/360 -> 0 | Y15: =(W15*X15)/360 -> 0 | AB15: =(Z15*AA15)/360 -> 0 | AE15: 0 | AH15: 0 | AI15: =75675000 -> 75675000 | AJ15: 0.045 | AK15: =(AI15*AJ15)/360 -> 9459.375 | AL15: =33905000+66095000+40000000+42375000+27625000 -> 210000000 | AM15: 0.046 | AN15: =(AL15*AM15)/360 -> 26833.333 | AO15: =50000000+40000000 -> 90000000 | AP15: 0.0463 | AQ15: =(AO15*AP15)/360 -> 11575 | AT15: =(AR15*AS15)/360 -> 0 | AW15: =(AU15*AV15)/360 -> 0 | AZ15: =(AX15*AY15)/360 -> 0 | BC15: =(BA15*BB15)/360 -> 0 | BF15: =(BD15*BE15)/360 -> 0 | BI15: =(BG15*BH15)/360 -> 0 | BL15: =(BJ15*BK15)/360 -> 0 | BO15: =(BM15*BN15)/360 -> 0 | BR15: =(BP15*BQ15)/360 -> 0 | BU15: =(BS15*BT15)/360 -> 0 | BX15: =(BV15*BW15)/360 -> 0 | CA15: =(BY15*BZ15)/360 -> 0 | CD15: =(CB15*CC15)/360 -> 0 | CG15: =(CE15*CF15)/360 -> 0 | CJ15: =(CH15*CI15)/360 -> 0 | CM15: =(CK15*CL15)/360 -> 0 | CP15: =(CN15*CO15)/360 -> 0 | CS15: =(CQ15*CR15)/360 -> 0 | CV15: =(CT15*CU15)/360 -> 0 | CY15: =(CW15*CX15)/360 -> 0 | DB15: =(CZ15*DA15)/360 -> 0 | DE15: =(DC15*DD15)/360 -> 0 | DH15: =(DF15*DG15)/360 -> 0 | DK15: =(DI15*DJ15)/360 -> 0 | DN15: =(DL15*DM15)/360 -> 0 | DQ15: =(DO15*DP15)/360 -> 0 | DT15: =(DR15*DS15)/360 -> 0 | DW15: =(DU15*DV15)/360 -> 0 | EB15: =B15+E15+H15+K15+N15+Q15+T15+W15+Z15+AC15+AF15+AL15+AO15+AR15+AU15+AX15+BA15+BD15+BG15+DU15+AI15+DR15+DO15+DL15+DI15+DF15+DC15+CZ15+CW15+CT15+CQ15+CN15+CK15+CH15+CE15+CB15+BY15+BV15+BS15+BP15+BM15+BJ15 -> 375675000 | EC15: =EB15-EK15+EL15 -> 0 | ED15: =D15+G15+J15+M15+P15+S15+V15+Y15+AB15+AE15+AH15+AK15+AN15+AQ15+AT15+AW15+AZ15+BC15+BF15+BI15+DW15+DT15+DQ15+DN15+DK15+DH15+DE15+DB15+CY15+CV15+CS15+CP15+CM15+CJ15+CG15+CD15+CA15+BX15+BU15+BR15+BO15+BL15 -> 47867.708 | EE15: =IF(EB15<>0,((ED15/EB15)*360),0) -> 0.045870433 | EG15: =Q15+T15+W15+Z15+AC15+AF15 -> 0 | EH15: =S15+V15+Y15+AB15+AE15+AH15 -> 0 | EI15: =IF(EG15<>0,((EH15/EG15)*360),0) -> 0 | EK15: =DR15+DL15+DI15+DF15+DC15+CZ15+CW15+CT15+CQ15+CN15+CK15+CH15+CE15+CB15+BY15+BV15+BS15+BP15+BM15+BJ15+BG15+BD15+BA15+AX15+AU15+AR15+AO15+AL15+AI15+DO15 -> 375675000 | EL15: =DX15 -> 0 | EM15: =DT15+DQ15+DN15+DK15+DH15+DE15+DB15+CY15+CV15+CS15+CP15+CM15+CJ15+CG15+CD15+CA15+BX15+BU15+BR15+BO15+BL15+BI15+BF15+BC15+AZ15+AW15+AT15+AQ15+AN15+AK15 -> 47867.708 | EN15: =IF(EK15<>0,((EM15/EK15)*360),0) -> 0.045870433
A16: =1+A15 -> 45875 | B16: 0 | C16: 0.04589711 | D16: =(B16*C16)/360 -> 0 | G16: =(E16*F16)/360 -> 0 | J16: =(H16*I16)/360 -> 0 | M16: =(K16*L16)/360 -> 0 | P16: =(N16*O16)/360 -> 0 | S16: =(Q16*R16)/360 -> 0 | V16: =(T16*U16)/360 -> 0 | Y16: =(W16*X16)/360 -> 0 | AB16: =(Z16*AA16)/360 -> 0 | AE16: 0 | AH16: 0 | AI16: =59600000 -> 59600000 | AJ16: 0.045 | AK16: =(AI16*AJ16)/360 -> 7450 | AL16: =33905000+66095000+40000000+42375000+27625000 -> 210000000 | AM16: 0.046 | AN16: =(AL16*AM16)/360 -> 26833.333 | AO16: =50000000+40000000 -> 90000000 | AP16: 0.0463 | AQ16: =(AO16*AP16)/360 -> 11575 | AT16: =(AR16*AS16)/360 -> 0 | AW16: =(AU16*AV16)/360 -> 0 | AZ16: =(AX16*AY16)/360 -> 0 | BC16: =(BA16*BB16)/360 -> 0 | BF16: =(BD16*BE16)/360 -> 0 | BI16: =(BG16*BH16)/360 -> 0 | BL16: =(BJ16*BK16)/360 -> 0 | BO16: =(BM16*BN16)/360 -> 0 | BR16: =(BP16*BQ16)/360 -> 0 | BU16: =(BS16*BT16)/360 -> 0 | BX16: =(BV16*BW16)/360 -> 0 | CA16: =(BY16*BZ16)/360 -> 0 | CD16: =(CB16*CC16)/360 -> 0 | CG16: =(CE16*CF16)/360 -> 0 | CJ16: =(CH16*CI16)/360 -> 0 | CM16: =(CK16*CL16)/360 -> 0 | CP16: =(CN16*CO16)/360 -> 0 | CS16: =(CQ16*CR16)/360 -> 0 | CV16: =(CT16*CU16)/360 -> 0 | CY16: =(CW16*CX16)/360 -> 0 | DB16: =(CZ16*DA16)/360 -> 0 | DE16: =(DC16*DD16)/360 -> 0 | DH16: =(DF16*DG16)/360 -> 0 | DK16: =(DI16*DJ16)/360 -> 0 | DN16: =(DL16*DM16)/360 -> 0 | DQ16: =(DO16*DP16)/360 -> 0 | DT16: =(DR16*DS16)/360 -> 0 | DW16: =(DU16*DV16)/360 -> 0 | EB16: =B16+E16+H16+K16+N16+Q16+T16+W16+Z16+AC16+AF16+AL16+AO16+AR16+AU16+AX16+BA16+BD16+BG16+DU16+AI16+DR16+DO16+DL16+DI16+DF16+DC16+CZ16+CW16+CT16+CQ16+CN16+CK16+CH16+CE16+CB16+BY16+BV16+BS16+BP16+BM16+BJ16 -> 359600000 | EC16: =EB16-EK16+EL16 -> 0 | ED16: =D16+G16+J16+M16+P16+S16+V16+Y16+AB16+AE16+AH16+AK16+AN16+AQ16+AT16+AW16+AZ16+BC16+BF16+BI16+DW16+DT16+DQ16+DN16+DK16+DH16+DE16+DB16+CY16+CV16+CS16+CP16+CM16+CJ16+CG16+CD16+CA16+BX16+BU16+BR16+BO16+BL16 -> 45858.333 | EE16: =IF(EB16<>0,((ED16/EB16)*360),0) -> 0.045909344 | EG16: =Q16+T16+W16+Z16+AC16+AF16 -> 0 | EH16: =S16+V16+Y16+AB16+AE16+AH16 -> 0 | EI16: =IF(EG16<>0,((EH16/EG16)*360),0) -> 0 | EK16: =DR16+DL16+DI16+DF16+DC16+CZ16+CW16+CT16+CQ16+CN16+CK16+CH16+CE16+CB16+BY16+BV16+BS16+BP16+BM16+BJ16+BG16+BD16+BA16+AX16+AU16+AR16+AO16+AL16+AI16+DO16 -> 359600000 | EL16: =DX16 -> 0 | EM16: =DT16+DQ16+DN16+DK16+DH16+DE16+DB16+CY16+CV16+CS16+CP16+CM16+CJ16+CG16+CD16+CA16+BX16+BU16+BR16+BO16+BL16+BI16+BF16+BC16+AZ16+AW16+AT16+AQ16+AN16+AK16 -> 45858.333 | EN16: =IF(EK16<>0,((EM16/EK16)*360),0) -> 0.045909344
A17: =1+A16 -> 45876 | B17: 0 | C17: 0.04572268 | D17: =(B17*C17)/360 -> 0 | G17: =(E17*F17)/360 -> 0 | J17: =(H17*I17)/360 -> 0 | M17: =(K17*L17)/360 -> 0 | P17: =(N17*O17)/360 -> 0 | S17: =(Q17*R17)/360 -> 0 | V17: =(T17*U17)/360 -> 0 | Y17: =(W17*X17)/360 -> 0 | AB17: =(Z17*AA17)/360 -> 0 | AE17: 0 | AH17: 0 | AI17: =88000000 -> 88000000 | AJ17: 0.045 | AK17: =(AI17*AJ17)/360 -> 11000 | AL17: =33905000+66095000+40000000+42375000+27625000 -> 210000000 | AM17: 0.046 | AN17: =(AL17*AM17)/360 -> 26833.333 | AO17: =50000000 -> 50000000 | AP17: 0.0463 | AQ17: =(AO17*AP17)/360 -> 6430.5556 | AT17: =(AR17*AS17)/360 -> 0 | AW17: =(AU17*AV17)/360 -> 0 | AZ17: =(AX17*AY17)/360 -> 0 | BC17: =(BA17*BB17)/360 -> 0 | BF17: =(BD17*BE17)/360 -> 0 | BI17: =(BG17*BH17)/360 -> 0 | BL17: =(BJ17*BK17)/360 -> 0 | BO17: =(BM17*BN17)/360 -> 0 | BR17: =(BP17*BQ17)/360 -> 0 | BU17: =(BS17*BT17)/360 -> 0 | BX17: =(BV17*BW17)/360 -> 0 | CA17: =(BY17*BZ17)/360 -> 0 | CD17: =(CB17*CC17)/360 -> 0 | CG17: =(CE17*CF17)/360 -> 0 | CJ17: =(CH17*CI17)/360 -> 0 | CM17: =(CK17*CL17)/360 -> 0 | CP17: =(CN17*CO17)/360 -> 0 | CS17: =(CQ17*CR17)/360 -> 0 | CV17: =(CT17*CU17)/360 -> 0 | CY17: =(CW17*CX17)/360 -> 0 | DB17: =(CZ17*DA17)/360 -> 0 | DE17: =(DC17*DD17)/360 -> 0 | DH17: =(DF17*DG17)/360 -> 0 | DK17: =(DI17*DJ17)/360 -> 0 | DN17: =(DL17*DM17)/360 -> 0 | DQ17: =(DO17*DP17)/360 -> 0 | DT17: =(DR17*DS17)/360 -> 0 | DW17: =(DU17*DV17)/360 -> 0 | EB17: =B17+E17+H17+K17+N17+Q17+T17+W17+Z17+AC17+AF17+AL17+AO17+AR17+AU17+AX17+BA17+BD17+BG17+DU17+AI17+DR17+DO17+DL17+DI17+DF17+DC17+CZ17+CW17+CT17+CQ17+CN17+CK17+CH17+CE17+CB17+BY17+BV17+BS17+BP17+BM17+BJ17 -> 348000000 | EC17: =EB17-EK17+EL17 -> 0 | ED17: =D17+G17+J17+M17+P17+S17+V17+Y17+AB17+AE17+AH17+AK17+AN17+AQ17+AT17+AW17+AZ17+BC17+BF17+BI17+DW17+DT17+DQ17+DN17+DK17+DH17+DE17+DB17+CY17+CV17+CS17+CP17+CM17+CJ17+CG17+CD17+CA17+BX17+BU17+BR17+BO17+BL17 -> 44263.889 | EE17: =IF(EB17<>0,((ED17/EB17)*360),0) -> 0.04579023 | EG17: =Q17+T17+W17+Z17+AC17+AF17 -> 0 | EH17: =S17+V17+Y17+AB17+AE17+AH17 -> 0 | EI17: =IF(EG17<>0,((EH17/EG17)*360),0) -> 0 | EK17: =DR17+DL17+DI17+DF17+DC17+CZ17+CW17+CT17+CQ17+CN17+CK17+CH17+CE17+CB17+BY17+BV17+BS17+BP17+BM17+BJ17+BG17+BD17+BA17+AX17+AU17+AR17+AO17+AL17+AI17+DO17 -> 348000000 | EL17: =DX17 -> 0 | EM17: =DT17+DQ17+DN17+DK17+DH17+DE17+DB17+CY17+CV17+CS17+CP17+CM17+CJ17+CG17+CD17+CA17+BX17+BU17+BR17+BO17+BL17+BI17+BF17+BC17+AZ17+AW17+AT17+AQ17+AN17+AK17 -> 44263.889 | EN17: =IF(EK17<>0,((EM17/EK17)*360),0) -> 0.04579023
A18: =1+A17 -> 45877 | B18: 0 | C18: 0.0457775 | D18: =(B18*C18)/360 -> 0 | G18: =(E18*F18)/360 -> 0 | J18: =(H18*I18)/360 -> 0 | M18: =(K18*L18)/360 -> 0 | P18: =(N18*O18)/360 -> 0 | S18: =(Q18*R18)/360 -> 0 | V18: =(T18*U18)/360 -> 0 | Y18: =(W18*X18)/360 -> 0 | AB18: =(Z18*AA18)/360 -> 0 | AE18: 0 | AH18: 0 | AI18: =124800000 -> 124800000 | AJ18: 0.045 | AK18: =(AI18*AJ18)/360 -> 15600 | AL18: =33905000+66095000+40000000+42375000+27625000 -> 210000000 | AM18: 0.046 | AN18: =(AL18*AM18)/360 -> 26833.333 | AQ18: =(AO18*AP18)/360 -> 0 | AT18: =(AR18*AS18)/360 -> 0 | AW18: =(AU18*AV18)/360 -> 0 | AZ18: =(AX18*AY18)/360 -> 0 | BC18: =(BA18*BB18)/360 -> 0 | BF18: =(BD18*BE18)/360 -> 0 | BI18: =(BG18*BH18)/360 -> 0 | BL18: =(BJ18*BK18)/360 -> 0 | BO18: =(BM18*BN18)/360 -> 0 | BR18: =(BP18*BQ18)/360 -> 0 | BU18: =(BS18*BT18)/360 -> 0 | BX18: =(BV18*BW18)/360 -> 0 | CA18: =(BY18*BZ18)/360 -> 0 | CD18: =(CB18*CC18)/360 -> 0 | CG18: =(CE18*CF18)/360 -> 0 | CJ18: =(CH18*CI18)/360 -> 0 | CM18: =(CK18*CL18)/360 -> 0 | CP18: =(CN18*CO18)/360 -> 0 | CS18: =(CQ18*CR18)/360 -> 0 | CV18: =(CT18*CU18)/360 -> 0 | CY18: =(CW18*CX18)/360 -> 0 | DB18: =(CZ18*DA18)/360 -> 0 | DE18: =(DC18*DD18)/360 -> 0 | DH18: =(DF18*DG18)/360 -> 0 | DK18: =(DI18*DJ18)/360 -> 0 | DN18: =(DL18*DM18)/360 -> 0 | DQ18: =(DO18*DP18)/360 -> 0 | DT18: =(DR18*DS18)/360 -> 0 | DW18: =(DU18*DV18)/360 -> 0 | EB18: =B18+E18+H18+K18+N18+Q18+T18+W18+Z18+AC18+AF18+AL18+AO18+AR18+AU18+AX18+BA18+BD18+BG18+DU18+AI18+DR18+DO18+DL18+DI18+DF18+DC18+CZ18+CW18+CT18+CQ18+CN18+CK18+CH18+CE18+CB18+BY18+BV18+BS18+BP18+BM18+BJ18 -> 334800000 | EC18: =EB18-EK18+EL18 -> 0 | ED18: =D18+G18+J18+M18+P18+S18+V18+Y18+AB18+AE18+AH18+AK18+AN18+AQ18+AT18+AW18+AZ18+BC18+BF18+BI18+DW18+DT18+DQ18+DN18+DK18+DH18+DE18+DB18+CY18+CV18+CS18+CP18+CM18+CJ18+CG18+CD18+CA18+BX18+BU18+BR18+BO18+BL18 -> 42433.333 | EE18: =IF(EB18<>0,((ED18/EB18)*360),0) -> 0.04562724 | EG18: =Q18+T18+W18+Z18+AC18+AF18 -> 0 | EH18: =S18+V18+Y18+AB18+AE18+AH18 -> 0 | EI18: =IF(EG18<>0,((EH18/EG18)*360),0) -> 0 | EK18: =DR18+DL18+DI18+DF18+DC18+CZ18+CW18+CT18+CQ18+CN18+CK18+CH18+CE18+CB18+BY18+BV18+BS18+BP18+BM18+BJ18+BG18+BD18+BA18+AX18+AU18+AR18+AO18+AL18+AI18+DO18 -> 334800000 | EL18: =DX18 -> 0 | EM18: =DT18+DQ18+DN18+DK18+DH18+DE18+DB18+CY18+CV18+CS18+CP18+CM18+CJ18+CG18+CD18+CA18+BX18+BU18+BR18+BO18+BL18+BI18+BF18+BC18+AZ18+AW18+AT18+AQ18+AN18+AK18 -> 42433.333 | EN18: =IF(EK18<>0,((EM18/EK18)*360),0) -> 0.04562724
A19: =1+A18 -> 45878 | B19: 0 | C19: 0.0457775 | D19: =(B19*C19)/360 -> 0 | G19: =(E19*F19)/360 -> 0 | J19: =(H19*I19)/360 -> 0 | M19: =(K19*L19)/360 -> 0 | P19: =(N19*O19)/360 -> 0 | S19: =(Q19*R19)/360 -> 0 | V19: =(T19*U19)/360 -> 0 | Y19: =(W19*X19)/360 -> 0 | AB19: =(Z19*AA19)/360 -> 0 | AE19: 0 | AH19: 0 | AI19: =124800000 -> 124800000 | AJ19: 0.045 | AK19: =(AI19*AJ19)/360 -> 15600 | AL19: =33905000+66095000+40000000+42375000+27625000 -> 210000000 | AM19: 0.046 | AN19: =(AL19*AM19)/360 -> 26833.333 | AQ19: =(AO19*AP19)/360 -> 0 | AT19: =(AR19*AS19)/360 -> 0 | AW19: =(AU19*AV19)/360 -> 0 | AZ19: =(AX19*AY19)/360 -> 0 | BC19: =(BA19*BB19)/360 -> 0 | BF19: =(BD19*BE19)/360 -> 0 | BI19: =(BG19*BH19)/360 -> 0 | BL19: =(BJ19*BK19)/360 -> 0 | BO19: =(BM19*BN19)/360 -> 0 | BR19: =(BP19*BQ19)/360 -> 0 | BU19: =(BS19*BT19)/360 -> 0 | BX19: =(BV19*BW19)/360 -> 0 | CA19: =(BY19*BZ19)/360 -> 0 | CD19: =(CB19*CC19)/360 -> 0 | CG19: =(CE19*CF19)/360 -> 0 | CJ19: =(CH19*CI19)/360 -> 0 | CM19: =(CK19*CL19)/360 -> 0 | CP19: =(CN19*CO19)/360 -> 0 | CS19: =(CQ19*CR19)/360 -> 0 | CV19: =(CT19*CU19)/360 -> 0 | CY19: =(CW19*CX19)/360 -> 0 | DB19: =(CZ19*DA19)/360 -> 0 | DE19: =(DC19*DD19)/360 -> 0 | DH19: =(DF19*DG19)/360 -> 0 | DK19: =(DI19*DJ19)/360 -> 0 | DN19: =(DL19*DM19)/360 -> 0 | DQ19: =(DO19*DP19)/360 -> 0 | DT19: =(DR19*DS19)/360 -> 0 | DW19: =(DU19*DV19)/360 -> 0 | EB19: =B19+E19+H19+K19+N19+Q19+T19+W19+Z19+AC19+AF19+AL19+AO19+AR19+AU19+AX19+BA19+BD19+BG19+DU19+AI19+DR19+DO19+DL19+DI19+DF19+DC19+CZ19+CW19+CT19+CQ19+CN19+CK19+CH19+CE19+CB19+BY19+BV19+BS19+BP19+BM19+BJ19 -> 334800000 | EC19: =EB19-EK19+EL19 -> 0 | ED19: =D19+G19+J19+M19+P19+S19+V19+Y19+AB19+AE19+AH19+AK19+AN19+AQ19+AT19+AW19+AZ19+BC19+BF19+BI19+DW19+DT19+DQ19+DN19+DK19+DH19+DE19+DB19+CY19+CV19+CS19+CP19+CM19+CJ19+CG19+CD19+CA19+BX19+BU19+BR19+BO19+BL19 -> 42433.333 | EE19: =IF(EB19<>0,((ED19/EB19)*360),0) -> 0.04562724 | EG19: =Q19+T19+W19+Z19+AC19+AF19 -> 0 | EH19: =S19+V19+Y19+AB19+AE19+AH19 -> 0 | EI19: =IF(EG19<>0,((EH19/EG19)*360),0) -> 0 | EK19: =DR19+DL19+DI19+DF19+DC19+CZ19+CW19+CT19+CQ19+CN19+CK19+CH19+CE19+CB19+BY19+BV19+BS19+BP19+BM19+BJ19+BG19+BD19+BA19+AX19+AU19+AR19+AO19+AL19+AI19+DO19 -> 334800000 | EL19: =DX19 -> 0 | EM19: =DT19+DQ19+DN19+DK19+DH19+DE19+DB19+CY19+CV19+CS19+CP19+CM19+CJ19+CG19+CD19+CA19+BX19+BU19+BR19+BO19+BL19+BI19+BF19+BC19+AZ19+AW19+AT19+AQ19+AN19+AK19 -> 42433.333 | EN19: =IF(EK19<>0,((EM19/EK19)*360),0) -> 0.04562724
A20: =1+A19 -> 45879 | B20: 0 | C20: 0.0457775 | D20: =(B20*C20)/360 -> 0 | G20: =(E20*F20)/360 -> 0 | J20: =(H20*I20)/360 -> 0 | M20: =(K20*L20)/360 -> 0 | P20: =(N20*O20)/360 -> 0 | S20: =(Q20*R20)/360 -> 0 | V20: =(T20*U20)/360 -> 0 | Y20: =(W20*X20)/360 -> 0 | AB20: =(Z20*AA20)/360 -> 0 | AE20: 0 | AH20: 0 | AI20: =124800000 -> 124800000 | AJ20: 0.045 | AK20: =(AI20*AJ20)/360 -> 15600 | AL20: =33905000+66095000+40000000+42375000+27625000 -> 210000000 | AM20: 0.046 | AN20: =(AL20*AM20)/360 -> 26833.333 | AQ20: =(AO20*AP20)/360 -> 0 | AT20: =(AR20*AS20)/360 -> 0 | AW20: =(AU20*AV20)/360 -> 0 | AZ20: =(AX20*AY20)/360 -> 0 | BC20: =(BA20*BB20)/360 -> 0 | BF20: =(BD20*BE20)/360 -> 0 | BI20: =(BG20*BH20)/360 -> 0 | BL20: =(BJ20*BK20)/360 -> 0 | BO20: =(BM20*BN20)/360 -> 0 | BR20: =(BP20*BQ20)/360 -> 0 | BU20: =(BS20*BT20)/360 -> 0 | BX20: =(BV20*BW20)/360 -> 0 | CA20: =(BY20*BZ20)/360 -> 0 | CD20: =(CB20*CC20)/360 -> 0 | CG20: =(CE20*CF20)/360 -> 0 | CJ20: =(CH20*CI20)/360 -> 0 | CM20: =(CK20*CL20)/360 -> 0 | CP20: =(CN20*CO20)/360 -> 0 | CS20: =(CQ20*CR20)/360 -> 0 | CV20: =(CT20*CU20)/360 -> 0 | CY20: =(CW20*CX20)/360 -> 0 | DB20: =(CZ20*DA20)/360 -> 0 | DE20: =(DC20*DD20)/360 -> 0 | DH20: =(DF20*DG20)/360 -> 0 | DK20: =(DI20*DJ20)/360 -> 0 | DN20: =(DL20*DM20)/360 -> 0 | DQ20: =(DO20*DP20)/360 -> 0 | DT20: =(DR20*DS20)/360 -> 0 | DW20: =(DU20*DV20)/360 -> 0 | EB20: =B20+E20+H20+K20+N20+Q20+T20+W20+Z20+AC20+AF20+AL20+AO20+AR20+AU20+AX20+BA20+BD20+BG20+DU20+AI20+DR20+DO20+DL20+DI20+DF20+DC20+CZ20+CW20+CT20+CQ20+CN20+CK20+CH20+CE20+CB20+BY20+BV20+BS20+BP20+BM20+BJ20 -> 334800000 | EC20: =EB20-EK20+EL20 -> 0 | ED20: =D20+G20+J20+M20+P20+S20+V20+Y20+AB20+AE20+AH20+AK20+AN20+AQ20+AT20+AW20+AZ20+BC20+BF20+BI20+DW20+DT20+DQ20+DN20+DK20+DH20+DE20+DB20+CY20+CV20+CS20+CP20+CM20+CJ20+CG20+CD20+CA20+BX20+BU20+BR20+BO20+BL20 -> 42433.333 | EE20: =IF(EB20<>0,((ED20/EB20)*360),0) -> 0.04562724 | EG20: =Q20+T20+W20+Z20+AC20+AF20 -> 0 | EH20: =S20+V20+Y20+AB20+AE20+AH20 -> 0 | EI20: =IF(EG20<>0,((EH20/EG20)*360),0) -> 0 | EK20: =DR20+DL20+DI20+DF20+DC20+CZ20+CW20+CT20+CQ20+CN20+CK20+CH20+CE20+CB20+BY20+BV20+BS20+BP20+BM20+BJ20+BG20+BD20+BA20+AX20+AU20+AR20+AO20+AL20+AI20+DO20 -> 334800000 | EL20: =DX20 -> 0 | EM20: =DT20+DQ20+DN20+DK20+DH20+DE20+DB20+CY20+CV20+CS20+CP20+CM20+CJ20+CG20+CD20+CA20+BX20+BU20+BR20+BO20+BL20+BI20+BF20+BC20+AZ20+AW20+AT20+AQ20+AN20+AK20 -> 42433.333 | EN20: =IF(EK20<>0,((EM20/EK20)*360),0) -> 0.04562724
A21: =1+A20 -> 45880 | B21: 0 | C21: 0.04577794 | D21: =(B21*C21)/360 -> 0 | G21: =(E21*F21)/360 -> 0 | J21: =(H21*I21)/360 -> 0 | M21: =(K21*L21)/360 -> 0 | P21: =(N21*O21)/360 -> 0 | S21: =(Q21*R21)/360 -> 0 | V21: =(T21*U21)/360 -> 0 | Y21: =(W21*X21)/360 -> 0 | AB21: =(Z21*AA21)/360 -> 0 | AE21: 0 | AH21: 0 | AI21: =137225000 -> 137225000 | AJ21: 0.045 | AK21: =(AI21*AJ21)/360 -> 17153.125 | AL21: =33905000+66095000+40000000+42375000+27625000 -> 210000000 | AM21: 0.046 | AN21: =(AL21*AM21)/360 -> 26833.333 | AQ21: =(AO21*AP21)/360 -> 0 | AT21: =(AR21*AS21)/360 -> 0 | AW21: =(AU21*AV21)/360 -> 0 | AZ21: =(AX21*AY21)/360 -> 0 | BC21: =(BA21*BB21)/360 -> 0 | BF21: =(BD21*BE21)/360 -> 0 | BI21: =(BG21*BH21)/360 -> 0 | BL21: =(BJ21*BK21)/360 -> 0 | BO21: =(BM21*BN21)/360 -> 0 | BR21: =(BP21*BQ21)/360 -> 0 | BU21: =(BS21*BT21)/360 -> 0 | BX21: =(BV21*BW21)/360 -> 0 | CA21: =(BY21*BZ21)/360 -> 0 | CD21: =(CB21*CC21)/360 -> 0 | CG21: =(CE21*CF21)/360 -> 0 | CJ21: =(CH21*CI21)/360 -> 0 | CM21: =(CK21*CL21)/360 -> 0 | CP21: =(CN21*CO21)/360 -> 0 | CS21: =(CQ21*CR21)/360 -> 0 | CV21: =(CT21*CU21)/360 -> 0 | CY21: =(CW21*CX21)/360 -> 0 | DB21: =(CZ21*DA21)/360 -> 0 | DE21: =(DC21*DD21)/360 -> 0 | DH21: =(DF21*DG21)/360 -> 0 | DK21: =(DI21*DJ21)/360 -> 0 | DN21: =(DL21*DM21)/360 -> 0 | DQ21: =(DO21*DP21)/360 -> 0 | DT21: =(DR21*DS21)/360 -> 0 | DW21: =(DU21*DV21)/360 -> 0 | EB21: =B21+E21+H21+K21+N21+Q21+T21+W21+Z21+AC21+AF21+AL21+AO21+AR21+AU21+AX21+BA21+BD21+BG21+DU21+AI21+DR21+DO21+DL21+DI21+DF21+DC21+CZ21+CW21+CT21+CQ21+CN21+CK21+CH21+CE21+CB21+BY21+BV21+BS21+BP21+BM21+BJ21 -> 347225000 | EC21: =EB21-EK21+EL21 -> 0 | ED21: =D21+G21+J21+M21+P21+S21+V21+Y21+AB21+AE21+AH21+AK21+AN21+AQ21+AT21+AW21+AZ21+BC21+BF21+BI21+DW21+DT21+DQ21+DN21+DK21+DH21+DE21+DB21+CY21+CV21+CS21+CP21+CM21+CJ21+CG21+CD21+CA21+BX21+BU21+BR21+BO21+BL21 -> 43986.458 | EE21: =IF(EB21<>0,((ED21/EB21)*360),0) -> 0.045604795 | EG21: =Q21+T21+W21+Z21+AC21+AF21 -> 0 | EH21: =S21+V21+Y21+AB21+AE21+AH21 -> 0 | EI21: =IF(EG21<>0,((EH21/EG21)*360),0) -> 0 | EK21: =DR21+DL21+DI21+DF21+DC21+CZ21+CW21+CT21+CQ21+CN21+CK21+CH21+CE21+CB21+BY21+BV21+BS21+BP21+BM21+BJ21+BG21+BD21+BA21+AX21+AU21+AR21+AO21+AL21+AI21+DO21 -> 347225000 | EL21: =DX21 -> 0 | EM21: =DT21+DQ21+DN21+DK21+DH21+DE21+DB21+CY21+CV21+CS21+CP21+CM21+CJ21+CG21+CD21+CA21+BX21+BU21+BR21+BO21+BL21+BI21+BF21+BC21+AZ21+AW21+AT21+AQ21+AN21+AK21 -> 43986.458 | EN21: =IF(EK21<>0,((EM21/EK21)*360),0) -> 0.045604795
A22: =1+A21 -> 45881 | B22: 0 | C22: 0.04578297 | D22: =(B22*C22)/360 -> 0 | G22: =(E22*F22)/360 -> 0 | J22: =(H22*I22)/360 -> 0 | M22: =(K22*L22)/360 -> 0 | P22: =(N22*O22)/360 -> 0 | S22: =(Q22*R22)/360 -> 0 | V22: =(T22*U22)/360 -> 0 | Y22: =(W22*X22)/360 -> 0 | AB22: =(Z22*AA22)/360 -> 0 | AE22: 0 | AH22: 0 | AI22: =45000000+70325000 -> 115325000 | AJ22: 0.045 | AK22: =(AI22*AJ22)/360 -> 14415.625 | AL22: =33905000+66095000+40000000+42375000+27625000 -> 210000000 | AM22: 0.046 | AN22: =(AL22*AM22)/360 -> 26833.333 | AQ22: =(AO22*AP22)/360 -> 0 | AT22: =(AR22*AS22)/360 -> 0 | AW22: =(AU22*AV22)/360 -> 0 | AZ22: =(AX22*AY22)/360 -> 0 | BC22: =(BA22*BB22)/360 -> 0 | BF22: =(BD22*BE22)/360 -> 0 | BI22: =(BG22*BH22)/360 -> 0 | BL22: =(BJ22*BK22)/360 -> 0 | BO22: =(BM22*BN22)/360 -> 0 | BR22: =(BP22*BQ22)/360 -> 0 | BU22: =(BS22*BT22)/360 -> 0 | BX22: =(BV22*BW22)/360 -> 0 | CA22: =(BY22*BZ22)/360 -> 0 | CD22: =(CB22*CC22)/360 -> 0 | CG22: =(CE22*CF22)/360 -> 0 | CJ22: =(CH22*CI22)/360 -> 0 | CM22: =(CK22*CL22)/360 -> 0 | CP22: =(CN22*CO22)/360 -> 0 | CS22: =(CQ22*CR22)/360 -> 0 | CV22: =(CT22*CU22)/360 -> 0 | CY22: =(CW22*CX22)/360 -> 0 | DB22: =(CZ22*DA22)/360 -> 0 | DE22: =(DC22*DD22)/360 -> 0 | DH22: =(DF22*DG22)/360 -> 0 | DK22: =(DI22*DJ22)/360 -> 0 | DN22: =(DL22*DM22)/360 -> 0 | DQ22: =(DO22*DP22)/360 -> 0 | DT22: =(DR22*DS22)/360 -> 0 | DW22: =(DU22*DV22)/360 -> 0 | EB22: =B22+E22+H22+K22+N22+Q22+T22+W22+Z22+AC22+AF22+AL22+AO22+AR22+AU22+AX22+BA22+BD22+BG22+DU22+AI22+DR22+DO22+DL22+DI22+DF22+DC22+CZ22+CW22+CT22+CQ22+CN22+CK22+CH22+CE22+CB22+BY22+BV22+BS22+BP22+BM22+BJ22 -> 325325000 | EC22: =EB22-EK22+EL22 -> 0 | ED22: =D22+G22+J22+M22+P22+S22+V22+Y22+AB22+AE22+AH22+AK22+AN22+AQ22+AT22+AW22+AZ22+BC22+BF22+BI22+DW22+DT22+DQ22+DN22+DK22+DH22+DE22+DB22+CY22+CV22+CS22+CP22+CM22+CJ22+CG22+CD22+CA22+BX22+BU22+BR22+BO22+BL22 -> 41248.958 | EE22: =IF(EB22<>0,((ED22/EB22)*360),0) -> 0.045645508 | EG22: =Q22+T22+W22+Z22+AC22+AF22 -> 0 | EH22: =S22+V22+Y22+AB22+AE22+AH22 -> 0 | EI22: =IF(EG22<>0,((EH22/EG22)*360),0) -> 0 | EK22: =DR22+DL22+DI22+DF22+DC22+CZ22+CW22+CT22+CQ22+CN22+CK22+CH22+CE22+CB22+BY22+BV22+BS22+BP22+BM22+BJ22+BG22+BD22+BA22+AX22+AU22+AR22+AO22+AL22+AI22+DO22 -> 325325000 | EL22: =DX22 -> 0 | EM22: =DT22+DQ22+DN22+DK22+DH22+DE22+DB22+CY22+CV22+CS22+CP22+CM22+CJ22+CG22+CD22+CA22+BX22+BU22+BR22+BO22+BL22+BI22+BF22+BC22+AZ22+AW22+AT22+AQ22+AN22+AK22 -> 41248.958 | EN22: =IF(EK22<>0,((EM22/EK22)*360),0) -> 0.045645508
A23: =1+A22 -> 45882 | B23: 0 | C23: 0.04569856 | D23: =(B23*C23)/360 -> 0 | G23: =(E23*F23)/360 -> 0 | J23: =(H23*I23)/360 -> 0 | M23: =(K23*L23)/360 -> 0 | P23: =(N23*O23)/360 -> 0 | S23: =(Q23*R23)/360 -> 0 | V23: =(T23*U23)/360 -> 0 | Y23: =(W23*X23)/360 -> 0 | AB23: =(Z23*AA23)/360 -> 0 | AE23: 0 | AH23: 0 | AI23: =50000000+36825000+100000 -> 86925000 | AJ23: 0.045 | AK23: =(AI23*AJ23)/360 -> 10865.625 | AL23: =33905000+66095000+40000000+42375000+27625000 -> 210000000 | AM23: 0.046 | AN23: =(AL23*AM23)/360 -> 26833.333 | AO23: =30000000 -> 30000000 | AP23: 0.0455 | AQ23: =(AO23*AP23)/360 -> 3791.6667 | AT23: =(AR23*AS23)/360 -> 0 | AW23: =(AU23*AV23)/360 -> 0 | AZ23: =(AX23*AY23)/360 -> 0 | BC23: =(BA23*BB23)/360 -> 0 | BF23: =(BD23*BE23)/360 -> 0 | BI23: =(BG23*BH23)/360 -> 0 | BL23: =(BJ23*BK23)/360 -> 0 | BO23: =(BM23*BN23)/360 -> 0 | BR23: =(BP23*BQ23)/360 -> 0 | BU23: =(BS23*BT23)/360 -> 0 | BX23: =(BV23*BW23)/360 -> 0 | CA23: =(BY23*BZ23)/360 -> 0 | CD23: =(CB23*CC23)/360 -> 0 | CG23: =(CE23*CF23)/360 -> 0 | CJ23: =(CH23*CI23)/360 -> 0 | CM23: =(CK23*CL23)/360 -> 0 | CP23: =(CN23*CO23)/360 -> 0 | CS23: =(CQ23*CR23)/360 -> 0 | CV23: =(CT23*CU23)/360 -> 0 | CY23: =(CW23*CX23)/360 -> 0 | DB23: =(CZ23*DA23)/360 -> 0 | DE23: =(DC23*DD23)/360 -> 0 | DH23: =(DF23*DG23)/360 -> 0 | DK23: =(DI23*DJ23)/360 -> 0 | DN23: =(DL23*DM23)/360 -> 0 | DQ23: =(DO23*DP23)/360 -> 0 | DT23: =(DR23*DS23)/360 -> 0 | DW23: =(DU23*DV23)/360 -> 0 | EB23: =B23+E23+H23+K23+N23+Q23+T23+W23+Z23+AC23+AF23+AL23+AO23+AR23+AU23+AX23+BA23+BD23+BG23+DU23+AI23+DR23+DO23+DL23+DI23+DF23+DC23+CZ23+CW23+CT23+CQ23+CN23+CK23+CH23+CE23+CB23+BY23+BV23+BS23+BP23+BM23+BJ23 -> 326925000 | EC23: =EB23-EK23+EL23 -> 0 | ED23: =D23+G23+J23+M23+P23+S23+V23+Y23+AB23+AE23+AH23+AK23+AN23+AQ23+AT23+AW23+AZ23+BC23+BF23+BI23+DW23+DT23+DQ23+DN23+DK23+DH23+DE23+DB23+CY23+CV23+CS23+CP23+CM23+CJ23+CG23+CD23+CA23+BX23+BU23+BR23+BO23+BL23 -> 41490.625 | EE23: =IF(EB23<>0,((ED23/EB23)*360),0) -> 0.045688231 | EG23: =Q23+T23+W23+Z23+AC23+AF23 -> 0 | EH23: =S23+V23+Y23+AB23+AE23+AH23 -> 0 | EI23: =IF(EG23<>0,((EH23/EG23)*360),0) -> 0 | EK23: =DR23+DL23+DI23+DF23+DC23+CZ23+CW23+CT23+CQ23+CN23+CK23+CH23+CE23+CB23+BY23+BV23+BS23+BP23+BM23+BJ23+BG23+BD23+BA23+AX23+AU23+AR23+AO23+AL23+AI23+DO23 -> 326925000 | EL23: =DX23 -> 0 | EM23: =DT23+DQ23+DN23+DK23+DH23+DE23+DB23+CY23+CV23+CS23+CP23+CM23+CJ23+CG23+CD23+CA23+BX23+BU23+BR23+BO23+BL23+BI23+BF23+BC23+AZ23+AW23+AT23+AQ23+AN23+AK23 -> 41490.625 | EN23: =IF(EK23<>0,((EM23/EK23)*360),0) -> 0.045688231
A24: =1+A23 -> 45883 | B24: 0 | C24: 0.04569936 | D24: =(B24*C24)/360 -> 0 | G24: =(E24*F24)/360 -> 0 | J24: =(H24*I24)/360 -> 0 | M24: =(K24*L24)/360 -> 0 | P24: =(N24*O24)/360 -> 0 | S24: =(Q24*R24)/360 -> 0 | V24: =(T24*U24)/360 -> 0 | Y24: =(W24*X24)/360 -> 0 | AB24: =(Z24*AA24)/360 -> 0 | AE24: 0 | AH24: 0 | AI24: =30000000+56300000 -> 86300000 | AJ24: 0.045 | AK24: =(AI24*AJ24)/360 -> 10787.5 | AL24: =33905000+66095000+40000000+42375000+27625000 -> 210000000 | AM24: 0.046 | AN24: =(AL24*AM24)/360 -> 26833.333 | AO24: =30000000 -> 30000000 | AP24: 0.0455 | AQ24: =(AO24*AP24)/360 -> 3791.6667 | AT24: =(AR24*AS24)/360 -> 0 | AW24: =(AU24*AV24)/360 -> 0 | AZ24: =(AX24*AY24)/360 -> 0 | BC24: =(BA24*BB24)/360 -> 0 | BF24: =(BD24*BE24)/360 -> 0 | BI24: =(BG24*BH24)/360 -> 0 | BL24: =(BJ24*BK24)/360 -> 0 | BO24: =(BM24*BN24)/360 -> 0 | BR24: =(BP24*BQ24)/360 -> 0 | BU24: =(BS24*BT24)/360 -> 0 | BX24: =(BV24*BW24)/360 -> 0 | CA24: =(BY24*BZ24)/360 -> 0 | CD24: =(CB24*CC24)/360 -> 0 | CG24: =(CE24*CF24)/360 -> 0 | CJ24: =(CH24*CI24)/360 -> 0 | CM24: =(CK24*CL24)/360 -> 0 | CP24: =(CN24*CO24)/360 -> 0 | CS24: =(CQ24*CR24)/360 -> 0 | CV24: =(CT24*CU24)/360 -> 0 | CY24: =(CW24*CX24)/360 -> 0 | DB24: =(CZ24*DA24)/360 -> 0 | DE24: =(DC24*DD24)/360 -> 0 | DH24: =(DF24*DG24)/360 -> 0 | DK24: =(DI24*DJ24)/360 -> 0 | DN24: =(DL24*DM24)/360 -> 0 | DQ24: =(DO24*DP24)/360 -> 0 | DT24: =(DR24*DS24)/360 -> 0 | DW24: =(DU24*DV24)/360 -> 0 | EB24: =B24+E24+H24+K24+N24+Q24+T24+W24+Z24+AC24+AF24+AL24+AO24+AR24+AU24+AX24+BA24+BD24+BG24+DU24+AI24+DR24+DO24+DL24+DI24+DF24+DC24+CZ24+CW24+CT24+CQ24+CN24+CK24+CH24+CE24+CB24+BY24+BV24+BS24+BP24+BM24+BJ24 -> 326300000 | EC24: =EB24-EK24+EL24 -> 0 | ED24: =D24+G24+J24+M24+P24+S24+V24+Y24+AB24+AE24+AH24+AK24+AN24+AQ24+AT24+AW24+AZ24+BC24+BF24+BI24+DW24+DT24+DQ24+DN24+DK24+DH24+DE24+DB24+CY24+CV24+CS24+CP24+CM24+CJ24+CG24+CD24+CA24+BX24+BU24+BR24+BO24+BL24 -> 41412.5 | EE24: =IF(EB24<>0,((ED24/EB24)*360),0) -> 0.045689549 | EG24: =Q24+T24+W24+Z24+AC24+AF24 -> 0 | EH24: =S24+V24+Y24+AB24+AE24+AH24 -> 0 | EI24: =IF(EG24<>0,((EH24/EG24)*360),0) -> 0 | EK24: =DR24+DL24+DI24+DF24+DC24+CZ24+CW24+CT24+CQ24+CN24+CK24+CH24+CE24+CB24+BY24+BV24+BS24+BP24+BM24+BJ24+BG24+BD24+BA24+AX24+AU24+AR24+AO24+AL24+AI24+DO24 -> 326300000 | EL24: =DX24 -> 0 | EM24: =DT24+DQ24+DN24+DK24+DH24+DE24+DB24+CY24+CV24+CS24+CP24+CM24+CJ24+CG24+CD24+CA24+BX24+BU24+BR24+BO24+BL24+BI24+BF24+BC24+AZ24+AW24+AT24+AQ24+AN24+AK24 -> 41412.5 | EN24: =IF(EK24<>0,((EM24/EK24)*360),0) -> 0.045689549
A25: =1+A24 -> 45884 | B25: 0 | C25: 0.04569692 | D25: =(B25*C25)/360 -> 0 | G25: =(E25*F25)/360 -> 0 | J25: =(H25*I25)/360 -> 0 | M25: =(K25*L25)/360 -> 0 | P25: =(N25*O25)/360 -> 0 | S25: =(Q25*R25)/360 -> 0 | V25: =(T25*U25)/360 -> 0 | Y25: =(W25*X25)/360 -> 0 | AB25: =(Z25*AA25)/360 -> 0 | AE25: 0 | AH25: 0 | AI25: =35000000+36350000+40000000 -> 111350000 | AJ25: 0.045 | AK25: =(AI25*AJ25)/360 -> 13918.75 | AL25: =33905000+66095000+42375000+27625000 -> 170000000 | AM25: 0.046 | AN25: =(AL25*AM25)/360 -> 21722.222 | AO25: =30000000 -> 30000000 | AP25: 0.0455 | AQ25: =(AO25*AP25)/360 -> 3791.6667 | AT25: =(AR25*AS25)/360 -> 0 | AW25: =(AU25*AV25)/360 -> 0 | AZ25: =(AX25*AY25)/360 -> 0 | BC25: =(BA25*BB25)/360 -> 0 | BF25: =(BD25*BE25)/360 -> 0 | BI25: =(BG25*BH25)/360 -> 0 | BL25: =(BJ25*BK25)/360 -> 0 | BO25: =(BM25*BN25)/360 -> 0 | BR25: =(BP25*BQ25)/360 -> 0 | BU25: =(BS25*BT25)/360 -> 0 | BX25: =(BV25*BW25)/360 -> 0 | CA25: =(BY25*BZ25)/360 -> 0 | CD25: =(CB25*CC25)/360 -> 0 | CG25: =(CE25*CF25)/360 -> 0 | CJ25: =(CH25*CI25)/360 -> 0 | CM25: =(CK25*CL25)/360 -> 0 | CP25: =(CN25*CO25)/360 -> 0 | CS25: =(CQ25*CR25)/360 -> 0 | CV25: =(CT25*CU25)/360 -> 0 | CY25: =(CW25*CX25)/360 -> 0 | DB25: =(CZ25*DA25)/360 -> 0 | DE25: =(DC25*DD25)/360 -> 0 | DH25: =(DF25*DG25)/360 -> 0 | DK25: =(DI25*DJ25)/360 -> 0 | DN25: =(DL25*DM25)/360 -> 0 | DQ25: =(DO25*DP25)/360 -> 0 | DT25: =(DR25*DS25)/360 -> 0 | DW25: =(DU25*DV25)/360 -> 0 | EB25: =B25+E25+H25+K25+N25+Q25+T25+W25+Z25+AC25+AF25+AL25+AO25+AR25+AU25+AX25+BA25+BD25+BG25+DU25+AI25+DR25+DO25+DL25+DI25+DF25+DC25+CZ25+CW25+CT25+CQ25+CN25+CK25+CH25+CE25+CB25+BY25+BV25+BS25+BP25+BM25+BJ25 -> 311350000 | EC25: =EB25-EK25+EL25 -> 0 | ED25: =D25+G25+J25+M25+P25+S25+V25+Y25+AB25+AE25+AH25+AK25+AN25+AQ25+AT25+AW25+AZ25+BC25+BF25+BI25+DW25+DT25+DQ25+DN25+DK25+DH25+DE25+DB25+CY25+CV25+CS25+CP25+CM25+CJ25+CG25+CD25+CA25+BX25+BU25+BR25+BO25+BL25 -> 39432.639 | EE25: =IF(EB25<>0,((ED25/EB25)*360),0) -> 0.045594187 | EG25: =Q25+T25+W25+Z25+AC25+AF25 -> 0 | EH25: =S25+V25+Y25+AB25+AE25+AH25 -> 0 | EI25: =IF(EG25<>0,((EH25/EG25)*360),0) -> 0 | EK25: =DR25+DL25+DI25+DF25+DC25+CZ25+CW25+CT25+CQ25+CN25+CK25+CH25+CE25+CB25+BY25+BV25+BS25+BP25+BM25+BJ25+BG25+BD25+BA25+AX25+AU25+AR25+AO25+AL25+AI25+DO25 -> 311350000 | EL25: =DX25 -> 0 | EM25: =DT25+DQ25+DN25+DK25+DH25+DE25+DB25+CY25+CV25+CS25+CP25+CM25+CJ25+CG25+CD25+CA25+BX25+BU25+BR25+BO25+BL25+BI25+BF25+BC25+AZ25+AW25+AT25+AQ25+AN25+AK25 -> 39432.639 | EN25: =IF(EK25<>0,((EM25/EK25)*360),0) -> 0.045594187
A26: =1+A25 -> 45885 | B26: 0 | C26: 0.04569692 | D26: =(B26*C26)/360 -> 0 | G26: =(E26*F26)/360 -> 0 | J26: =(H26*I26)/360 -> 0 | M26: =(K26*L26)/360 -> 0 | P26: =(N26*O26)/360 -> 0 | S26: =(Q26*R26)/360 -> 0 | V26: =(T26*U26)/360 -> 0 | Y26: =(W26*X26)/360 -> 0 | AB26: =(Z26*AA26)/360 -> 0 | AE26: 0 | AH26: 0 | AI26: =35000000+36350000+40000000 -> 111350000 | AJ26: 0.045 | AK26: =(AI26*AJ26)/360 -> 13918.75 | AL26: =33905000+66095000+42375000+27625000 -> 170000000 | AM26: 0.046 | AN26: =(AL26*AM26)/360 -> 21722.222 | AO26: =30000000 -> 30000000 | AP26: 0.0455 | AQ26: =(AO26*AP26)/360 -> 3791.6667 | AT26: =(AR26*AS26)/360 -> 0 | AW26: =(AU26*AV26)/360 -> 0 | AZ26: =(AX26*AY26)/360 -> 0 | BC26: =(BA26*BB26)/360 -> 0 | BF26: =(BD26*BE26)/360 -> 0 | BI26: =(BG26*BH26)/360 -> 0 | BL26: =(BJ26*BK26)/360 -> 0 | BO26: =(BM26*BN26)/360 -> 0 | BR26: =(BP26*BQ26)/360 -> 0 | BU26: =(BS26*BT26)/360 -> 0 | BX26: =(BV26*BW26)/360 -> 0 | CA26: =(BY26*BZ26)/360 -> 0 | CD26: =(CB26*CC26)/360 -> 0 | CG26: =(CE26*CF26)/360 -> 0 | CJ26: =(CH26*CI26)/360 -> 0 | CM26: =(CK26*CL26)/360 -> 0 | CP26: =(CN26*CO26)/360 -> 0 | CS26: =(CQ26*CR26)/360 -> 0 | CV26: =(CT26*CU26)/360 -> 0 | CY26: =(CW26*CX26)/360 -> 0 | DB26: =(CZ26*DA26)/360 -> 0 | DE26: =(DC26*DD26)/360 -> 0 | DH26: =(DF26*DG26)/360 -> 0 | DK26: =(DI26*DJ26)/360 -> 0 | DN26: =(DL26*DM26)/360 -> 0 | DQ26: =(DO26*DP26)/360 -> 0 | DT26: =(DR26*DS26)/360 -> 0 | DW26: =(DU26*DV26)/360 -> 0 | EB26: =B26+E26+H26+K26+N26+Q26+T26+W26+Z26+AC26+AF26+AL26+AO26+AR26+AU26+AX26+BA26+BD26+BG26+DU26+AI26+DR26+DO26+DL26+DI26+DF26+DC26+CZ26+CW26+CT26+CQ26+CN26+CK26+CH26+CE26+CB26+BY26+BV26+BS26+BP26+BM26+BJ26 -> 311350000 | EC26: =EB26-EK26+EL26 -> 0 | ED26: =D26+G26+J26+M26+P26+S26+V26+Y26+AB26+AE26+AH26+AK26+AN26+AQ26+AT26+AW26+AZ26+BC26+BF26+BI26+DW26+DT26+DQ26+DN26+DK26+DH26+DE26+DB26+CY26+CV26+CS26+CP26+CM26+CJ26+CG26+CD26+CA26+BX26+BU26+BR26+BO26+BL26 -> 39432.639 | EE26: =IF(EB26<>0,((ED26/EB26)*360),0) -> 0.045594187 | EG26: =Q26+T26+W26+Z26+AC26+AF26 -> 0 | EH26: =S26+V26+Y26+AB26+AE26+AH26 -> 0 | EI26: =IF(EG26<>0,((EH26/EG26)*360),0) -> 0 | EK26: =DR26+DL26+DI26+DF26+DC26+CZ26+CW26+CT26+CQ26+CN26+CK26+CH26+CE26+CB26+BY26+BV26+BS26+BP26+BM26+BJ26+BG26+BD26+BA26+AX26+AU26+AR26+AO26+AL26+AI26+DO26 -> 311350000 | EL26: =DX26 -> 0 | EM26: =DT26+DQ26+DN26+DK26+DH26+DE26+DB26+CY26+CV26+CS26+CP26+CM26+CJ26+CG26+CD26+CA26+BX26+BU26+BR26+BO26+BL26+BI26+BF26+BC26+AZ26+AW26+AT26+AQ26+AN26+AK26 -> 39432.639 | EN26: =IF(EK26<>0,((EM26/EK26)*360),0) -> 0.045594187
A27: =1+A26 -> 45886 | B27: 0 | C27: 0.04569692 | D27: =(B27*C27)/360 -> 0 | G27: =(E27*F27)/360 -> 0 | J27: =(H27*I27)/360 -> 0 | M27: =(K27*L27)/360 -> 0 | P27: =(N27*O27)/360 -> 0 | S27: =(Q27*R27)/360 -> 0 | V27: =(T27*U27)/360 -> 0 | Y27: =(W27*X27)/360 -> 0 | AB27: =(Z27*AA27)/360 -> 0 | AE27: 0 | AH27: 0 | AI27: =35000000+36350000+40000000 -> 111350000 | AJ27: 0.045 | AK27: =(AI27*AJ27)/360 -> 13918.75 | AL27: =33905000+66095000+42375000+27625000 -> 170000000 | AM27: 0.046 | AN27: =(AL27*AM27)/360 -> 21722.222 | AO27: =30000000 -> 30000000 | AP27: 0.0455 | AQ27: =(AO27*AP27)/360 -> 3791.6667 | AT27: =(AR27*AS27)/360 -> 0 | AW27: =(AU27*AV27)/360 -> 0 | AZ27: =(AX27*AY27)/360 -> 0 | BC27: =(BA27*BB27)/360 -> 0 | BF27: =(BD27*BE27)/360 -> 0 | BI27: =(BG27*BH27)/360 -> 0 | BL27: =(BJ27*BK27)/360 -> 0 | BO27: =(BM27*BN27)/360 -> 0 | BR27: =(BP27*BQ27)/360 -> 0 | BU27: =(BS27*BT27)/360 -> 0 | BX27: =(BV27*BW27)/360 -> 0 | CA27: =(BY27*BZ27)/360 -> 0 | CD27: =(CB27*CC27)/360 -> 0 | CG27: =(CE27*CF27)/360 -> 0 | CJ27: =(CH27*CI27)/360 -> 0 | CM27: =(CK27*CL27)/360 -> 0 | CP27: =(CN27*CO27)/360 -> 0 | CS27: =(CQ27*CR27)/360 -> 0 | CV27: =(CT27*CU27)/360 -> 0 | CY27: =(CW27*CX27)/360 -> 0 | DB27: =(CZ27*DA27)/360 -> 0 | DE27: =(DC27*DD27)/360 -> 0 | DH27: =(DF27*DG27)/360 -> 0 | DK27: =(DI27*DJ27)/360 -> 0 | DN27: =(DL27*DM27)/360 -> 0 | DQ27: =(DO27*DP27)/360 -> 0 | DT27: =(DR27*DS27)/360 -> 0 | DW27: =(DU27*DV27)/360 -> 0 | EB27: =B27+E27+H27+K27+N27+Q27+T27+W27+Z27+AC27+AF27+AL27+AO27+AR27+AU27+AX27+BA27+BD27+BG27+DU27+AI27+DR27+DO27+DL27+DI27+DF27+DC27+CZ27+CW27+CT27+CQ27+CN27+CK27+CH27+CE27+CB27+BY27+BV27+BS27+BP27+BM27+BJ27 -> 311350000 | EC27: =EB27-EK27+EL27 -> 0 | ED27: =D27+G27+J27+M27+P27+S27+V27+Y27+AB27+AE27+AH27+AK27+AN27+AQ27+AT27+AW27+AZ27+BC27+BF27+BI27+DW27+DT27+DQ27+DN27+DK27+DH27+DE27+DB27+CY27+CV27+CS27+CP27+CM27+CJ27+CG27+CD27+CA27+BX27+BU27+BR27+BO27+BL27 -> 39432.639 | EE27: =IF(EB27<>0,((ED27/EB27)*360),0) -> 0.045594187 | EG27: =Q27+T27+W27+Z27+AC27+AF27 -> 0 | EH27: =S27+V27+Y27+AB27+AE27+AH27 -> 0 | EI27: =IF(EG27<>0,((EH27/EG27)*360),0) -> 0 | EK27: =DR27+DL27+DI27+DF27+DC27+CZ27+CW27+CT27+CQ27+CN27+CK27+CH27+CE27+CB27+BY27+BV27+BS27+BP27+BM27+BJ27+BG27+BD27+BA27+AX27+AU27+AR27+AO27+AL27+AI27+DO27 -> 311350000 | EL27: =DX27 -> 0 | EM27: =DT27+DQ27+DN27+DK27+DH27+DE27+DB27+CY27+CV27+CS27+CP27+CM27+CJ27+CG27+CD27+CA27+BX27+BU27+BR27+BO27+BL27+BI27+BF27+BC27+AZ27+AW27+AT27+AQ27+AN27+AK27 -> 39432.639 | EN27: =IF(EK27<>0,((EM27/EK27)*360),0) -> 0.045594187
A28: =1+A27 -> 45887 | B28: 0 | C28: 0.04553425 | D28: =(B28*C28)/360 -> 0 | G28: =(E28*F28)/360 -> 0 | J28: =(H28*I28)/360 -> 0 | M28: =(K28*L28)/360 -> 0 | P28: =(N28*O28)/360 -> 0 | S28: =(Q28*R28)/360 -> 0 | V28: =(T28*U28)/360 -> 0 | Y28: =(W28*X28)/360 -> 0 | AB28: =(Z28*AA28)/360 -> 0 | AE28: 0 | AH28: 0 | AI28: =60000000+49000000 -> 109000000 | AJ28: 0.045 | AK28: =(AI28*AJ28)/360 -> 13625 | AL28: =33905000+66095000+42375000+27625000 -> 170000000 | AM28: 0.046 | AN28: =(AL28*AM28)/360 -> 21722.222 | AO28: =30000000 -> 30000000 | AP28: 0.0455 | AQ28: =(AO28*AP28)/360 -> 3791.6667 | AT28: =(AR28*AS28)/360 -> 0 | AW28: =(AU28*AV28)/360 -> 0 | AZ28: =(AX28*AY28)/360 -> 0 | BC28: =(BA28*BB28)/360 -> 0 | BF28: =(BD28*BE28)/360 -> 0 | BI28: =(BG28*BH28)/360 -> 0 | BL28: =(BJ28*BK28)/360 -> 0 | BO28: =(BM28*BN28)/360 -> 0 | BR28: =(BP28*BQ28)/360 -> 0 | BU28: =(BS28*BT28)/360 -> 0 | BX28: =(BV28*BW28)/360 -> 0 | CA28: =(BY28*BZ28)/360 -> 0 | CD28: =(CB28*CC28)/360 -> 0 | CG28: =(CE28*CF28)/360 -> 0 | CJ28: =(CH28*CI28)/360 -> 0 | CM28: =(CK28*CL28)/360 -> 0 | CP28: =(CN28*CO28)/360 -> 0 | CS28: =(CQ28*CR28)/360 -> 0 | CV28: =(CT28*CU28)/360 -> 0 | CY28: =(CW28*CX28)/360 -> 0 | DB28: =(CZ28*DA28)/360 -> 0 | DE28: =(DC28*DD28)/360 -> 0 | DH28: =(DF28*DG28)/360 -> 0 | DK28: =(DI28*DJ28)/360 -> 0 | DN28: =(DL28*DM28)/360 -> 0 | DQ28: =(DO28*DP28)/360 -> 0 | DT28: =(DR28*DS28)/360 -> 0 | DW28: =(DU28*DV28)/360 -> 0 | EB28: =B28+E28+H28+K28+N28+Q28+T28+W28+Z28+AC28+AF28+AL28+AO28+AR28+AU28+AX28+BA28+BD28+BG28+DU28+AI28+DR28+DO28+DL28+DI28+DF28+DC28+CZ28+CW28+CT28+CQ28+CN28+CK28+CH28+CE28+CB28+BY28+BV28+BS28+BP28+BM28+BJ28 -> 309000000 | EC28: =EB28-EK28+EL28 -> 0 | ED28: =D28+G28+J28+M28+P28+S28+V28+Y28+AB28+AE28+AH28+AK28+AN28+AQ28+AT28+AW28+AZ28+BC28+BF28+BI28+DW28+DT28+DQ28+DN28+DK28+DH28+DE28+DB28+CY28+CV28+CS28+CP28+CM28+CJ28+CG28+CD28+CA28+BX28+BU28+BR28+BO28+BL28 -> 39138.889 | EE28: =IF(EB28<>0,((ED28/EB28)*360),0) -> 0.045598706 | EG28: =Q28+T28+W28+Z28+AC28+AF28 -> 0 | EH28: =S28+V28+Y28+AB28+AE28+AH28 -> 0 | EI28: =IF(EG28<>0,((EH28/EG28)*360),0) -> 0 | EK28: =DR28+DL28+DI28+DF28+DC28+CZ28+CW28+CT28+CQ28+CN28+CK28+CH28+CE28+CB28+BY28+BV28+BS28+BP28+BM28+BJ28+BG28+BD28+BA28+AX28+AU28+AR28+AO28+AL28+AI28+DO28 -> 309000000 | EL28: =DX28 -> 0 | EM28: =DT28+DQ28+DN28+DK28+DH28+DE28+DB28+CY28+CV28+CS28+CP28+CM28+CJ28+CG28+CD28+CA28+BX28+BU28+BR28+BO28+BL28+BI28+BF28+BC28+AZ28+AW28+AT28+AQ28+AN28+AK28 -> 39138.889 | EN28: =IF(EK28<>0,((EM28/EK28)*360),0) -> 0.045598706
A29: =1+A28 -> 45888 | B29: 0 | C29: 0.04553596 | D29: =(B29*C29)/360 -> 0 | G29: =(E29*F29)/360 -> 0 | J29: =(H29*I29)/360 -> 0 | M29: =(K29*L29)/360 -> 0 | P29: =(N29*O29)/360 -> 0 | S29: =(Q29*R29)/360 -> 0 | V29: =(T29*U29)/360 -> 0 | Y29: =(W29*X29)/360 -> 0 | AB29: =(Z29*AA29)/360 -> 0 | AE29: 0 | AH29: 0 | AI29: =45100000+45000000 -> 90100000 | AJ29: 0.045 | AK29: =(AI29*AJ29)/360 -> 11262.5 | AL29: =33905000+66095000+42375000+27625000 -> 170000000 | AM29: 0.046 | AN29: =(AL29*AM29)/360 -> 21722.222 | AO29: =30000000 -> 30000000 | AP29: 0.0455 | AQ29: =(AO29*AP29)/360 -> 3791.6667 | AT29: =(AR29*AS29)/360 -> 0 | AW29: =(AU29*AV29)/360 -> 0 | AZ29: =(AX29*AY29)/360 -> 0 | BC29: =(BA29*BB29)/360 -> 0 | BF29: =(BD29*BE29)/360 -> 0 | BI29: =(BG29*BH29)/360 -> 0 | BL29: =(BJ29*BK29)/360 -> 0 | BO29: =(BM29*BN29)/360 -> 0 | BR29: =(BP29*BQ29)/360 -> 0 | BU29: =(BS29*BT29)/360 -> 0 | BX29: =(BV29*BW29)/360 -> 0 | CA29: =(BY29*BZ29)/360 -> 0 | CD29: =(CB29*CC29)/360 -> 0 | CG29: =(CE29*CF29)/360 -> 0 | CJ29: =(CH29*CI29)/360 -> 0 | CM29: =(CK29*CL29)/360 -> 0 | CP29: =(CN29*CO29)/360 -> 0 | CS29: =(CQ29*CR29)/360 -> 0 | CV29: =(CT29*CU29)/360 -> 0 | CY29: =(CW29*CX29)/360 -> 0 | DB29: =(CZ29*DA29)/360 -> 0 | DE29: =(DC29*DD29)/360 -> 0 | DH29: =(DF29*DG29)/360 -> 0 | DK29: =(DI29*DJ29)/360 -> 0 | DN29: =(DL29*DM29)/360 -> 0 | DQ29: =(DO29*DP29)/360 -> 0 | DT29: =(DR29*DS29)/360 -> 0 | DW29: =(DU29*DV29)/360 -> 0 | EB29: =B29+E29+H29+K29+N29+Q29+T29+W29+Z29+AC29+AF29+AL29+AO29+AR29+AU29+AX29+BA29+BD29+BG29+DU29+AI29+DR29+DO29+DL29+DI29+DF29+DC29+CZ29+CW29+CT29+CQ29+CN29+CK29+CH29+CE29+CB29+BY29+BV29+BS29+BP29+BM29+BJ29 -> 290100000 | EC29: =EB29-EK29+EL29 -> 0 | ED29: =D29+G29+J29+M29+P29+S29+V29+Y29+AB29+AE29+AH29+AK29+AN29+AQ29+AT29+AW29+AZ29+BC29+BF29+BI29+DW29+DT29+DQ29+DN29+DK29+DH29+DE29+DB29+CY29+CV29+CS29+CP29+CM29+CJ29+CG29+CD29+CA29+BX29+BU29+BR29+BO29+BL29 -> 36776.389 | EE29: =IF(EB29<>0,((ED29/EB29)*360),0) -> 0.045637711 | EG29: =Q29+T29+W29+Z29+AC29+AF29 -> 0 | EH29: =S29+V29+Y29+AB29+AE29+AH29 -> 0 | EI29: =IF(EG29<>0,((EH29/EG29)*360),0) -> 0 | EK29: =DR29+DL29+DI29+DF29+DC29+CZ29+CW29+CT29+CQ29+CN29+CK29+CH29+CE29+CB29+BY29+BV29+BS29+BP29+BM29+BJ29+BG29+BD29+BA29+AX29+AU29+AR29+AO29+AL29+AI29+DO29 -> 290100000 | EL29: =DX29 -> 0 | EM29: =DT29+DQ29+DN29+DK29+DH29+DE29+DB29+CY29+CV29+CS29+CP29+CM29+CJ29+CG29+CD29+CA29+BX29+BU29+BR29+BO29+BL29+BI29+BF29+BC29+AZ29+AW29+AT29+AQ29+AN29+AK29 -> 36776.389 | EN29: =IF(EK29<>0,((EM29/EK29)*360),0) -> 0.045637711
A30: =1+A29 -> 45889 | B30: 0 | C30: 0.04552444 | D30: =(B30*C30)/360 -> 0 | G30: =(E30*F30)/360 -> 0 | J30: =(H30*I30)/360 -> 0 | M30: =(K30*L30)/360 -> 0 | P30: =(N30*O30)/360 -> 0 | S30: =(Q30*R30)/360 -> 0 | V30: =(T30*U30)/360 -> 0 | Y30: =(W30*X30)/360 -> 0 | AB30: =(Z30*AA30)/360 -> 0 | AE30: 0 | AH30: 0 | AI30: =1750000+45000000 -> 46750000 | AJ30: 0.045 | AK30: =(AI30*AJ30)/360 -> 5843.75 | AL30: =33905000+66095000+42375000+27625000 -> 170000000 | AM30: 0.046 | AN30: =(AL30*AM30)/360 -> 21722.222 | AO30: =30000000 -> 30000000 | AP30: 0.0455 | AQ30: =(AO30*AP30)/360 -> 3791.6667 | AT30: =(AR30*AS30)/360 -> 0 | AW30: =(AU30*AV30)/360 -> 0 | AZ30: =(AX30*AY30)/360 -> 0 | BC30: =(BA30*BB30)/360 -> 0 | BF30: =(BD30*BE30)/360 -> 0 | BI30: =(BG30*BH30)/360 -> 0 | BL30: =(BJ30*BK30)/360 -> 0 | BO30: =(BM30*BN30)/360 -> 0 | BR30: =(BP30*BQ30)/360 -> 0 | BU30: =(BS30*BT30)/360 -> 0 | BX30: =(BV30*BW30)/360 -> 0 | CA30: =(BY30*BZ30)/360 -> 0 | CD30: =(CB30*CC30)/360 -> 0 | CG30: =(CE30*CF30)/360 -> 0 | CJ30: =(CH30*CI30)/360 -> 0 | CM30: =(CK30*CL30)/360 -> 0 | CP30: =(CN30*CO30)/360 -> 0 | CS30: =(CQ30*CR30)/360 -> 0 | CV30: =(CT30*CU30)/360 -> 0 | CY30: =(CW30*CX30)/360 -> 0 | DB30: =(CZ30*DA30)/360 -> 0 | DE30: =(DC30*DD30)/360 -> 0 | DH30: =(DF30*DG30)/360 -> 0 | DK30: =(DI30*DJ30)/360 -> 0 | DN30: =(DL30*DM30)/360 -> 0 | DQ30: =(DO30*DP30)/360 -> 0 | DT30: =(DR30*DS30)/360 -> 0 | DW30: =(DU30*DV30)/360 -> 0 | EB30: =B30+E30+H30+K30+N30+Q30+T30+W30+Z30+AC30+AF30+AL30+AO30+AR30+AU30+AX30+BA30+BD30+BG30+DU30+AI30+DR30+DO30+DL30+DI30+DF30+DC30+CZ30+CW30+CT30+CQ30+CN30+CK30+CH30+CE30+CB30+BY30+BV30+BS30+BP30+BM30+BJ30 -> 246750000 | EC30: =EB30-EK30+EL30 -> 0 | ED30: =D30+G30+J30+M30+P30+S30+V30+Y30+AB30+AE30+AH30+AK30+AN30+AQ30+AT30+AW30+AZ30+BC30+BF30+BI30+DW30+DT30+DQ30+DN30+DK30+DH30+DE30+DB30+CY30+CV30+CS30+CP30+CM30+CJ30+CG30+CD30+CA30+BX30+BU30+BR30+BO30+BL30 -> 31357.639 | EE30: =IF(EB30<>0,((ED30/EB30)*360),0) -> 0.045749747 | EG30: =Q30+T30+W30+Z30+AC30+AF30 -> 0 | EH30: =S30+V30+Y30+AB30+AE30+AH30 -> 0 | EI30: =IF(EG30<>0,((EH30/EG30)*360),0) -> 0 | EK30: =DR30+DL30+DI30+DF30+DC30+CZ30+CW30+CT30+CQ30+CN30+CK30+CH30+CE30+CB30+BY30+BV30+BS30+BP30+BM30+BJ30+BG30+BD30+BA30+AX30+AU30+AR30+AO30+AL30+AI30+DO30 -> 246750000 | EL30: =DX30 -> 0 | EM30: =DT30+DQ30+DN30+DK30+DH30+DE30+DB30+CY30+CV30+CS30+CP30+CM30+CJ30+CG30+CD30+CA30+BX30+BU30+BR30+BO30+BL30+BI30+BF30+BC30+AZ30+AW30+AT30+AQ30+AN30+AK30 -> 31357.639 | EN30: =IF(EK30<>0,((EM30/EK30)*360),0) -> 0.045749747
A31: =1+A30 -> 45890 | B31: 0 | C31: 0.04552512 | D31: =(B31*C31)/360 -> 0 | G31: =(E31*F31)/360 -> 0 | J31: =(H31*I31)/360 -> 0 | M31: =(K31*L31)/360 -> 0 | P31: =(N31*O31)/360 -> 0 | S31: =(Q31*R31)/360 -> 0 | V31: =(T31*U31)/360 -> 0 | Y31: =(W31*X31)/360 -> 0 | AB31: =(Z31*AA31)/360 -> 0 | AE31: 0 | AH31: 0 | AI31: =38900000 -> 38900000 | AJ31: 0.045 | AK31: =(AI31*AJ31)/360 -> 4862.5 | AL31: =33905000+66095000+42375000+27625000 -> 170000000 | AM31: 0.046 | AN31: =(AL31*AM31)/360 -> 21722.222 | AO31: =30000000 -> 30000000 | AP31: 0.0455 | AQ31: =(AO31*AP31)/360 -> 3791.6667 | AT31: =(AR31*AS31)/360 -> 0 | AW31: =(AU31*AV31)/360 -> 0 | AZ31: =(AX31*AY31)/360 -> 0 | BC31: =(BA31*BB31)/360 -> 0 | BF31: =(BD31*BE31)/360 -> 0 | BI31: =(BG31*BH31)/360 -> 0 | BL31: =(BJ31*BK31)/360 -> 0 | BO31: =(BM31*BN31)/360 -> 0 | BR31: =(BP31*BQ31)/360 -> 0 | BU31: =(BS31*BT31)/360 -> 0 | BX31: =(BV31*BW31)/360 -> 0 | CA31: =(BY31*BZ31)/360 -> 0 | CD31: =(CB31*CC31)/360 -> 0 | CG31: =(CE31*CF31)/360 -> 0 | CJ31: =(CH31*CI31)/360 -> 0 | CM31: =(CK31*CL31)/360 -> 0 | CP31: =(CN31*CO31)/360 -> 0 | CS31: =(CQ31*CR31)/360 -> 0 | CV31: =(CT31*CU31)/360 -> 0 | CY31: =(CW31*CX31)/360 -> 0 | DB31: =(CZ31*DA31)/360 -> 0 | DE31: =(DC31*DD31)/360 -> 0 | DH31: =(DF31*DG31)/360 -> 0 | DK31: =(DI31*DJ31)/360 -> 0 | DN31: =(DL31*DM31)/360 -> 0 | DQ31: =(DO31*DP31)/360 -> 0 | DT31: =(DR31*DS31)/360 -> 0 | DW31: =(DU31*DV31)/360 -> 0 | EB31: =B31+E31+H31+K31+N31+Q31+T31+W31+Z31+AC31+AF31+AL31+AO31+AR31+AU31+AX31+BA31+BD31+BG31+DU31+AI31+DR31+DO31+DL31+DI31+DF31+DC31+CZ31+CW31+CT31+CQ31+CN31+CK31+CH31+CE31+CB31+BY31+BV31+BS31+BP31+BM31+BJ31 -> 238900000 | EC31: =EB31-EK31+EL31 -> 0 | ED31: =D31+G31+J31+M31+P31+S31+V31+Y31+AB31+AE31+AH31+AK31+AN31+AQ31+AT31+AW31+AZ31+BC31+BF31+BI31+DW31+DT31+DQ31+DN31+DK31+DH31+DE31+DB31+CY31+CV31+CS31+CP31+CM31+CJ31+CG31+CD31+CA31+BX31+BU31+BR31+BO31+BL31 -> 30376.389 | EE31: =IF(EB31<>0,((ED31/EB31)*360),0) -> 0.045774383 | EG31: =Q31+T31+W31+Z31+AC31+AF31 -> 0 | EH31: =S31+V31+Y31+AB31+AE31+AH31 -> 0 | EI31: =IF(EG31<>0,((EH31/EG31)*360),0) -> 0 | EK31: =DR31+DL31+DI31+DF31+DC31+CZ31+CW31+CT31+CQ31+CN31+CK31+CH31+CE31+CB31+BY31+BV31+BS31+BP31+BM31+BJ31+BG31+BD31+BA31+AX31+AU31+AR31+AO31+AL31+AI31+DO31 -> 238900000 | EL31: =DX31 -> 0 | EM31: =DT31+DQ31+DN31+DK31+DH31+DE31+DB31+CY31+CV31+CS31+CP31+CM31+CJ31+CG31+CD31+CA31+BX31+BU31+BR31+BO31+BL31+BI31+BF31+BC31+AZ31+AW31+AT31+AQ31+AN31+AK31 -> 30376.389 | EN31: =IF(EK31<>0,((EM31/EK31)*360),0) -> 0.045774383
A32: =1+A31 -> 45891 | B32: 0 | C32: 0.04552383 | D32: =(B32*C32)/360 -> 0 | G32: =(E32*F32)/360 -> 0 | J32: =(H32*I32)/360 -> 0 | M32: =(K32*L32)/360 -> 0 | P32: =(N32*O32)/360 -> 0 | S32: =(Q32*R32)/360 -> 0 | V32: =(T32*U32)/360 -> 0 | Y32: =(W32*X32)/360 -> 0 | AB32: =(Z32*AA32)/360 -> 0 | AE32: 0 | AH32: 0 | AI32: 26225000 | AJ32: 0.045 | AK32: =(AI32*AJ32)/360 -> 3278.125 | AL32: =33905000+66095000+42375000+27625000 -> 170000000 | AM32: 0.046 | AN32: =(AL32*AM32)/360 -> 21722.222 | AO32: =30000000 -> 30000000 | AP32: 0.0455 | AQ32: =(AO32*AP32)/360 -> 3791.6667 | AT32: =(AR32*AS32)/360 -> 0 | AW32: =(AU32*AV32)/360 -> 0 | AZ32: =(AX32*AY32)/360 -> 0 | BC32: =(BA32*BB32)/360 -> 0 | BF32: =(BD32*BE32)/360 -> 0 | BI32: =(BG32*BH32)/360 -> 0 | BL32: =(BJ32*BK32)/360 -> 0 | BO32: =(BM32*BN32)/360 -> 0 | BR32: =(BP32*BQ32)/360 -> 0 | BU32: =(BS32*BT32)/360 -> 0 | BX32: =(BV32*BW32)/360 -> 0 | CA32: =(BY32*BZ32)/360 -> 0 | CD32: =(CB32*CC32)/360 -> 0 | CG32: =(CE32*CF32)/360 -> 0 | CJ32: =(CH32*CI32)/360 -> 0 | CM32: =(CK32*CL32)/360 -> 0 | CP32: =(CN32*CO32)/360 -> 0 | CS32: =(CQ32*CR32)/360 -> 0 | CV32: =(CT32*CU32)/360 -> 0 | CY32: =(CW32*CX32)/360 -> 0 | DB32: =(CZ32*DA32)/360 -> 0 | DE32: =(DC32*DD32)/360 -> 0 | DH32: =(DF32*DG32)/360 -> 0 | DK32: =(DI32*DJ32)/360 -> 0 | DN32: =(DL32*DM32)/360 -> 0 | DQ32: =(DO32*DP32)/360 -> 0 | DT32: =(DR32*DS32)/360 -> 0 | DW32: =(DU32*DV32)/360 -> 0 | EB32: =B32+E32+H32+K32+N32+Q32+T32+W32+Z32+AC32+AF32+AL32+AO32+AR32+AU32+AX32+BA32+BD32+BG32+DU32+AI32+DR32+DO32+DL32+DI32+DF32+DC32+CZ32+CW32+CT32+CQ32+CN32+CK32+CH32+CE32+CB32+BY32+BV32+BS32+BP32+BM32+BJ32 -> 226225000 | EC32: =EB32-EK32+EL32 -> 0 | ED32: =D32+G32+J32+M32+P32+S32+V32+Y32+AB32+AE32+AH32+AK32+AN32+AQ32+AT32+AW32+AZ32+BC32+BF32+BI32+DW32+DT32+DQ32+DN32+DK32+DH32+DE32+DB32+CY32+CV32+CS32+CP32+CM32+CJ32+CG32+CD32+CA32+BX32+BU32+BR32+BO32+BL32 -> 28792.014 | EE32: =IF(EB32<>0,((ED32/EB32)*360),0) -> 0.04581777 | EG32: =Q32+T32+W32+Z32+AC32+AF32 -> 0 | EH32: =S32+V32+Y32+AB32+AE32+AH32 -> 0 | EI32: =IF(EG32<>0,((EH32/EG32)*360),0) -> 0 | EK32: =DR32+DL32+DI32+DF32+DC32+CZ32+CW32+CT32+CQ32+CN32+CK32+CH32+CE32+CB32+BY32+BV32+BS32+BP32+BM32+BJ32+BG32+BD32+BA32+AX32+AU32+AR32+AO32+AL32+AI32+DO32 -> 226225000 | EL32: =DX32 -> 0 | EM32: =DT32+DQ32+DN32+DK32+DH32+DE32+DB32+CY32+CV32+CS32+CP32+CM32+CJ32+CG32+CD32+CA32+BX32+BU32+BR32+BO32+BL32+BI32+BF32+BC32+AZ32+AW32+AT32+AQ32+AN32+AK32 -> 28792.014 | EN32: =IF(EK32<>0,((EM32/EK32)*360),0) -> 0.04581777
A33: =1+A32 -> 45892 | B33: 0 | C33: 0.04552383 | D33: =(B33*C33)/360 -> 0 | G33: =(E33*F33)/360 -> 0 | J33: =(H33*I33)/360 -> 0 | M33: =(K33*L33)/360 -> 0 | P33: =(N33*O33)/360 -> 0 | S33: =(Q33*R33)/360 -> 0 | V33: =(T33*U33)/360 -> 0 | Y33: =(W33*X33)/360 -> 0 | AB33: =(Z33*AA33)/360 -> 0 | AE33: 0 | AH33: 0 | AI33: 26225000 | AJ33: 0.045 | AK33: =(AI33*AJ33)/360 -> 3278.125 | AL33: =33905000+66095000+42375000+27625000 -> 170000000 | AM33: 0.046 | AN33: =(AL33*AM33)/360 -> 21722.222 | AO33: =30000000 -> 30000000 | AP33: 0.0455 | AQ33: =(AO33*AP33)/360 -> 3791.6667 | AT33: =(AR33*AS33)/360 -> 0 | AW33: =(AU33*AV33)/360 -> 0 | AZ33: =(AX33*AY33)/360 -> 0 | BC33: =(BA33*BB33)/360 -> 0 | BF33: =(BD33*BE33)/360 -> 0 | BI33: =(BG33*BH33)/360 -> 0 | BL33: =(BJ33*BK33)/360 -> 0 | BO33: =(BM33*BN33)/360 -> 0 | BR33: =(BP33*BQ33)/360 -> 0 | BU33: =(BS33*BT33)/360 -> 0 | BX33: =(BV33*BW33)/360 -> 0 | CA33: =(BY33*BZ33)/360 -> 0 | CD33: =(CB33*CC33)/360 -> 0 | CG33: =(CE33*CF33)/360 -> 0 | CJ33: =(CH33*CI33)/360 -> 0 | CM33: =(CK33*CL33)/360 -> 0 | CP33: =(CN33*CO33)/360 -> 0 | CS33: =(CQ33*CR33)/360 -> 0 | CV33: =(CT33*CU33)/360 -> 0 | CY33: =(CW33*CX33)/360 -> 0 | DB33: =(CZ33*DA33)/360 -> 0 | DE33: =(DC33*DD33)/360 -> 0 | DH33: =(DF33*DG33)/360 -> 0 | DK33: =(DI33*DJ33)/360 -> 0 | DN33: =(DL33*DM33)/360 -> 0 | DQ33: =(DO33*DP33)/360 -> 0 | DT33: =(DR33*DS33)/360 -> 0 | DW33: =(DU33*DV33)/360 -> 0 | EB33: =B33+E33+H33+K33+N33+Q33+T33+W33+Z33+AC33+AF33+AL33+AO33+AR33+AU33+AX33+BA33+BD33+BG33+DU33+AI33+DR33+DO33+DL33+DI33+DF33+DC33+CZ33+CW33+CT33+CQ33+CN33+CK33+CH33+CE33+CB33+BY33+BV33+BS33+BP33+BM33+BJ33 -> 226225000 | EC33: =EB33-EK33+EL33 -> 0 | ED33: =D33+G33+J33+M33+P33+S33+V33+Y33+AB33+AE33+AH33+AK33+AN33+AQ33+AT33+AW33+AZ33+BC33+BF33+BI33+DW33+DT33+DQ33+DN33+DK33+DH33+DE33+DB33+CY33+CV33+CS33+CP33+CM33+CJ33+CG33+CD33+CA33+BX33+BU33+BR33+BO33+BL33 -> 28792.014 | EE33: =IF(EB33<>0,((ED33/EB33)*360),0) -> 0.04581777 | EG33: =Q33+T33+W33+Z33+AC33+AF33 -> 0 | EH33: =S33+V33+Y33+AB33+AE33+AH33 -> 0 | EI33: =IF(EG33<>0,((EH33/EG33)*360),0) -> 0 | EK33: =DR33+DL33+DI33+DF33+DC33+CZ33+CW33+CT33+CQ33+CN33+CK33+CH33+CE33+CB33+BY33+BV33+BS33+BP33+BM33+BJ33+BG33+BD33+BA33+AX33+AU33+AR33+AO33+AL33+AI33+DO33 -> 226225000 | EL33: =DX33 -> 0 | EM33: =DT33+DQ33+DN33+DK33+DH33+DE33+DB33+CY33+CV33+CS33+CP33+CM33+CJ33+CG33+CD33+CA33+BX33+BU33+BR33+BO33+BL33+BI33+BF33+BC33+AZ33+AW33+AT33+AQ33+AN33+AK33 -> 28792.014 | EN33: =IF(EK33<>0,((EM33/EK33)*360),0) -> 0.04581777
A34: =1+A33 -> 45893 | B34: 0 | C34: 0.04552383 | D34: =(B34*C34)/360 -> 0 | G34: =(E34*F34)/360 -> 0 | J34: =(H34*I34)/360 -> 0 | M34: =(K34*L34)/360 -> 0 | P34: =(N34*O34)/360 -> 0 | S34: =(Q34*R34)/360 -> 0 | V34: =(T34*U34)/360 -> 0 | Y34: =(W34*X34)/360 -> 0 | AB34: =(Z34*AA34)/360 -> 0 | AE34: 0 | AH34: 0 | AI34: 26225000 | AJ34: 0.045 | AK34: =(AI34*AJ34)/360 -> 3278.125 | AL34: =33905000+66095000+42375000+27625000 -> 170000000 | AM34: 0.046 | AN34: =(AL34*AM34)/360 -> 21722.222 | AO34: =30000000 -> 30000000 | AP34: 0.0455 | AQ34: =(AO34*AP34)/360 -> 3791.6667 | AT34: =(AR34*AS34)/360 -> 0 | AW34: =(AU34*AV34)/360 -> 0 | AZ34: =(AX34*AY34)/360 -> 0 | BC34: =(BA34*BB34)/360 -> 0 | BF34: =(BD34*BE34)/360 -> 0 | BI34: =(BG34*BH34)/360 -> 0 | BL34: =(BJ34*BK34)/360 -> 0 | BO34: =(BM34*BN34)/360 -> 0 | BR34: =(BP34*BQ34)/360 -> 0 | BU34: =(BS34*BT34)/360 -> 0 | BX34: =(BV34*BW34)/360 -> 0 | CA34: =(BY34*BZ34)/360 -> 0 | CD34: =(CB34*CC34)/360 -> 0 | CG34: =(CE34*CF34)/360 -> 0 | CJ34: =(CH34*CI34)/360 -> 0 | CM34: =(CK34*CL34)/360 -> 0 | CP34: =(CN34*CO34)/360 -> 0 | CS34: =(CQ34*CR34)/360 -> 0 | CV34: =(CT34*CU34)/360 -> 0 | CY34: =(CW34*CX34)/360 -> 0 | DB34: =(CZ34*DA34)/360 -> 0 | DE34: =(DC34*DD34)/360 -> 0 | DH34: =(DF34*DG34)/360 -> 0 | DK34: =(DI34*DJ34)/360 -> 0 | DN34: =(DL34*DM34)/360 -> 0 | DQ34: =(DO34*DP34)/360 -> 0 | DT34: =(DR34*DS34)/360 -> 0 | DW34: =(DU34*DV34)/360 -> 0 | EB34: =B34+E34+H34+K34+N34+Q34+T34+W34+Z34+AC34+AF34+AL34+AO34+AR34+AU34+AX34+BA34+BD34+BG34+DU34+AI34+DR34+DO34+DL34+DI34+DF34+DC34+CZ34+CW34+CT34+CQ34+CN34+CK34+CH34+CE34+CB34+BY34+BV34+BS34+BP34+BM34+BJ34 -> 226225000 | EC34: =EB34-EK34+EL34 -> 0 | ED34: =D34+G34+J34+M34+P34+S34+V34+Y34+AB34+AE34+AH34+AK34+AN34+AQ34+AT34+AW34+AZ34+BC34+BF34+BI34+DW34+DT34+DQ34+DN34+DK34+DH34+DE34+DB34+CY34+CV34+CS34+CP34+CM34+CJ34+CG34+CD34+CA34+BX34+BU34+BR34+BO34+BL34 -> 28792.014 | EE34: =IF(EB34<>0,((ED34/EB34)*360),0) -> 0.04581777 | EG34: =Q34+T34+W34+Z34+AC34+AF34 -> 0 | EH34: =S34+V34+Y34+AB34+AE34+AH34 -> 0 | EI34: =IF(EG34<>0,((EH34/EG34)*360),0) -> 0 | EK34: =DR34+DL34+DI34+DF34+DC34+CZ34+CW34+CT34+CQ34+CN34+CK34+CH34+CE34+CB34+BY34+BV34+BS34+BP34+BM34+BJ34+BG34+BD34+BA34+AX34+AU34+AR34+AO34+AL34+AI34+DO34 -> 226225000 | EL34: =DX34 -> 0 | EM34: =DT34+DQ34+DN34+DK34+DH34+DE34+DB34+CY34+CV34+CS34+CP34+CM34+CJ34+CG34+CD34+CA34+BX34+BU34+BR34+BO34+BL34+BI34+BF34+BC34+AZ34+AW34+AT34+AQ34+AN34+AK34 -> 28792.014 | EN34: =IF(EK34<>0,((EM34/EK34)*360),0) -> 0.04581777
A35: =1+A34 -> 45894 | B35: 0 | C35: 0.0455162 | D35: =(B35*C35)/360 -> 0 | G35: =(E35*F35)/360 -> 0 | J35: =(H35*I35)/360 -> 0 | M35: =(K35*L35)/360 -> 0 | P35: =(N35*O35)/360 -> 0 | S35: =(Q35*R35)/360 -> 0 | V35: =(T35*U35)/360 -> 0 | Y35: =(W35*X35)/360 -> 0 | AB35: =(Z35*AA35)/360 -> 0 | AE35: 0 | AH35: 0 | AI35: =25075000 -> 25075000 | AJ35: 0.045 | AK35: =(AI35*AJ35)/360 -> 3134.375 | AL35: =33905000+66095000+42375000+27625000 -> 170000000 | AM35: 0.046 | AN35: =(AL35*AM35)/360 -> 21722.222 | AO35: =30000000 -> 30000000 | AP35: 0.0455 | AQ35: =(AO35*AP35)/360 -> 3791.6667 | AT35: =(AR35*AS35)/360 -> 0 | AW35: =(AU35*AV35)/360 -> 0 | AZ35: =(AX35*AY35)/360 -> 0 | BC35: =(BA35*BB35)/360 -> 0 | BF35: =(BD35*BE35)/360 -> 0 | BI35: =(BG35*BH35)/360 -> 0 | BL35: =(BJ35*BK35)/360 -> 0 | BO35: =(BM35*BN35)/360 -> 0 | BR35: =(BP35*BQ35)/360 -> 0 | BU35: =(BS35*BT35)/360 -> 0 | BX35: =(BV35*BW35)/360 -> 0 | CA35: =(BY35*BZ35)/360 -> 0 | CD35: =(CB35*CC35)/360 -> 0 | CG35: =(CE35*CF35)/360 -> 0 | CJ35: =(CH35*CI35)/360 -> 0 | CM35: =(CK35*CL35)/360 -> 0 | CP35: =(CN35*CO35)/360 -> 0 | CS35: =(CQ35*CR35)/360 -> 0 | CV35: =(CT35*CU35)/360 -> 0 | CY35: =(CW35*CX35)/360 -> 0 | DB35: =(CZ35*DA35)/360 -> 0 | DE35: =(DC35*DD35)/360 -> 0 | DH35: =(DF35*DG35)/360 -> 0 | DK35: =(DI35*DJ35)/360 -> 0 | DN35: =(DL35*DM35)/360 -> 0 | DQ35: =(DO35*DP35)/360 -> 0 | DT35: =(DR35*DS35)/360 -> 0 | DW35: =(DU35*DV35)/360 -> 0 | EB35: =B35+E35+H35+K35+N35+Q35+T35+W35+Z35+AC35+AF35+AL35+AO35+AR35+AU35+AX35+BA35+BD35+BG35+DU35+AI35+DR35+DO35+DL35+DI35+DF35+DC35+CZ35+CW35+CT35+CQ35+CN35+CK35+CH35+CE35+CB35+BY35+BV35+BS35+BP35+BM35+BJ35 -> 225075000 | EC35: =EB35-EK35+EL35 -> 0 | ED35: =D35+G35+J35+M35+P35+S35+V35+Y35+AB35+AE35+AH35+AK35+AN35+AQ35+AT35+AW35+AZ35+BC35+BF35+BI35+DW35+DT35+DQ35+DN35+DK35+DH35+DE35+DB35+CY35+CV35+CS35+CP35+CM35+CJ35+CG35+CD35+CA35+BX35+BU35+BR35+BO35+BL35 -> 28648.264 | EE35: =IF(EB35<>0,((ED35/EB35)*360),0) -> 0.045821948 | EG35: =Q35+T35+W35+Z35+AC35+AF35 -> 0 | EH35: =S35+V35+Y35+AB35+AE35+AH35 -> 0 | EI35: =IF(EG35<>0,((EH35/EG35)*360),0) -> 0 | EK35: =DR35+DL35+DI35+DF35+DC35+CZ35+CW35+CT35+CQ35+CN35+CK35+CH35+CE35+CB35+BY35+BV35+BS35+BP35+BM35+BJ35+BG35+BD35+BA35+AX35+AU35+AR35+AO35+AL35+AI35+DO35 -> 225075000 | EL35: =DX35 -> 0 | EM35: =DT35+DQ35+DN35+DK35+DH35+DE35+DB35+CY35+CV35+CS35+CP35+CM35+CJ35+CG35+CD35+CA35+BX35+BU35+BR35+BO35+BL35+BI35+BF35+BC35+AZ35+AW35+AT35+AQ35+AN35+AK35 -> 28648.264 | EN35: =IF(EK35<>0,((EM35/EK35)*360),0) -> 0.045821948
A36: =1+A35 -> 45895 | B36: 0 | C36: 0.04572502 | D36: =(B36*C36)/360 -> 0 | G36: =(E36*F36)/360 -> 0 | J36: =(H36*I36)/360 -> 0 | M36: =(K36*L36)/360 -> 0 | P36: =(N36*O36)/360 -> 0 | S36: =(Q36*R36)/360 -> 0 | V36: =(T36*U36)/360 -> 0 | Y36: =(W36*X36)/360 -> 0 | AB36: =(Z36*AA36)/360 -> 0 | AE36: 0 | AH36: 0 | AK36: =(AI36*AJ36)/360 -> 0 | AL36: =33905000+66095000+42375000+27625000 -> 170000000 | AM36: 0.046 | AN36: =(AL36*AM36)/360 -> 21722.222 | AO36: =30000000 -> 30000000 | AP36: 0.0455 | AQ36: =(AO36*AP36)/360 -> 3791.6667 | AT36: =(AR36*AS36)/360 -> 0 | AW36: =(AU36*AV36)/360 -> 0 | AZ36: =(AX36*AY36)/360 -> 0 | BC36: =(BA36*BB36)/360 -> 0 | BF36: =(BD36*BE36)/360 -> 0 | BI36: =(BG36*BH36)/360 -> 0 | BL36: =(BJ36*BK36)/360 -> 0 | BO36: =(BM36*BN36)/360 -> 0 | BR36: =(BP36*BQ36)/360 -> 0 | BU36: =(BS36*BT36)/360 -> 0 | BX36: =(BV36*BW36)/360 -> 0 | CA36: =(BY36*BZ36)/360 -> 0 | CD36: =(CB36*CC36)/360 -> 0 | CG36: =(CE36*CF36)/360 -> 0 | CJ36: =(CH36*CI36)/360 -> 0 | CM36: =(CK36*CL36)/360 -> 0 | CP36: =(CN36*CO36)/360 -> 0 | CS36: =(CQ36*CR36)/360 -> 0 | CV36: =(CT36*CU36)/360 -> 0 | CY36: =(CW36*CX36)/360 -> 0 | DB36: =(CZ36*DA36)/360 -> 0 | DE36: =(DC36*DD36)/360 -> 0 | DH36: =(DF36*DG36)/360 -> 0 | DK36: =(DI36*DJ36)/360 -> 0 | DN36: =(DL36*DM36)/360 -> 0 | DQ36: =(DO36*DP36)/360 -> 0 | DT36: =(DR36*DS36)/360 -> 0 | DW36: =(DU36*DV36)/360 -> 0 | EB36: =B36+E36+H36+K36+N36+Q36+T36+W36+Z36+AC36+AF36+AL36+AO36+AR36+AU36+AX36+BA36+BD36+BG36+DU36+AI36+DR36+DO36+DL36+DI36+DF36+DC36+CZ36+CW36+CT36+CQ36+CN36+CK36+CH36+CE36+CB36+BY36+BV36+BS36+BP36+BM36+BJ36 -> 200000000 | EC36: =EB36-EK36+EL36 -> 0 | ED36: =D36+G36+J36+M36+P36+S36+V36+Y36+AB36+AE36+AH36+AK36+AN36+AQ36+AT36+AW36+AZ36+BC36+BF36+BI36+DW36+DT36+DQ36+DN36+DK36+DH36+DE36+DB36+CY36+CV36+CS36+CP36+CM36+CJ36+CG36+CD36+CA36+BX36+BU36+BR36+BO36+BL36 -> 25513.889 | EE36: =IF(EB36<>0,((ED36/EB36)*360),0) -> 0.045925 | EG36: =Q36+T36+W36+Z36+AC36+AF36 -> 0 | EH36: =S36+V36+Y36+AB36+AE36+AH36 -> 0 | EI36: =IF(EG36<>0,((EH36/EG36)*360),0) -> 0 | EK36: =DR36+DL36+DI36+DF36+DC36+CZ36+CW36+CT36+CQ36+CN36+CK36+CH36+CE36+CB36+BY36+BV36+BS36+BP36+BM36+BJ36+BG36+BD36+BA36+AX36+AU36+AR36+AO36+AL36+AI36+DO36 -> 200000000 | EL36: =DX36 -> 0 | EM36: =DT36+DQ36+DN36+DK36+DH36+DE36+DB36+CY36+CV36+CS36+CP36+CM36+CJ36+CG36+CD36+CA36+BX36+BU36+BR36+BO36+BL36+BI36+BF36+BC36+AZ36+AW36+AT36+AQ36+AN36+AK36 -> 25513.889 | EN36: =IF(EK36<>0,((EM36/EK36)*360),0) -> 0.045925
A37: =1+A36 -> 45896 | B37: 0 | C37: 0.04583263 | D37: =(B37*C37)/360 -> 0 | G37: =(E37*F37)/360 -> 0 | J37: =(H37*I37)/360 -> 0 | M37: =(K37*L37)/360 -> 0 | P37: =(N37*O37)/360 -> 0 | S37: =(Q37*R37)/360 -> 0 | V37: =(T37*U37)/360 -> 0 | Y37: =(W37*X37)/360 -> 0 | AB37: =(Z37*AA37)/360 -> 0 | AE37: 0 | AH37: 0 | AK37: =(AI37*AJ37)/360 -> 0 | AL37: =33905000+66095000+42375000+27625000 -> 170000000 | AM37: 0.046 | AN37: =(AL37*AM37)/360 -> 21722.222 | AO37: =30000000 -> 30000000 | AP37: 0.0455 | AQ37: =(AO37*AP37)/360 -> 3791.6667 | AT37: =(AR37*AS37)/360 -> 0 | AW37: =(AU37*AV37)/360 -> 0 | AZ37: =(AX37*AY37)/360 -> 0 | BC37: =(BA37*BB37)/360 -> 0 | BF37: =(BD37*BE37)/360 -> 0 | BI37: =(BG37*BH37)/360 -> 0 | BL37: =(BJ37*BK37)/360 -> 0 | BO37: =(BM37*BN37)/360 -> 0 | BR37: =(BP37*BQ37)/360 -> 0 | BU37: =(BS37*BT37)/360 -> 0 | BX37: =(BV37*BW37)/360 -> 0 | CA37: =(BY37*BZ37)/360 -> 0 | CD37: =(CB37*CC37)/360 -> 0 | CG37: =(CE37*CF37)/360 -> 0 | CJ37: =(CH37*CI37)/360 -> 0 | CM37: =(CK37*CL37)/360 -> 0 | CP37: =(CN37*CO37)/360 -> 0 | CS37: =(CQ37*CR37)/360 -> 0 | CV37: =(CT37*CU37)/360 -> 0 | CY37: =(CW37*CX37)/360 -> 0 | DB37: =(CZ37*DA37)/360 -> 0 | DE37: =(DC37*DD37)/360 -> 0 | DH37: =(DF37*DG37)/360 -> 0 | DK37: =(DI37*DJ37)/360 -> 0 | DN37: =(DL37*DM37)/360 -> 0 | DQ37: =(DO37*DP37)/360 -> 0 | DT37: =(DR37*DS37)/360 -> 0 | DW37: =(DU37*DV37)/360 -> 0 | EB37: =B37+E37+H37+K37+N37+Q37+T37+W37+Z37+AC37+AF37+AL37+AO37+AR37+AU37+AX37+BA37+BD37+BG37+DU37+AI37+DR37+DO37+DL37+DI37+DF37+DC37+CZ37+CW37+CT37+CQ37+CN37+CK37+CH37+CE37+CB37+BY37+BV37+BS37+BP37+BM37+BJ37 -> 200000000 | EC37: =EB37-EK37+EL37 -> 0 | ED37: =D37+G37+J37+M37+P37+S37+V37+Y37+AB37+AE37+AH37+AK37+AN37+AQ37+AT37+AW37+AZ37+BC37+BF37+BI37+DW37+DT37+DQ37+DN37+DK37+DH37+DE37+DB37+CY37+CV37+CS37+CP37+CM37+CJ37+CG37+CD37+CA37+BX37+BU37+BR37+BO37+BL37 -> 25513.889 | EE37: =IF(EB37<>0,((ED37/EB37)*360),0) -> 0.045925 | EG37: =Q37+T37+W37+Z37+AC37+AF37 -> 0 | EH37: =S37+V37+Y37+AB37+AE37+AH37 -> 0 | EI37: =IF(EG37<>0,((EH37/EG37)*360),0) -> 0 | EK37: =DR37+DL37+DI37+DF37+DC37+CZ37+CW37+CT37+CQ37+CN37+CK37+CH37+CE37+CB37+BY37+BV37+BS37+BP37+BM37+BJ37+BG37+BD37+BA37+AX37+AU37+AR37+AO37+AL37+AI37+DO37 -> 200000000 | EL37: =DX37 -> 0 | EM37: =DT37+DQ37+DN37+DK37+DH37+DE37+DB37+CY37+CV37+CS37+CP37+CM37+CJ37+CG37+CD37+CA37+BX37+BU37+BR37+BO37+BL37+BI37+BF37+BC37+AZ37+AW37+AT37+AQ37+AN37+AK37 -> 25513.889 | EN37: =IF(EK37<>0,((EM37/EK37)*360),0) -> 0.045925
A38: =1+A37 -> 45897 | B38: 0 | C38: 0.04568815 | D38: =(B38*C38)/360 -> 0 | G38: =(E38*F38)/360 -> 0 | J38: =(H38*I38)/360 -> 0 | M38: =(K38*L38)/360 -> 0 | P38: =(N38*O38)/360 -> 0 | S38: =(Q38*R38)/360 -> 0 | V38: =(T38*U38)/360 -> 0 | Y38: =(W38*X38)/360 -> 0 | AB38: =(Z38*AA38)/360 -> 0 | AE38: 0 | AH38: 0 | AK38: =(AI38*AJ38)/360 -> 0 | AL38: =33905000+66095000+42375000+27625000 -> 170000000 | AM38: 0.046 | AN38: =(AL38*AM38)/360 -> 21722.222 | AO38: =30000000 -> 30000000 | AP38: 0.0455 | AQ38: =(AO38*AP38)/360 -> 3791.6667 | AT38: =(AR38*AS38)/360 -> 0 | AW38: =(AU38*AV38)/360 -> 0 | AZ38: =(AX38*AY38)/360 -> 0 | BC38: =(BA38*BB38)/360 -> 0 | BF38: =(BD38*BE38)/360 -> 0 | BI38: =(BG38*BH38)/360 -> 0 | BL38: =(BJ38*BK38)/360 -> 0 | BO38: =(BM38*BN38)/360 -> 0 | BR38: =(BP38*BQ38)/360 -> 0 | BU38: =(BS38*BT38)/360 -> 0 | BX38: =(BV38*BW38)/360 -> 0 | CA38: =(BY38*BZ38)/360 -> 0 | CD38: =(CB38*CC38)/360 -> 0 | CG38: =(CE38*CF38)/360 -> 0 | CJ38: =(CH38*CI38)/360 -> 0 | CM38: =(CK38*CL38)/360 -> 0 | CP38: =(CN38*CO38)/360 -> 0 | CS38: =(CQ38*CR38)/360 -> 0 | CV38: =(CT38*CU38)/360 -> 0 | CY38: =(CW38*CX38)/360 -> 0 | DB38: =(CZ38*DA38)/360 -> 0 | DE38: =(DC38*DD38)/360 -> 0 | DH38: =(DF38*DG38)/360 -> 0 | DK38: =(DI38*DJ38)/360 -> 0 | DN38: =(DL38*DM38)/360 -> 0 | DQ38: =(DO38*DP38)/360 -> 0 | DT38: =(DR38*DS38)/360 -> 0 | DW38: =(DU38*DV38)/360 -> 0 | EB38: =B38+E38+H38+K38+N38+Q38+T38+W38+Z38+AC38+AF38+AL38+AO38+AR38+AU38+AX38+BA38+BD38+BG38+DU38+AI38+DR38+DO38+DL38+DI38+DF38+DC38+CZ38+CW38+CT38+CQ38+CN38+CK38+CH38+CE38+CB38+BY38+BV38+BS38+BP38+BM38+BJ38 -> 200000000 | EC38: =EB38-EK38+EL38 -> 0 | ED38: =D38+G38+J38+M38+P38+S38+V38+Y38+AB38+AE38+AH38+AK38+AN38+AQ38+AT38+AW38+AZ38+BC38+BF38+BI38+DW38+DT38+DQ38+DN38+DK38+DH38+DE38+DB38+CY38+CV38+CS38+CP38+CM38+CJ38+CG38+CD38+CA38+BX38+BU38+BR38+BO38+BL38 -> 25513.889 | EE38: =IF(EB38<>0,((ED38/EB38)*360),0) -> 0.045925 | EG38: =Q38+T38+W38+Z38+AC38+AF38 -> 0 | EH38: =S38+V38+Y38+AB38+AE38+AH38 -> 0 | EI38: =IF(EG38<>0,((EH38/EG38)*360),0) -> 0 | EK38: =DR38+DL38+DI38+DF38+DC38+CZ38+CW38+CT38+CQ38+CN38+CK38+CH38+CE38+CB38+BY38+BV38+BS38+BP38+BM38+BJ38+BG38+BD38+BA38+AX38+AU38+AR38+AO38+AL38+AI38+DO38 -> 200000000 | EL38: =DX38 -> 0 | EM38: =DT38+DQ38+DN38+DK38+DH38+DE38+DB38+CY38+CV38+CS38+CP38+CM38+CJ38+CG38+CD38+CA38+BX38+BU38+BR38+BO38+BL38+BI38+BF38+BC38+AZ38+AW38+AT38+AQ38+AN38+AK38 -> 25513.889 | EN38: =IF(EK38<>0,((EM38/EK38)*360),0) -> 0.045925
A39: =1+A38 -> 45898 | B39: 0 | C39: 0.04557629 | D39: =(B39*C39)/360 -> 0 | G39: =(E39*F39)/360 -> 0 | J39: =(H39*I39)/360 -> 0 | M39: =(K39*L39)/360 -> 0 | P39: =(N39*O39)/360 -> 0 | S39: =(Q39*R39)/360 -> 0 | V39: =(T39*U39)/360 -> 0 | Y39: =(W39*X39)/360 -> 0 | AB39: =(Z39*AA39)/360 -> 0 | AE39: 0 | AH39: 0 | AI39: =107275000+80000000 -> 187275000 | AJ39: 0.045 | AK39: =(AI39*AJ39)/360 -> 23409.375 | AL39: =42375000+27625000 -> 70000000 | AM39: 0.046 | AN39: =(AL39*AM39)/360 -> 8944.4444 | AO39: =30000000 -> 30000000 | AP39: 0.0455 | AQ39: =(AO39*AP39)/360 -> 3791.6667 | AT39: =(AR39*AS39)/360 -> 0 | AW39: =(AU39*AV39)/360 -> 0 | AZ39: =(AX39*AY39)/360 -> 0 | BC39: =(BA39*BB39)/360 -> 0 | BF39: =(BD39*BE39)/360 -> 0 | BI39: =(BG39*BH39)/360 -> 0 | BL39: =(BJ39*BK39)/360 -> 0 | BO39: =(BM39*BN39)/360 -> 0 | BR39: =(BP39*BQ39)/360 -> 0 | BU39: =(BS39*BT39)/360 -> 0 | BX39: =(BV39*BW39)/360 -> 0 | CA39: =(BY39*BZ39)/360 -> 0 | CD39: =(CB39*CC39)/360 -> 0 | CG39: =(CE39*CF39)/360 -> 0 | CJ39: =(CH39*CI39)/360 -> 0 | CM39: =(CK39*CL39)/360 -> 0 | CP39: =(CN39*CO39)/360 -> 0 | CS39: =(CQ39*CR39)/360 -> 0 | CV39: =(CT39*CU39)/360 -> 0 | CY39: =(CW39*CX39)/360 -> 0 | DB39: =(CZ39*DA39)/360 -> 0 | DE39: =(DC39*DD39)/360 -> 0 | DH39: =(DF39*DG39)/360 -> 0 | DK39: =(DI39*DJ39)/360 -> 0 | DN39: =(DL39*DM39)/360 -> 0 | DQ39: =(DO39*DP39)/360 -> 0 | DT39: =(DR39*DS39)/360 -> 0 | DW39: =(DU39*DV39)/360 -> 0 | EB39: =B39+E39+H39+K39+N39+Q39+T39+W39+Z39+AC39+AF39+AL39+AO39+AR39+AU39+AX39+BA39+BD39+BG39+DU39+AI39+DR39+DO39+DL39+DI39+DF39+DC39+CZ39+CW39+CT39+CQ39+CN39+CK39+CH39+CE39+CB39+BY39+BV39+BS39+BP39+BM39+BJ39 -> 287275000 | EC39: =EB39-EK39+EL39 -> 0 | ED39: =D39+G39+J39+M39+P39+S39+V39+Y39+AB39+AE39+AH39+AK39+AN39+AQ39+AT39+AW39+AZ39+BC39+BF39+BI39+DW39+DT39+DQ39+DN39+DK39+DH39+DE39+DB39+CY39+CV39+CS39+CP39+CM39+CJ39+CG39+CD39+CA39+BX39+BU39+BR39+BO39+BL39 -> 36145.486 | EE39: =IF(EB39<>0,((ED39/EB39)*360),0) -> 0.045295884 | EG39: =Q39+T39+W39+Z39+AC39+AF39 -> 0 | EH39: =S39+V39+Y39+AB39+AE39+AH39 -> 0 | EI39: =IF(EG39<>0,((EH39/EG39)*360),0) -> 0 | EK39: =DR39+DL39+DI39+DF39+DC39+CZ39+CW39+CT39+CQ39+CN39+CK39+CH39+CE39+CB39+BY39+BV39+BS39+BP39+BM39+BJ39+BG39+BD39+BA39+AX39+AU39+AR39+AO39+AL39+AI39+DO39 -> 287275000 | EL39: =DX39 -> 0 | EM39: =DT39+DQ39+DN39+DK39+DH39+DE39+DB39+CY39+CV39+CS39+CP39+CM39+CJ39+CG39+CD39+CA39+BX39+BU39+BR39+BO39+BL39+BI39+BF39+BC39+AZ39+AW39+AT39+AQ39+AN39+AK39 -> 36145.486 | EN39: =IF(EK39<>0,((EM39/EK39)*360),0) -> 0.045295884
A40: =1+A39 -> 45899 | B40: 0 | C40: 0.04557629 | D40: =(B40*C40)/360 -> 0 | G40: =(E40*F40)/360 -> 0 | J40: =(H40*I40)/360 -> 0 | M40: =(K40*L40)/360 -> 0 | P40: =(N40*O40)/360 -> 0 | S40: =(Q40*R40)/360 -> 0 | V40: =(T40*U40)/360 -> 0 | Y40: =(W40*X40)/360 -> 0 | AB40: =(Z40*AA40)/360 -> 0 | AE40: 0 | AH40: 0 | AI40: =107275000+80000000 -> 187275000 | AJ40: 0.045 | AK40: =(AI40*AJ40)/360 -> 23409.375 | AL40: =42375000+27625000 -> 70000000 | AM40: 0.046 | AN40: =(AL40*AM40)/360 -> 8944.4444 | AO40: =30000000 -> 30000000 | AP40: 0.0455 | AQ40: =(AO40*AP40)/360 -> 3791.6667 | AT40: =(AR40*AS40)/360 -> 0 | AW40: =(AU40*AV40)/360 -> 0 | AZ40: =(AX40*AY40)/360 -> 0 | BC40: =(BA40*BB40)/360 -> 0 | BF40: =(BD40*BE40)/360 -> 0 | BI40: =(BG40*BH40)/360 -> 0 | BL40: =(BJ40*BK40)/360 -> 0 | BO40: =(BM40*BN40)/360 -> 0 | BR40: =(BP40*BQ40)/360 -> 0 | BU40: =(BS40*BT40)/360 -> 0 | BX40: =(BV40*BW40)/360 -> 0 | CA40: =(BY40*BZ40)/360 -> 0 | CD40: =(CB40*CC40)/360 -> 0 | CG40: =(CE40*CF40)/360 -> 0 | CJ40: =(CH40*CI40)/360 -> 0 | CM40: =(CK40*CL40)/360 -> 0 | CP40: =(CN40*CO40)/360 -> 0 | CS40: =(CQ40*CR40)/360 -> 0 | CV40: =(CT40*CU40)/360 -> 0 | CY40: =(CW40*CX40)/360 -> 0 | DB40: =(CZ40*DA40)/360 -> 0 | DE40: =(DC40*DD40)/360 -> 0 | DH40: =(DF40*DG40)/360 -> 0 | DK40: =(DI40*DJ40)/360 -> 0 | DN40: =(DL40*DM40)/360 -> 0 | DQ40: =(DO40*DP40)/360 -> 0 | DT40: =(DR40*DS40)/360 -> 0 | DW40: =(DU40*DV40)/360 -> 0 | EB40: =B40+E40+H40+K40+N40+Q40+T40+W40+Z40+AC40+AF40+AL40+AO40+AR40+AU40+AX40+BA40+BD40+BG40+DU40+AI40+DR40+DO40+DL40+DI40+DF40+DC40+CZ40+CW40+CT40+CQ40+CN40+CK40+CH40+CE40+CB40+BY40+BV40+BS40+BP40+BM40+BJ40 -> 287275000 | EC40: =EB40-EK40+EL40 -> 0 | ED40: =D40+G40+J40+M40+P40+S40+V40+Y40+AB40+AE40+AH40+AK40+AN40+AQ40+AT40+AW40+AZ40+BC40+BF40+BI40+DW40+DT40+DQ40+DN40+DK40+DH40+DE40+DB40+CY40+CV40+CS40+CP40+CM40+CJ40+CG40+CD40+CA40+BX40+BU40+BR40+BO40+BL40 -> 36145.486 | EE40: =IF(EB40<>0,((ED40/EB40)*360),0) -> 0.045295884 | EG40: =Q40+T40+W40+Z40+AC40+AF40 -> 0 | EH40: =S40+V40+Y40+AB40+AE40+AH40 -> 0 | EI40: =IF(EG40<>0,((EH40/EG40)*360),0) -> 0 | EK40: =DR40+DL40+DI40+DF40+DC40+CZ40+CW40+CT40+CQ40+CN40+CK40+CH40+CE40+CB40+BY40+BV40+BS40+BP40+BM40+BJ40+BG40+BD40+BA40+AX40+AU40+AR40+AO40+AL40+AI40+DO40 -> 287275000 | EL40: =DX40 -> 0 | EM40: =DT40+DQ40+DN40+DK40+DH40+DE40+DB40+CY40+CV40+CS40+CP40+CM40+CJ40+CG40+CD40+CA40+BX40+BU40+BR40+BO40+BL40+BI40+BF40+BC40+AZ40+AW40+AT40+AQ40+AN40+AK40 -> 36145.486 | EN40: =IF(EK40<>0,((EM40/EK40)*360),0) -> 0.045295884
A41: =1+A40 -> 45900 | B41: 0 | C41: 0.04557629 | D41: =(B41*C41)/360 -> 0 | G41: =(E41*F41)/360 -> 0 | J41: =(H41*I41)/360 -> 0 | M41: =(K41*L41)/360 -> 0 | P41: =(N41*O41)/360 -> 0 | S41: =(Q41*R41)/360 -> 0 | V41: =(T41*U41)/360 -> 0 | Y41: =(W41*X41)/360 -> 0 | AB41: =(Z41*AA41)/360 -> 0 | AE41: 0 | AH41: 0 | AI41: =107275000+80000000 -> 187275000 | AJ41: 0.045 | AK41: =(AI41*AJ41)/360 -> 23409.375 | AL41: =42375000+27625000 -> 70000000 | AM41: 0.046 | AN41: =(AL41*AM41)/360 -> 8944.4444 | AO41: =30000000 -> 30000000 | AP41: 0.0455 | AQ41: =(AO41*AP41)/360 -> 3791.6667 | AT41: =(AR41*AS41)/360 -> 0 | AW41: =(AU41*AV41)/360 -> 0 | AZ41: =(AX41*AY41)/360 -> 0 | BC41: =(BA41*BB41)/360 -> 0 | BF41: =(BD41*BE41)/360 -> 0 | BI41: =(BG41*BH41)/360 -> 0 | BL41: =(BJ41*BK41)/360 -> 0 | BO41: =(BM41*BN41)/360 -> 0 | BR41: =(BP41*BQ41)/360 -> 0 | BU41: =(BS41*BT41)/360 -> 0 | BX41: =(BV41*BW41)/360 -> 0 | CA41: =(BY41*BZ41)/360 -> 0 | CD41: =(CB41*CC41)/360 -> 0 | CG41: =(CE41*CF41)/360 -> 0 | CJ41: =(CH41*CI41)/360 -> 0 | CM41: =(CK41*CL41)/360 -> 0 | CP41: =(CN41*CO41)/360 -> 0 | CS41: =(CQ41*CR41)/360 -> 0 | CV41: =(CT41*CU41)/360 -> 0 | CY41: =(CW41*CX41)/360 -> 0 | DB41: =(CZ41*DA41)/360 -> 0 | DE41: =(DC41*DD41)/360 -> 0 | DH41: =(DF41*DG41)/360 -> 0 | DK41: =(DI41*DJ41)/360 -> 0 | DN41: =(DL41*DM41)/360 -> 0 | DQ41: =(DO41*DP41)/360 -> 0 | DT41: =(DR41*DS41)/360 -> 0 | DW41: =(DU41*DV41)/360 -> 0 | EB41: =B41+E41+H41+K41+N41+Q41+T41+W41+Z41+AC41+AF41+AL41+AO41+AR41+AU41+AX41+BA41+BD41+BG41+DU41+AI41+DR41+DO41+DL41+DI41+DF41+DC41+CZ41+CW41+CT41+CQ41+CN41+CK41+CH41+CE41+CB41+BY41+BV41+BS41+BP41+BM41+BJ41 -> 287275000 | EC41: =EB41-EK41+EL41 -> 0 | ED41: =D41+G41+J41+M41+P41+S41+V41+Y41+AB41+AE41+AH41+AK41+AN41+AQ41+AT41+AW41+AZ41+BC41+BF41+BI41+DW41+DT41+DQ41+DN41+DK41+DH41+DE41+DB41+CY41+CV41+CS41+CP41+CM41+CJ41+CG41+CD41+CA41+BX41+BU41+BR41+BO41+BL41 -> 36145.486 | EE41: =IF(EB41<>0,((ED41/EB41)*360),0) -> 0.045295884 | EG41: =Q41+T41+W41+Z41+AC41+AF41 -> 0 | EH41: =S41+V41+Y41+AB41+AE41+AH41 -> 0 | EI41: =IF(EG41<>0,((EH41/EG41)*360),0) -> 0 | EK41: =DR41+DL41+DI41+DF41+DC41+CZ41+CW41+CT41+CQ41+CN41+CK41+CH41+CE41+CB41+BY41+BV41+BS41+BP41+BM41+BJ41+BG41+BD41+BA41+AX41+AU41+AR41+AO41+AL41+AI41+DO41 -> 287275000 | EL41: =DX41 -> 0 | EM41: =DT41+DQ41+DN41+DK41+DH41+DE41+DB41+CY41+CV41+CS41+CP41+CM41+CJ41+CG41+CD41+CA41+BX41+BU41+BR41+BO41+BL41+BI41+BF41+BC41+AZ41+AW41+AT41+AQ41+AN41+AK41 -> 36145.486 | EN41: =IF(EK41<>0,((EM41/EK41)*360),0) -> 0.045295884
A42: Total | D42: =SUM(D11:D41) -> 0 | G42: =SUM(G11:G41) -> 0 | J42: =SUM(J11:J41) -> 0 | M42: =SUM(M11:M41) -> 0 | P42: =SUM(P11:P41) -> 0 | S42: =SUM(S11:S41) -> 0 | V42: =SUM(V11:V41) -> 0 | Y42: =SUM(Y11:Y41) -> 0 | AB42: =SUM(AB11:AB41) -> 0 | AE42: =SUM(AE11:AE41) -> 0 | AH42: =SUM(AH11:AH41) -> 0 | AK42: =SUM(AK11:AK41) -> 364311.08 | AN42: =SUM(AN11:AN41) -> 679777.78 | AQ42: =SUM(AQ11:AQ41) -> 147922.22 | AT42: =SUM(AT11:AT41) -> 0 | AW42: =SUM(AW11:AW41) -> 0 | AZ42: =SUM(AZ11:AZ41) -> 0 | BC42: =SUM(BC11:BC41) -> 0 | BF42: =SUM(BF11:BF41) -> 0 | BI42: =SUM(BI11:BI41) -> 0 | BL42: =SUM(BL11:BL41) -> 0 | BO42: =SUM(BO11:BO41) -> 0 | BR42: =SUM(BR11:BR41) -> 0 | BU42: =SUM(BU11:BU41) -> 0 | BX42: =SUM(BX11:BX41) -> 0 | CA42: =SUM(CA11:CA41) -> 0 | CD42: =SUM(CD11:CD41) -> 0 | CG42: =SUM(CG11:CG41) -> 0 | CJ42: =SUM(CJ11:CJ41) -> 0 | CM42: =SUM(CM11:CM41) -> 0 | CP42: =SUM(CP11:CP41) -> 0 | CS42: =SUM(CS11:CS41) -> 0 | CV42: =SUM(CV11:CV41) -> 0 | CY42: =SUM(CY11:CY41) -> 0 | DB42: =SUM(DB11:DB41) -> 0 | DE42: =SUM(DE11:DE41) -> 0 | DH42: =SUM(DH11:DH41) -> 0 | DK42: =SUM(DK11:DK41) -> 0 | DN42: =SUM(DN11:DN41) -> 0 | DQ42: =SUM(DQ11:DQ41) -> 0 | DT42: =SUM(DT11:DT41) -> 0 | DW42: =SUM(DW11:DW41) -> 0 | ED42: =SUM(ED11:ED41) -> 1192011.1 | EH42: =SUM(EH11:EH41) -> 0 | EM42: =SUM(EM11:EM41) -> 1192011.1

Sheet Sept 25 Int
A1: Ameren Missouri | EE1: Total (PAR CP) | EI1: Revolver | EN1: PAR CP | EO1: ACCRUED AFTER REPORT PERIOD | EP1: CP BALANCE | EQ1: TOTAL ST BALANCE
A2: MONTHLY SHORT-TERM BORROWING ANALYSIS | EB2: Amount Outstanding | EE2: =EB40 -> 310075000 | EI2: =EG40 -> 0 | EN2: =EK40 -> 259025000 | EO2: 0 | EP2: =EN2+EO2 -> 259025000 | EQ2: =EE2+EO2 -> 310075000
A3: SEPTEMBER 2025 | E3: TOTAL FOR MONTH | EB3: Avg Daily Borrowing | EE3: =AVERAGE(EB11:EB40) -> 213316500 | EI3: =AVERAGE(EG11:EG40) -> 0 | EN3: =AVERAGE(EK11:EK40) -> 2.0943733e+08
E4: Amount Outstanding | G4: =EQ2 -> 310075000 | AI4: ST Balance on GL | EB4: Weighted Average Rate | EE4: =IF(EE3=0,0,360*(AVERAGE(ED11:ED40)/EE3)) -> 0.044067751 | EI4: =IF(EI3=0,0,360*(AVERAGE(EH11:EH40)/EI3)) -> 0 | EN4: =IF(EN3=0,0,360*(AVERAGE(EM11:EM40)/EN3)) -> 0.044128536 | EO4: From US Bank Monthly Accrued Interest Report | EQ4: ST Balance on GL
E5: Avg Daily Borrowing | G5: =EE3 -> 213316500 | AI5: PAR CP | EB5: Peak Borrowing | EE5: =MAX(EB11:EB40) -> 310075000 | EI5: =MAX(EG11:EG40) -> 0 | EN5: =MAX(EK11:EK40) -> 289525000 | EO5: Negative Number
E6: Weighted Average Rate | G6: =EE4 -> 0.044067751
E7: Peak Borrowing | G7: =EE5 -> 310075000 | AI7: PAR CP | EB7: Total Borrowings | EG7: Total Revolver Borrowings | EK7: Total Commercial Paper Borrowings
AI8: PAR AMT USED FOR RATE CALC ONLY | AL8: PAR AMT USED FOR RATE CALC ONLY | AO8: PAR AMT USED FOR RATE CALC ONLY | AR8: PAR AMT USED FOR RATE CALC ONLY | AU8: PAR AMT USED FOR RATE CALC ONLY | AX8: PAR AMT USED FOR RATE CALC ONLY | BA8: PAR AMT USED FOR RATE CALC ONLY | BD8: PAR AMT USED FOR RATE CALC ONLY | BG8: PAR AMT USED FOR RATE CALC ONLY | BJ8: PAR AMT USED FOR RATE CALC ONLY | BM8: PAR AMT USED FOR RATE CALC ONLY | BP8: PAR AMT USED FOR RATE CALC ONLY | BS8: PAR AMT USED FOR RATE CALC ONLY | BV8: PAR AMT USED FOR RATE CALC ONLY | BY8: PAR AMT USED FOR RATE CALC ONLY | CB8: PAR AMT USED FOR RATE CALC ONLY | CE8: PAR AMT USED FOR RATE CALC ONLY | CH8: PAR AMT USED FOR RATE CALC ONLY | CK8: PAR AMT USED FOR RATE CALC ONLY | CN8: PAR AMT USED FOR RATE CALC ONLY | CQ8: PAR AMT USED FOR RATE CALC ONLY | CT8: PAR AMT USED FOR RATE CALC ONLY | CW8: PAR AMT USED FOR RATE CALC ONLY | CZ8: PAR AMT USED FOR RATE CALC ONLY | DC8: PAR AMT USED FOR RATE CALC ONLY | DF8: PAR AMT USED FOR RATE CALC ONLY | DI8: PAR AMT USED FOR RATE CALC ONLY | DL8: PAR AMT USED FOR RATE CALC ONLY | DO8: PAR AMT USED FOR RATE CALC ONLY | DR8: PAR AMT USED FOR RATE CALC ONLY | EE8: Weighted | EH8: Revolver | EI8: Weighted | EK8: PAR | EL8: NET | EM8: CP | EN8: Weighted
B9: Regulated Money Pool | E9: Non-Regulated Money Pool | H9: AMC Direct Loan | K9: AMC Subordinated Loan | N9: AMC Direct Loan (Notes Backed) | Q9: Revolver Loan 1 | T9: Revolver Loan 2 | W9: Revolver Loan 3 | Z9: Revolver Loan 4 | AC9: Revolver Loan 5 (ABR 365) | AF9: Revolver Loan 6 (ABR 365) | AI9: Commercial Paper 1 | AL9: Commercial Paper 2 | AO9: Commercial Paper 3 | AR9: Commercial Paper 4 | AU9: Commercial Paper 5 | AX9: Commercial Paper 6 | BA9: Commercial Paper 7 | BD9: Commercial Paper 8 | BG9: Commercial Paper 9 | BJ9: Commercial Paper 10 | BM9: Commercial Paper 11 | BP9: Commercial Paper 12 | BS9: Commercial Paper 13 | BV9: Commercial Paper 14 | BY9: Commercial Paper 15 | CB9: Commercial Paper 16 | CE9: Commercial Paper 17 | CH9: Commercial Paper 18 | CK9: Commercial Paper 19 | CN9: Commercial Paper 20 | CQ9: Commercial Paper 21 | CT9: Commercial Paper 22 | CW9: Commercial Paper 23 | CZ9: Commercial Paper 24 | DC9: Commercial Paper 25 | DF9: Commercial Paper 26 | DI9: Commercial Paper 27 | DL9: Commercial Paper 28 | DO9: Commercial Paper 29 | DR9: Commercial Paper 30 | DU9: Future Use 1 - Term Loan | DX9: TOTAL NET CP PROCEEDS | EB9: (PAR CP) | EC9: (NET CP) | ED9: Daily | EE9: Average | EG9: Revolvers | EH9: Daily | EI9: Average | EK9: CP | EL9: CP | EM9: Daily | EN9: Average
A10: Date | B10: Amount | C10: Rate | D10: Interest | E10: Amount | F10: Rate | G10: Interest | H10: Amount | I10: Rate | J10: Interest | K10: Amount | L10: Rate | M10: Interest | N10: Amount | O10: Rate | P10: Interest | Q10: Amount | R10: Rate | S10: Interest | T10: Amount | U10: Rate | V10: Interest | W10: Amount | X10: Rate | Y10: Interest | Z10: Amount | AA10: Rate | AB10: Interest | AC10: Amount | AD10: Rate | AE10: Interest | AF10: Amount | AG10: Rate | AH10: Interest | AI10: Amount | AJ10: Rate | AK10: Interest | AL10: Amount | AM10: Rate | AN10: Interest | AO10: Amount | AP10: Rate | AQ10: Interest | AR10: Amount | AS10: Rate | AT10: Interest | AU10: Amount | AV10: Rate | AW10: Interest | AX10: Amount | AY10: Rate | AZ10: Interest | BA10: Amount | BB10: Rate | BC10: Interest | BD10: Amount | BE10: Rate | BF10: Interest | BG10: Amount | BH10: Rate | BI10: Interest | BJ10: Amount | BK10: Rate | BL10: Interest | BM10: Amount | BN10: Rate | BO10: Interest | BP10: Amount | BQ10: Rate | BR10: Interest | BS10: Amount | BT10: Rate | BU10: Interest | BV10: Amount | BW10: Rate | BX10: Interest | BY10: Amount | BZ10: Rate | CA10: Interest | CB10: Amount | CC10: Rate | CD10: Interest | CE10: Amount | CF10: Rate | CG10: Interest | CH10: Amount | CI10: Rate | CJ10: Interest | CK10: Amount | CL10: Rate | CM10: Interest | CN10: Amount | CO10: Rate | CP10: Interest | CQ10: Amount | CR10: Rate | CS10: Interest | CT10: Amount | CU10: Rate | CV10: Interest | CW10: Amount | CX10: Rate | CY10: Interest | CZ10: Amount | DA10: Rate | DB10: Interest | DC10: Amount | DD10: Rate | DE10: Interest | DF10: Amount | DG10: Rate | DH10: Interest | DI10: Amount | DJ10: Rate | DK10: Interest | DL10: Amount | DM10: Rate | DN10: Interest | DO10: Amount | DP10: Rate | DQ10: Interest | DR10: Amount | DS10: Rate | DT10: Interest | DU10: Amount | DV10: Rate | DW10: Interest | DX10: Amount | EB10: Outstanding | EC10: Outstanding | ED10: Interest | EE10: Rate | EG10: Outstanding | EH10: Interest | EI10: Rate | EK10: Outstanding | EL10: Outstanding | EM10: Interest | EN10: Rate
A11: 45901 | B11: 0 | C11: 0.04557629 | D11: =(B11*C11)/360 -> 0 | G11: =(E11*F11)/360 -> 0 | J11: =(H11*I11)/360 -> 0 | M11: =(K11*L11)/360 -> 0 | P11: =(N11*O11)/360 -> 0 | S11: =(Q11*R11)/360 -> 0 | V11: =(T11*U11)/360 -> 0 | Y11: =(W11*X11)/360 -> 0 | AB11: =(Z11*AA11)/360 -> 0 | AE11: 0 | AH11: 0 | AI11: =80000000+107275000 -> 187275000 | AJ11: 0.045 | AK11: =(AI11*AJ11)/360 -> 23409.375 | AL11: =30000000 -> 30000000 | AM11: 0.0455 | AN11: =(AL11*AM11)/360 -> 3791.6667 | AO11: =27625000+42375000 -> 70000000 | AP11: 0.046 | AQ11: =(AO11*AP11)/360 -> 8944.4444 | AT11: =(AR11*AS11)/360 -> 0 | AW11: =(AU11*AV11)/360 -> 0 | AZ11: =(AX11*AY11)/360 -> 0 | BC11: =(BA11*BB11)/360 -> 0 | BF11: =(BD11*BE11)/360 -> 0 | BI11: =(BG11*BH11)/360 -> 0 | BL11: =(BJ11*BK11)/360 -> 0 | BO11: =(BM11*BN11)/360 -> 0 | BR11: =(BP11*BQ11)/360 -> 0 | BU11: =(BS11*BT11)/360 -> 0 | BX11: =(BV11*BW11)/360 -> 0 | CA11: =(BY11*BZ11)/360 -> 0 | CD11: =(CB11*CC11)/360 -> 0 | CG11: =(CE11*CF11)/360 -> 0 | CJ11: =(CH11*CI11)/360 -> 0 | CM11: =(CK11*CL11)/360 -> 0 | CP11: =(CN11*CO11)/360 -> 0 | CS11: =(CQ11*CR11)/360 -> 0 | CV11: =(CT11*CU11)/360 -> 0 | CY11: =(CW11*CX11)/360 -> 0 | DB11: =(CZ11*DA11)/360 -> 0 | DE11: =(DC11*DD11)/360 -> 0 | DH11: =(DF11*DG11)/360 -> 0 | DK11: =(DI11*DJ11)/360 -> 0 | DN11: =(DL11*DM11)/360 -> 0 | DQ11: =(DO11*DP11)/360 -> 0 | DT11: =(DR11*DS11)/360 -> 0 | DW11: =(DU11*DV11)/360 -> 0 | EB11: =B11+E11+H11+K11+N11+Q11+T11+W11+Z11+AC11+AF11+AL11+AO11+AR11+AU11+AX11+BA11+BD11+BG11+DU11+AI11+DR11+DO11+DL11+DI11+DF11+DC11+CZ11+CW11+CT11+CQ11+CN11+CK11+CH11+CE11+CB11+BY11+BV11+BS11+BP11+BM11+BJ11 -> 287275000 | EC11: =EB11-EK11+EL11 -> 0 | ED11: =D11+G11+J11+M11+P11+S11+V11+Y11+AB11+AE11+AH11+AK11+AN11+AQ11+AT11+AW11+AZ11+BC11+BF11+BI11+DW11+DT11+DQ11+DN11+DK11+DH11+DE11+DB11+CY11+CV11+CS11+CP11+CM11+CJ11+CG11+CD11+CA11+BX11+BU11+BR11+BO11+BL11 -> 36145.486 | EE11: =IF(EB11<>0,((ED11/EB11)*360),0) -> 0.045295884 | EG11: =Q11+T11+W11+Z11+AC11+AF11 -> 0 | EH11: =S11+V11+Y11+AB11+AE11+AH11 -> 0 | EI11: =IF(EG11<>0,((EH11/EG11)*360),0) -> 0 | EK11: =DR11+DL11+DI11+DF11+DC11+CZ11+CW11+CT11+CQ11+CN11+CK11+CH11+CE11+CB11+BY11+BV11+BS11+BP11+BM11+BJ11+BG11+BD11+BA11+AX11+AU11+AR11+AO11+AL11+AI11+DO11 -> 287275000 | EL11: =DX11 -> 0 | EM11: =DT11+DQ11+DN11+DK11+DH11+DE11+DB11+CY11+CV11+CS11+CP11+CM11+CJ11+CG11+CD11+CA11+BX11+BU11+BR11+BO11+BL11+BI11+BF11+BC11+AZ11+AW11+AT11+AQ11+AN11+AK11 -> 36145.486 | EN11: =IF(EK11<>0,((EM11/EK11)*360),0) -> 0.045295884
A12: =1+A11 -> 45902 | B12: 0 | C12: 0.0454348 | D12: =(B12*C12)/360 -> 0 | G12: =(E12*F12)/360 -> 0 | J12: =(H12*I12)/360 -> 0 | M12: =(K12*L12)/360 -> 0 | P12: =(N12*O12)/360 -> 0 | S12: =(Q12*R12)/360 -> 0 | V12: =(T12*U12)/360 -> 0 | Y12: =(W12*X12)/360 -> 0 | AB12: =(Z12*AA12)/360 -> 0 | AE12: 0 | AH12: 0 | AI12: =89525000 -> 89525000 | AJ12: 0.045 | AK12: =(AI12*AJ12)/360 -> 11190.625 | AL12: =30000000 -> 30000000 | AM12: 0.0455 | AN12: =(AL12*AM12)/360 -> 3791.6667 | AO12: =27625000+42375000 -> 70000000 | AP12: 0.046 | AQ12: =(AO12*AP12)/360 -> 8944.4444 | AR12: =80000000+20000000 -> 100000000 | AS12: 0.0452 | AT12: =(AR12*AS12)/360 -> 12555.556 | AW12: =(AU12*AV12)/360 -> 0 | AZ12: =(AX12*AY12)/360 -> 0 | BC12: =(BA12*BB12)/360 -> 0 | BF12: =(BD12*BE12)/360 -> 0 | BI12: =(BG12*BH12)/360 -> 0 | BL12: =(BJ12*BK12)/360 -> 0 | BO12: =(BM12*BN12)/360 -> 0 | BR12: =(BP12*BQ12)/360 -> 0 | BU12: =(BS12*BT12)/360 -> 0 | BX12: =(BV12*BW12)/360 -> 0 | CA12: =(BY12*BZ12)/360 -> 0 | CD12: =(CB12*CC12)/360 -> 0 | CG12: =(CE12*CF12)/360 -> 0 | CJ12: =(CH12*CI12)/360 -> 0 | CM12: =(CK12*CL12)/360 -> 0 | CP12: =(CN12*CO12)/360 -> 0 | CS12: =(CQ12*CR12)/360 -> 0 | CV12: =(CT12*CU12)/360 -> 0 | CY12: =(CW12*CX12)/360 -> 0 | DB12: =(CZ12*DA12)/360 -> 0 | DE12: =(DC12*DD12)/360 -> 0 | DH12: =(DF12*DG12)/360 -> 0 | DK12: =(DI12*DJ12)/360 -> 0 | DN12: =(DL12*DM12)/360 -> 0 | DQ12: =(DO12*DP12)/360 -> 0 | DT12: =(DR12*DS12)/360 -> 0 | DW12: =(DU12*DV12)/360 -> 0 | EB12: =B12+E12+H12+K12+N12+Q12+T12+W12+Z12+AC12+AF12+AL12+AO12+AR12+AU12+AX12+BA12+BD12+BG12+DU12+AI12+DR12+DO12+DL12+DI12+DF12+DC12+CZ12+CW12+CT12+CQ12+CN12+CK12+CH12+CE12+CB12+BY12+BV12+BS12+BP12+BM12+BJ12 -> 289525000 | EC12: =EB12-EK12+EL12 -> 0 | ED12: =D12+G12+J12+M12+P12+S12+V12+Y12+AB12+AE12+AH12+AK12+AN12+AQ12+AT12+AW12+AZ12+BC12+BF12+BI12+DW12+DT12+DQ12+DN12+DK12+DH12+DE12+DB12+CY12+CV12+CS12+CP12+CM12+CJ12+CG12+CD12+CA12+BX12+BU12+BR12+BO12+BL12 -> 36482.292 | EE12: =IF(EB12<>0,((ED12/EB12)*360),0) -> 0.045362663 | EG12: =Q12+T12+W12+Z12+AC12+AF12 -> 0 | EH12: =S12+V12+Y12+AB12+AE12+AH12 -> 0 | EI12: =IF(EG12<>0,((EH12/EG12)*360),0) -> 0 | EK12: =DR12+DL12+DI12+DF12+DC12+CZ12+CW12+CT12+CQ12+CN12+CK12+CH12+CE12+CB12+BY12+BV12+BS12+BP12+BM12+BJ12+BG12+BD12+BA12+AX12+AU12+AR12+AO12+AL12+AI12+DO12 -> 289525000 | EL12: =DX12 -> 0 | EM12: =DT12+DQ12+DN12+DK12+DH12+DE12+DB12+CY12+CV12+CS12+CP12+CM12+CJ12+CG12+CD12+CA12+BX12+BU12+BR12+BO12+BL12+BI12+BF12+BC12+AZ12+AW12+AT12+AQ12+AN12+AK12 -> 36482.292 | EN12: =IF(EK12<>0,((EM12/EK12)*360),0) -> 0.045362663
A13: =1+A12 -> 45903 | B13: 125000 | C13: 0.04544469 | D13: =(B13*C13)/360 -> 15.779406 | G13: =(E13*F13)/360 -> 0 | J13: =(H13*I13)/360 -> 0 | M13: =(K13*L13)/360 -> 0 | P13: =(N13*O13)/360 -> 0 | S13: =(Q13*R13)/360 -> 0 | V13: =(T13*U13)/360 -> 0 | Y13: =(W13*X13)/360 -> 0 | AB13: =(Z13*AA13)/360 -> 0 | AE13: 0 | AH13: 0 | AI13: =74725000+125000 -> 74850000 | AJ13: 0.045 | AK13: =(AI13*AJ13)/360 -> 9356.25 | AL13: =30000000 -> 30000000 | AM13: 0.0455 | AN13: =(AL13*AM13)/360 -> 3791.6667 | AO13: =27625000+42375000 -> 70000000 | AP13: 0.046 | AQ13: =(AO13*AP13)/360 -> 8944.4444 | AR13: =80000000+20000000 -> 100000000 | AS13: 0.0452 | AT13: =(AR13*AS13)/360 -> 12555.556 | AW13: =(AU13*AV13)/360 -> 0 | AZ13: =(AX13*AY13)/360 -> 0 | BC13: =(BA13*BB13)/360 -> 0 | BF13: =(BD13*BE13)/360 -> 0 | BI13: =(BG13*BH13)/360 -> 0 | BL13: =(BJ13*BK13)/360 -> 0 | BO13: =(BM13*BN13)/360 -> 0 | BR13: =(BP13*BQ13)/360 -> 0 | BU13: =(BS13*BT13)/360 -> 0 | BX13: =(BV13*BW13)/360 -> 0 | CA13: =(BY13*BZ13)/360 -> 0 | CD13: =(CB13*CC13)/360 -> 0 | CG13: =(CE13*CF13)/360 -> 0 | CJ13: =(CH13*CI13)/360 -> 0 | CM13: =(CK13*CL13)/360 -> 0 | CP13: =(CN13*CO13)/360 -> 0 | CS13: =(CQ13*CR13)/360 -> 0 | CV13: =(CT13*CU13)/360 -> 0 | CY13: =(CW13*CX13)/360 -> 0 | DB13: =(CZ13*DA13)/360 -> 0 | DE13: =(DC13*DD13)/360 -> 0 | DH13: =(DF13*DG13)/360 -> 0 | DK13: =(DI13*DJ13)/360 -> 0 | DN13: =(DL13*DM13)/360 -> 0 | DQ13: =(DO13*DP13)/360 -> 0 | DT13: =(DR13*DS13)/360 -> 0 | DW13: =(DU13*DV13)/360 -> 0 | EB13: =B13+E13+H13+K13+N13+Q13+T13+W13+Z13+AC13+AF13+AL13+AO13+AR13+AU13+AX13+BA13+BD13+BG13+DU13+AI13+DR13+DO13+DL13+DI13+DF13+DC13+CZ13+CW13+CT13+CQ13+CN13+CK13+CH13+CE13+CB13+BY13+BV13+BS13+BP13+BM13+BJ13 -> 274975000 | EC13: =EB13-EK13+EL13 -> 125000 | ED13: =D13+G13+J13+M13+P13+S13+V13+Y13+AB13+AE13+AH13+AK13+AN13+AQ13+AT13+AW13+AZ13+BC13+BF13+BI13+DW13+DT13+DQ13+DN13+DK13+DH13+DE13+DB13+CY13+CV13+CS13+CP13+CM13+CJ13+CG13+CD13+CA13+BX13+BU13+BR13+BO13+BL13 -> 34663.696 | EE13: =IF(EB13<>0,((ED13/EB13)*360),0) -> 0.045382055 | EG13: =Q13+T13+W13+Z13+AC13+AF13 -> 0 | EH13: =S13+V13+Y13+AB13+AE13+AH13 -> 0 | EI13: =IF(EG13<>0,((EH13/EG13)*360),0) -> 0 | EK13: =DR13+DL13+DI13+DF13+DC13+CZ13+CW13+CT13+CQ13+CN13+CK13+CH13+CE13+CB13+BY13+BV13+BS13+BP13+BM13+BJ13+BG13+BD13+BA13+AX13+AU13+AR13+AO13+AL13+AI13+DO13 -> 274850000 | EL13: =DX13 -> 0 | EM13: =DT13+DQ13+DN13+DK13+DH13+DE13+DB13+CY13+CV13+CS13+CP13+CM13+CJ13+CG13+CD13+CA13+BX13+BU13+BR13+BO13+BL13+BI13+BF13+BC13+AZ13+AW13+AT13+AQ13+AN13+AK13 -> 34647.917 | EN13: =IF(EK13<>0,((EM13/EK13)*360),0) -> 0.045382027
A14: =1+A13 -> 45904 | B14: 0 | C14: 0.04543155 | D14: =(B14*C14)/360 -> 0 | G14: =(E14*F14)/360 -> 0 | J14: =(H14*I14)/360 -> 0 | M14: =(K14*L14)/360 -> 0 | P14: =(N14*O14)/360 -> 0 | S14: =(Q14*R14)/360 -> 0 | V14: =(T14*U14)/360 -> 0 | Y14: =(W14*X14)/360 -> 0 | AB14: =(Z14*AA14)/360 -> 0 | AE14: 0 | AH14: 0 | AI14: =65000000+56200000 -> 121200000 | AJ14: 0.045 | AK14: =(AI14*AJ14)/360 -> 15150 | AL14: =30000000 -> 30000000 | AM14: 0.0455 | AN14: =(AL14*AM14)/360 -> 3791.6667 | AQ14: =(AO14*AP14)/360 -> 0 | AR14: =80000000+20000000 -> 100000000 | AS14: 0.0452 | AT14: =(AR14*AS14)/360 -> 12555.556 | AW14: =(AU14*AV14)/360 -> 0 | AZ14: =(AX14*AY14)/360 -> 0 | BC14: =(BA14*BB14)/360 -> 0 | BF14: =(BD14*BE14)/360 -> 0 | BI14: =(BG14*BH14)/360 -> 0 | BL14: =(BJ14*BK14)/360 -> 0 | BO14: =(BM14*BN14)/360 -> 0 | BR14: =(BP14*BQ14)/360 -> 0 | BU14: =(BS14*BT14)/360 -> 0 | BX14: =(BV14*BW14)/360 -> 0 | CA14: =(BY14*BZ14)/360 -> 0 | CD14: =(CB14*CC14)/360 -> 0 | CG14: =(CE14*CF14)/360 -> 0 | CJ14: =(CH14*CI14)/360 -> 0 | CM14: =(CK14*CL14)/360 -> 0 | CP14: =(CN14*CO14)/360 -> 0 | CS14: =(CQ14*CR14)/360 -> 0 | CV14: =(CT14*CU14)/360 -> 0 | CY14: =(CW14*CX14)/360 -> 0 | DB14: =(CZ14*DA14)/360 -> 0 | DE14: =(DC14*DD14)/360 -> 0 | DH14: =(DF14*DG14)/360 -> 0 | DK14: =(DI14*DJ14)/360 -> 0 | DN14: =(DL14*DM14)/360 -> 0 | DQ14: =(DO14*DP14)/360 -> 0 | DT14: =(DR14*DS14)/360 -> 0 | DW14: =(DU14*DV14)/360 -> 0 | EB14: =B14+E14+H14+K14+N14+Q14+T14+W14+Z14+AC14+AF14+AL14+AO14+AR14+AU14+AX14+BA14+BD14+BG14+DU14+AI14+DR14+DO14+DL14+DI14+DF14+DC14+CZ14+CW14+CT14+CQ14+CN14+CK14+CH14+CE14+CB14+BY14+BV14+BS14+BP14+BM14+BJ14 -> 251200000 | EC14: =EB14-EK14+EL14 -> 0 | ED14: =D14+G14+J14+M14+P14+S14+V14+Y14+AB14+AE14+AH14+AK14+AN14+AQ14+AT14+AW14+AZ14+BC14+BF14+BI14+DW14+DT14+DQ14+DN14+DK14+DH14+DE14+DB14+CY14+CV14+CS14+CP14+CM14+CJ14+CG14+CD14+CA14+BX14+BU14+BR14+BO14+BL14 -> 31497.222 | EE14: =IF(EB14<>0,((ED14/EB14)*360),0) -> 0.045139331 | EG14: =Q14+T14+W14+Z14+AC14+AF14 -> 0 | EH14: =S14+V14+Y14+AB14+AE14+AH14 -> 0 | EI14: =IF(EG14<>0,((EH14/EG14)*360),0) -> 0 | EK14: =DR14+DL14+DI14+DF14+DC14+CZ14+CW14+CT14+CQ14+CN14+CK14+CH14+CE14+CB14+BY14+BV14+BS14+BP14+BM14+BJ14+BG14+BD14+BA14+AX14+AU14+AR14+AO14+AL14+AI14+DO14 -> 251200000 | EL14: =DX14 -> 0 | EM14: =DT14+DQ14+DN14+DK14+DH14+DE14+DB14+CY14+CV14+CS14+CP14+CM14+CJ14+CG14+CD14+CA14+BX14+BU14+BR14+BO14+BL14+BI14+BF14+BC14+AZ14+AW14+AT14+AQ14+AN14+AK14 -> 31497.222 | EN14: =IF(EK14<>0,((EM14/EK14)*360),0) -> 0.045139331
A15: =1+A14 -> 45905 | B15: 0 | C15: 0.04526489 | D15: =(B15*C15)/360 -> 0 | G15: =(E15*F15)/360 -> 0 | J15: =(H15*I15)/360 -> 0 | M15: =(K15*L15)/360 -> 0 | P15: =(N15*O15)/360 -> 0 | S15: =(Q15*R15)/360 -> 0 | V15: =(T15*U15)/360 -> 0 | Y15: =(W15*X15)/360 -> 0 | AB15: =(Z15*AA15)/360 -> 0 | AE15: 0 | AH15: 0 | AI15: =70000000+38825000 -> 108825000 | AJ15: 0.045 | AK15: =(AI15*AJ15)/360 -> 13603.125 | AL15: =30000000 -> 30000000 | AM15: 0.0455 | AN15: =(AL15*AM15)/360 -> 3791.6667 | AQ15: =(AO15*AP15)/360 -> 0 | AR15: =80000000+20000000 -> 100000000 | AS15: 0.0452 | AT15: =(AR15*AS15)/360 -> 12555.556 | AW15: =(AU15*AV15)/360 -> 0 | AZ15: =(AX15*AY15)/360 -> 0 | BC15: =(BA15*BB15)/360 -> 0 | BF15: =(BD15*BE15)/360 -> 0 | BI15: =(BG15*BH15)/360 -> 0 | BL15: =(BJ15*BK15)/360 -> 0 | BO15: =(BM15*BN15)/360 -> 0 | BR15: =(BP15*BQ15)/360 -> 0 | BU15: =(BS15*BT15)/360 -> 0 | BX15: =(BV15*BW15)/360 -> 0 | CA15: =(BY15*BZ15)/360 -> 0 | CD15: =(CB15*CC15)/360 -> 0 | CG15: =(CE15*CF15)/360 -> 0 | CJ15: =(CH15*CI15)/360 -> 0 | CM15: =(CK15*CL15)/360 -> 0 | CP15: =(CN15*CO15)/360 -> 0 | CS15: =(CQ15*CR15)/360 -> 0 | CV15: =(CT15*CU15)/360 -> 0 | CY15: =(CW15*CX15)/360 -> 0 | DB15: =(CZ15*DA15)/360 -> 0 | DE15: =(DC15*DD15)/360 -> 0 | DH15: =(DF15*DG15)/360 -> 0 | DK15: =(DI15*DJ15)/360 -> 0 | DN15: =(DL15*DM15)/360 -> 0 | DQ15: =(DO15*DP15)/360 -> 0 | DT15: =(DR15*DS15)/360 -> 0 | DW15: =(DU15*DV15)/360 -> 0 | EB15: =B15+E15+H15+K15+N15+Q15+T15+W15+Z15+AC15+AF15+AL15+AO15+AR15+AU15+AX15+BA15+BD15+BG15+DU15+AI15+DR15+DO15+DL15+DI15+DF15+DC15+CZ15+CW15+CT15+CQ15+CN15+CK15+CH15+CE15+CB15+BY15+BV15+BS15+BP15+BM15+BJ15 -> 238825000 | EC15: =EB15-EK15+EL15 -> 0 | ED15: =D15+G15+J15+M15+P15+S15+V15+Y15+AB15+AE15+AH15+AK15+AN15+AQ15+AT15+AW15+AZ15+BC15+BF15+BI15+DW15+DT15+DQ15+DN15+DK15+DH15+DE15+DB15+CY15+CV15+CS15+CP15+CM15+CJ15+CG15+CD15+CA15+BX15+BU15+BR15+BO15+BL15 -> 29950.347 | EE15: =IF(EB15<>0,((ED15/EB15)*360),0) -> 0.045146551 | EG15: =Q15+T15+W15+Z15+AC15+AF15 -> 0 | EH15: =S15+V15+Y15+AB15+AE15+AH15 -> 0 | EI15: =IF(EG15<>0,((EH15/EG15)*360),0) -> 0 | EK15: =DR15+DL15+DI15+DF15+DC15+CZ15+CW15+CT15+CQ15+CN15+CK15+CH15+CE15+CB15+BY15+BV15+BS15+BP15+BM15+BJ15+BG15+BD15+BA15+AX15+AU15+AR15+AO15+AL15+AI15+DO15 -> 238825000 | EL15: =DX15 -> 0 | EM15: =DT15+DQ15+DN15+DK15+DH15+DE15+DB15+CY15+CV15+CS15+CP15+CM15+CJ15+CG15+CD15+CA15+BX15+BU15+BR15+BO15+BL15+BI15+BF15+BC15+AZ15+AW15+AT15+AQ15+AN15+AK15 -> 29950.347 | EN15: =IF(EK15<>0,((EM15/EK15)*360),0) -> 0.045146551
A16: =1+A15 -> 45906 | B16: 0 | C16: 0.04526489 | D16: =(B16*C16)/360 -> 0 | G16: =(E16*F16)/360 -> 0 | J16: =(H16*I16)/360 -> 0 | M16: =(K16*L16)/360 -> 0 | P16: =(N16*O16)/360 -> 0 | S16: =(Q16*R16)/360 -> 0 | V16: =(T16*U16)/360 -> 0 | Y16: =(W16*X16)/360 -> 0 | AB16: =(Z16*AA16)/360 -> 0 | AE16: 0 | AH16: 0 | AI16: =70000000+38825000 -> 108825000 | AJ16: 0.045 | AK16: =(AI16*AJ16)/360 -> 13603.125 | AL16: =30000000 -> 30000000 | AM16: 0.0455 | AN16: =(AL16*AM16)/360 -> 3791.6667 | AQ16: =(AO16*AP16)/360 -> 0 | AR16: =80000000+20000000 -> 100000000 | AS16: 0.0452 | AT16: =(AR16*AS16)/360 -> 12555.556 | AW16: =(AU16*AV16)/360 -> 0 | AZ16: =(AX16*AY16)/360 -> 0 | BC16: =(BA16*BB16)/360 -> 0 | BF16: =(BD16*BE16)/360 -> 0 | BI16: =(BG16*BH16)/360 -> 0 | BL16: =(BJ16*BK16)/360 -> 0 | BO16: =(BM16*BN16)/360 -> 0 | BR16: =(BP16*BQ16)/360 -> 0 | BU16: =(BS16*BT16)/360 -> 0 | BX16: =(BV16*BW16)/360 -> 0 | CA16: =(BY16*BZ16)/360 -> 0 | CD16: =(CB16*CC16)/360 -> 0 | CG16: =(CE16*CF16)/360 -> 0 | CJ16: =(CH16*CI16)/360 -> 0 | CM16: =(CK16*CL16)/360 -> 0 | CP16: =(CN16*CO16)/360 -> 0 | CS16: =(CQ16*CR16)/360 -> 0 | CV16: =(CT16*CU16)/360 -> 0 | CY16: =(CW16*CX16)/360 -> 0 | DB16: =(CZ16*DA16)/360 -> 0 | DE16: =(DC16*DD16)/360 -> 0 | DH16: =(DF16*DG16)/360 -> 0 | DK16: =(DI16*DJ16)/360 -> 0 | DN16: =(DL16*DM16)/360 -> 0 | DQ16: =(DO16*DP16)/360 -> 0 | DT16: =(DR16*DS16)/360 -> 0 | DW16: =(DU16*DV16)/360 -> 0 | EB16: =B16+E16+H16+K16+N16+Q16+T16+W16+Z16+AC16+AF16+AL16+AO16+AR16+AU16+AX16+BA16+BD16+BG16+DU16+AI16+DR16+DO16+DL16+DI16+DF16+DC16+CZ16+CW16+CT16+CQ16+CN16+CK16+CH16+CE16+CB16+BY16+BV16+BS16+BP16+BM16+BJ16 -> 238825000 | EC16: =EB16-EK16+EL16 -> 0 | ED16: =D16+G16+J16+M16+P16+S16+V16+Y16+AB16+AE16+AH16+AK16+AN16+AQ16+AT16+AW16+AZ16+BC16+BF16+BI16+DW16+DT16+DQ16+DN16+DK16+DH16+DE16+DB16+CY16+CV16+CS16+CP16+CM16+CJ16+CG16+CD16+CA16+BX16+BU16+BR16+BO16+BL16 -> 29950.347 | EE16: =IF(EB16<>0,((ED16/EB16)*360),0) -> 0.045146551 | EG16: =Q16+T16+W16+Z16+AC16+AF16 -> 0 | EH16: =S16+V16+Y16+AB16+AE16+AH16 -> 0 | EI16: =IF(EG16<>0,((EH16/EG16)*360),0) -> 0 | EK16: =DR16+DL16+DI16+DF16+DC16+CZ16+CW16+CT16+CQ16+CN16+CK16+CH16+CE16+CB16+BY16+BV16+BS16+BP16+BM16+BJ16+BG16+BD16+BA16+AX16+AU16+AR16+AO16+AL16+AI16+DO16 -> 238825000 | EL16: =DX16 -> 0 | EM16: =DT16+DQ16+DN16+DK16+DH16+DE16+DB16+CY16+CV16+CS16+CP16+CM16+CJ16+CG16+CD16+CA16+BX16+BU16+BR16+BO16+BL16+BI16+BF16+BC16+AZ16+AW16+AT16+AQ16+AN16+AK16 -> 29950.347 | EN16: =IF(EK16<>0,((EM16/EK16)*360),0) -> 0.045146551
A17: =1+A16 -> 45907 | B17: 0 | C17: 0.04526489 | D17: =(B17*C17)/360 -> 0 | G17: =(E17*F17)/360 -> 0 | J17: =(H17*I17)/360 -> 0 | M17: =(K17*L17)/360 -> 0 | P17: =(N17*O17)/360 -> 0 | S17: =(Q17*R17)/360 -> 0 | V17: =(T17*U17)/360 -> 0 | Y17: =(W17*X17)/360 -> 0 | AB17: =(Z17*AA17)/360 -> 0 | AE17: 0 | AH17: 0 | AI17: =70000000+38825000 -> 108825000 | AJ17: 0.045 | AK17: =(AI17*AJ17)/360 -> 13603.125 | AL17: =30000000 -> 30000000 | AM17: 0.0455 | AN17: =(AL17*AM17)/360 -> 3791.6667 | AQ17: =(AO17*AP17)/360 -> 0 | AR17: =80000000+20000000 -> 100000000 | AS17: 0.0452 | AT17: =(AR17*AS17)/360 -> 12555.556 | AW17: =(AU17*AV17)/360 -> 0 | AZ17: =(AX17*AY17)/360 -> 0 | BC17: =(BA17*BB17)/360 -> 0 | BF17: =(BD17*BE17)/360 -> 0 | BI17: =(BG17*BH17)/360 -> 0 | BL17: =(BJ17*BK17)/360 -> 0 | BO17: =(BM17*BN17)/360 -> 0 | BR17: =(BP17*BQ17)/360 -> 0 | BU17: =(BS17*BT17)/360 -> 0 | BX17: =(BV17*BW17)/360 -> 0 | CA17: =(BY17*BZ17)/360 -> 0 | CD17: =(CB17*CC17)/360 -> 0 | CG17: =(CE17*CF17)/360 -> 0 | CJ17: =(CH17*CI17)/360 -> 0 | CM17: =(CK17*CL17)/360 -> 0 | CP17: =(CN17*CO17)/360 -> 0 | CS17: =(CQ17*CR17)/360 -> 0 | CV17: =(CT17*CU17)/360 -> 0 | CY17: =(CW17*CX17)/360 -> 0 | DB17: =(CZ17*DA17)/360 -> 0 | DE17: =(DC17*DD17)/360 -> 0 | DH17: =(DF17*DG17)/360 -> 0 | DK17: =(DI17*DJ17)/360 -> 0 | DN17: =(DL17*DM17)/360 -> 0 | DQ17: =(DO17*DP17)/360 -> 0 | DT17: =(DR17*DS17)/360 -> 0 | DW17: =(DU17*DV17)/360 -> 0 | EB17: =B17+E17+H17+K17+N17+Q17+T17+W17+Z17+AC17+AF17+AL17+AO17+AR17+AU17+AX17+BA17+BD17+BG17+DU17+AI17+DR17+DO17+DL17+DI17+DF17+DC17+CZ17+CW17+CT17+CQ17+CN17+CK17+CH17+CE17+CB17+BY17+BV17+BS17+BP17+BM17+BJ17 -> 238825000 | EC17: =EB17-EK17+EL17 -> 0 | ED17: =D17+G17+J17+M17+P17+S17+V17+Y17+AB17+AE17+AH17+AK17+AN17+AQ17+AT17+AW17+AZ17+BC17+BF17+BI17+DW17+DT17+DQ17+DN17+DK17+DH17+DE17+DB17+CY17+CV17+CS17+CP17+CM17+CJ17+CG17+CD17+CA17+BX17+BU17+BR17+BO17+BL17 -> 29950.347 | EE17: =IF(EB17<>0,((ED17/EB17)*360),0) -> 0.045146551 | EG17: =Q17+T17+W17+Z17+AC17+AF17 -> 0 | EH17: =S17+V17+Y17+AB17+AE17+AH17 -> 0 | EI17: =IF(EG17<>0,((EH17/EG17)*360),0) -> 0 | EK17: =DR17+DL17+DI17+DF17+DC17+CZ17+CW17+CT17+CQ17+CN17+CK17+CH17+CE17+CB17+BY17+BV17+BS17+BP17+BM17+BJ17+BG17+BD17+BA17+AX17+AU17+AR17+AO17+AL17+AI17+DO17 -> 238825000 | EL17: =DX17 -> 0 | EM17: =DT17+DQ17+DN17+DK17+DH17+DE17+DB17+CY17+CV17+CS17+CP17+CM17+CJ17+CG17+CD17+CA17+BX17+BU17+BR17+BO17+BL17+BI17+BF17+BC17+AZ17+AW17+AT17+AQ17+AN17+AK17 -> 29950.347 | EN17: =IF(EK17<>0,((EM17/EK17)*360),0) -> 0.045146551
A18: =1+A17 -> 45908 | B18: 0 | C18: 0.0451493 | D18: =(B18*C18)/360 -> 0 | G18: =(E18*F18)/360 -> 0 | J18: =(H18*I18)/360 -> 0 | M18: =(K18*L18)/360 -> 0 | P18: =(N18*O18)/360 -> 0 | S18: =(Q18*R18)/360 -> 0 | V18: =(T18*U18)/360 -> 0 | Y18: =(W18*X18)/360 -> 0 | AB18: =(Z18*AA18)/360 -> 0 | AE18: 0 | AH18: 0 | AI18: =39550000+1888000+63112000 -> 104550000 | AJ18: 0.045 | AK18: =(AI18*AJ18)/360 -> 13068.75 | AL18: =30000000 -> 30000000 | AM18: 0.0455 | AN18: =(AL18*AM18)/360 -> 3791.6667 | AQ18: =(AO18*AP18)/360 -> 0 | AR18: =80000000+20000000 -> 100000000 | AS18: 0.0452 | AT18: =(AR18*AS18)/360 -> 12555.556 | AW18: =(AU18*AV18)/360 -> 0 | AZ18: =(AX18*AY18)/360 -> 0 | BC18: =(BA18*BB18)/360 -> 0 | BF18: =(BD18*BE18)/360 -> 0 | BI18: =(BG18*BH18)/360 -> 0 | BL18: =(BJ18*BK18)/360 -> 0 | BO18: =(BM18*BN18)/360 -> 0 | BR18: =(BP18*BQ18)/360 -> 0 | BU18: =(BS18*BT18)/360 -> 0 | BX18: =(BV18*BW18)/360 -> 0 | CA18: =(BY18*BZ18)/360 -> 0 | CD18: =(CB18*CC18)/360 -> 0 | CG18: =(CE18*CF18)/360 -> 0 | CJ18: =(CH18*CI18)/360 -> 0 | CM18: =(CK18*CL18)/360 -> 0 | CP18: =(CN18*CO18)/360 -> 0 | CS18: =(CQ18*CR18)/360 -> 0 | CV18: =(CT18*CU18)/360 -> 0 | CY18: =(CW18*CX18)/360 -> 0 | DB18: =(CZ18*DA18)/360 -> 0 | DE18: =(DC18*DD18)/360 -> 0 | DH18: =(DF18*DG18)/360 -> 0 | DK18: =(DI18*DJ18)/360 -> 0 | DN18: =(DL18*DM18)/360 -> 0 | DQ18: =(DO18*DP18)/360 -> 0 | DT18: =(DR18*DS18)/360 -> 0 | DW18: =(DU18*DV18)/360 -> 0 | EB18: =B18+E18+H18+K18+N18+Q18+T18+W18+Z18+AC18+AF18+AL18+AO18+AR18+AU18+AX18+BA18+BD18+BG18+DU18+AI18+DR18+DO18+DL18+DI18+DF18+DC18+CZ18+CW18+CT18+CQ18+CN18+CK18+CH18+CE18+CB18+BY18+BV18+BS18+BP18+BM18+BJ18 -> 234550000 | EC18: =EB18-EK18+EL18 -> 0 | ED18: =D18+G18+J18+M18+P18+S18+V18+Y18+AB18+AE18+AH18+AK18+AN18+AQ18+AT18+AW18+AZ18+BC18+BF18+BI18+DW18+DT18+DQ18+DN18+DK18+DH18+DE18+DB18+CY18+CV18+CS18+CP18+CM18+CJ18+CG18+CD18+CA18+BX18+BU18+BR18+BO18+BL18 -> 29415.972 | EE18: =IF(EB18<>0,((ED18/EB18)*360),0) -> 0.045149222 | EG18: =Q18+T18+W18+Z18+AC18+AF18 -> 0 | EH18: =S18+V18+Y18+AB18+AE18+AH18 -> 0 | EI18: =IF(EG18<>0,((EH18/EG18)*360),0) -> 0 | EK18: =DR18+DL18+DI18+DF18+DC18+CZ18+CW18+CT18+CQ18+CN18+CK18+CH18+CE18+CB18+BY18+BV18+BS18+BP18+BM18+BJ18+BG18+BD18+BA18+AX18+AU18+AR18+AO18+AL18+AI18+DO18 -> 234550000 | EL18: =DX18 -> 0 | EM18: =DT18+DQ18+DN18+DK18+DH18+DE18+DB18+CY18+CV18+CS18+CP18+CM18+CJ18+CG18+CD18+CA18+BX18+BU18+BR18+BO18+BL18+BI18+BF18+BC18+AZ18+AW18+AT18+AQ18+AN18+AK18 -> 29415.972 | EN18: =IF(EK18<>0,((EM18/EK18)*360),0) -> 0.045149222
A19: =1+A18 -> 45909 | B19: 0 | C19: 0.04507723 | D19: =(B19*C19)/360 -> 0 | G19: =(E19*F19)/360 -> 0 | J19: =(H19*I19)/360 -> 0 | M19: =(K19*L19)/360 -> 0 | P19: =(N19*O19)/360 -> 0 | S19: =(Q19*R19)/360 -> 0 | V19: =(T19*U19)/360 -> 0 | Y19: =(W19*X19)/360 -> 0 | AB19: =(Z19*AA19)/360 -> 0 | AE19: 0 | AH19: 0 | AI19: =125000000+56400000 -> 181400000 | AJ19: 0.0449 | AK19: =(AI19*AJ19)/360 -> 22624.611 | AL19: =30000000 -> 30000000 | AM19: 0.0455 | AN19: =(AL19*AM19)/360 -> 3791.6667 | AQ19: =(AO19*AP19)/360 -> 0 | AT19: =(AR19*AS19)/360 -> 0 | AW19: =(AU19*AV19)/360 -> 0 | AZ19: =(AX19*AY19)/360 -> 0 | BC19: =(BA19*BB19)/360 -> 0 | BF19: =(BD19*BE19)/360 -> 0 | BI19: =(BG19*BH19)/360 -> 0 | BL19: =(BJ19*BK19)/360 -> 0 | BO19: =(BM19*BN19)/360 -> 0 | BR19: =(BP19*BQ19)/360 -> 0 | BU19: =(BS19*BT19)/360 -> 0 | BX19: =(BV19*BW19)/360 -> 0 | CA19: =(BY19*BZ19)/360 -> 0 | CD19: =(CB19*CC19)/360 -> 0 | CG19: =(CE19*CF19)/360 -> 0 | CJ19: =(CH19*CI19)/360 -> 0 | CM19: =(CK19*CL19)/360 -> 0 | CP19: =(CN19*CO19)/360 -> 0 | CS19: =(CQ19*CR19)/360 -> 0 | CV19: =(CT19*CU19)/360 -> 0 | CY19: =(CW19*CX19)/360 -> 0 | DB19: =(CZ19*DA19)/360 -> 0 | DE19: =(DC19*DD19)/360 -> 0 | DH19: =(DF19*DG19)/360 -> 0 | DK19: =(DI19*DJ19)/360 -> 0 | DN19: =(DL19*DM19)/360 -> 0 | DQ19: =(DO19*DP19)/360 -> 0 | DT19: =(DR19*DS19)/360 -> 0 | DW19: =(DU19*DV19)/360 -> 0 | EB19: =B19+E19+H19+K19+N19+Q19+T19+W19+Z19+AC19+AF19+AL19+AO19+AR19+AU19+AX19+BA19+BD19+BG19+DU19+AI19+DR19+DO19+DL19+DI19+DF19+DC19+CZ19+CW19+CT19+CQ19+CN19+CK19+CH19+CE19+CB19+BY19+BV19+BS19+BP19+BM19+BJ19 -> 211400000 | EC19: =EB19-EK19+EL19 -> 0 | ED19: =D19+G19+J19+M19+P19+S19+V19+Y19+AB19+AE19+AH19+AK19+AN19+AQ19+AT19+AW19+AZ19+BC19+BF19+BI19+DW19+DT19+DQ19+DN19+DK19+DH19+DE19+DB19+CY19+CV19+CS19+CP19+CM19+CJ19+CG19+CD19+CA19+BX19+BU19+BR19+BO19+BL19 -> 26416.278 | EE19: =IF(EB19<>0,((ED19/EB19)*360),0) -> 0.044985147 | EG19: =Q19+T19+W19+Z19+AC19+AF19 -> 0 | EH19: =S19+V19+Y19+AB19+AE19+AH19 -> 0 | EI19: =IF(EG19<>0,((EH19/EG19)*360),0) -> 0 | EK19: =DR19+DL19+DI19+DF19+DC19+CZ19+CW19+CT19+CQ19+CN19+CK19+CH19+CE19+CB19+BY19+BV19+BS19+BP19+BM19+BJ19+BG19+BD19+BA19+AX19+AU19+AR19+AO19+AL19+AI19+DO19 -> 211400000 | EL19: =DX19 -> 0 | EM19: =DT19+DQ19+DN19+DK19+DH19+DE19+DB19+CY19+CV19+CS19+CP19+CM19+CJ19+CG19+CD19+CA19+BX19+BU19+BR19+BO19+BL19+BI19+BF19+BC19+AZ19+AW19+AT19+AQ19+AN19+AK19 -> 26416.278 | EN19: =IF(EK19<>0,((EM19/EK19)*360),0) -> 0.044985147
A20: =1+A19 -> 45910 | B20: 0 | C20: 0.04507363 | D20: =(B20*C20)/360 -> 0 | G20: =(E20*F20)/360 -> 0 | J20: =(H20*I20)/360 -> 0 | M20: =(K20*L20)/360 -> 0 | P20: =(N20*O20)/360 -> 0 | S20: =(Q20*R20)/360 -> 0 | V20: =(T20*U20)/360 -> 0 | Y20: =(W20*X20)/360 -> 0 | AB20: =(Z20*AA20)/360 -> 0 | AE20: 0 | AH20: 0 | AI20: =100000000+47000000 -> 147000000 | AJ20: 0.0449 | AK20: =(AI20*AJ20)/360 -> 18334.167 | AL20: =30000000 -> 30000000 | AM20: 0.0455 | AN20: =(AL20*AM20)/360 -> 3791.6667 | AQ20: =(AO20*AP20)/360 -> 0 | AT20: =(AR20*AS20)/360 -> 0 | AW20: =(AU20*AV20)/360 -> 0 | AZ20: =(AX20*AY20)/360 -> 0 | BC20: =(BA20*BB20)/360 -> 0 | BF20: =(BD20*BE20)/360 -> 0 | BI20: =(BG20*BH20)/360 -> 0 | BL20: =(BJ20*BK20)/360 -> 0 | BO20: =(BM20*BN20)/360 -> 0 | BR20: =(BP20*BQ20)/360 -> 0 | BU20: =(BS20*BT20)/360 -> 0 | BX20: =(BV20*BW20)/360 -> 0 | CA20: =(BY20*BZ20)/360 -> 0 | CD20: =(CB20*CC20)/360 -> 0 | CG20: =(CE20*CF20)/360 -> 0 | CJ20: =(CH20*CI20)/360 -> 0 | CM20: =(CK20*CL20)/360 -> 0 | CP20: =(CN20*CO20)/360 -> 0 | CS20: =(CQ20*CR20)/360 -> 0 | CV20: =(CT20*CU20)/360 -> 0 | CY20: =(CW20*CX20)/360 -> 0 | DB20: =(CZ20*DA20)/360 -> 0 | DE20: =(DC20*DD20)/360 -> 0 | DH20: =(DF20*DG20)/360 -> 0 | DK20: =(DI20*DJ20)/360 -> 0 | DN20: =(DL20*DM20)/360 -> 0 | DQ20: =(DO20*DP20)/360 -> 0 | DT20: =(DR20*DS20)/360 -> 0 | DW20: =(DU20*DV20)/360 -> 0 | EB20: =B20+E20+H20+K20+N20+Q20+T20+W20+Z20+AC20+AF20+AL20+AO20+AR20+AU20+AX20+BA20+BD20+BG20+DU20+AI20+DR20+DO20+DL20+DI20+DF20+DC20+CZ20+CW20+CT20+CQ20+CN20+CK20+CH20+CE20+CB20+BY20+BV20+BS20+BP20+BM20+BJ20 -> 177000000 | EC20: =EB20-EK20+EL20 -> 0 | ED20: =D20+G20+J20+M20+P20+S20+V20+Y20+AB20+AE20+AH20+AK20+AN20+AQ20+AT20+AW20+AZ20+BC20+BF20+BI20+DW20+DT20+DQ20+DN20+DK20+DH20+DE20+DB20+CY20+CV20+CS20+CP20+CM20+CJ20+CG20+CD20+CA20+BX20+BU20+BR20+BO20+BL20 -> 22125.833 | EE20: =IF(EB20<>0,((ED20/EB20)*360),0) -> 0.045001695 | EG20: =Q20+T20+W20+Z20+AC20+AF20 -> 0 | EH20: =S20+V20+Y20+AB20+AE20+AH20 -> 0 | EI20: =IF(EG20<>0,((EH20/EG20)*360),0) -> 0 | EK20: =DR20+DL20+DI20+DF20+DC20+CZ20+CW20+CT20+CQ20+CN20+CK20+CH20+CE20+CB20+BY20+BV20+BS20+BP20+BM20+BJ20+BG20+BD20+BA20+AX20+AU20+AR20+AO20+AL20+AI20+DO20 -> 177000000 | EL20: =DX20 -> 0 | EM20: =DT20+DQ20+DN20+DK20+DH20+DE20+DB20+CY20+CV20+CS20+CP20+CM20+CJ20+CG20+CD20+CA20+BX20+BU20+BR20+BO20+BL20+BI20+BF20+BC20+AZ20+AW20+AT20+AQ20+AN20+AK20 -> 22125.833 | EN20: =IF(EK20<>0,((EM20/EK20)*360),0) -> 0.045001695
A21: =1+A20 -> 45911 | B21: 0 | C21: 0.04507687 | D21: =(B21*C21)/360 -> 0 | G21: =(E21*F21)/360 -> 0 | J21: =(H21*I21)/360 -> 0 | M21: =(K21*L21)/360 -> 0 | P21: =(N21*O21)/360 -> 0 | S21: =(Q21*R21)/360 -> 0 | V21: =(T21*U21)/360 -> 0 | Y21: =(W21*X21)/360 -> 0 | AB21: =(Z21*AA21)/360 -> 0 | AE21: 0 | AH21: 0 | AI21: =20000000+40000000+80325000 -> 140325000 | AJ21: 0.0449 | AK21: =(AI21*AJ21)/360 -> 17501.646 | AL21: =30000000 -> 30000000 | AM21: 0.0455 | AN21: =(AL21*AM21)/360 -> 3791.6667 | AQ21: =(AO21*AP21)/360 -> 0 | AT21: =(AR21*AS21)/360 -> 0 | AW21: =(AU21*AV21)/360 -> 0 | AZ21: =(AX21*AY21)/360 -> 0 | BC21: =(BA21*BB21)/360 -> 0 | BF21: =(BD21*BE21)/360 -> 0 | BI21: =(BG21*BH21)/360 -> 0 | BL21: =(BJ21*BK21)/360 -> 0 | BO21: =(BM21*BN21)/360 -> 0 | BR21: =(BP21*BQ21)/360 -> 0 | BU21: =(BS21*BT21)/360 -> 0 | BX21: =(BV21*BW21)/360 -> 0 | CA21: =(BY21*BZ21)/360 -> 0 | CD21: =(CB21*CC21)/360 -> 0 | CG21: =(CE21*CF21)/360 -> 0 | CJ21: =(CH21*CI21)/360 -> 0 | CM21: =(CK21*CL21)/360 -> 0 | CP21: =(CN21*CO21)/360 -> 0 | CS21: =(CQ21*CR21)/360 -> 0 | CV21: =(CT21*CU21)/360 -> 0 | CY21: =(CW21*CX21)/360 -> 0 | DB21: =(CZ21*DA21)/360 -> 0 | DE21: =(DC21*DD21)/360 -> 0 | DH21: =(DF21*DG21)/360 -> 0 | DK21: =(DI21*DJ21)/360 -> 0 | DN21: =(DL21*DM21)/360 -> 0 | DQ21: =(DO21*DP21)/360 -> 0 | DT21: =(DR21*DS21)/360 -> 0 | DW21: =(DU21*DV21)/360 -> 0 | EB21: =B21+E21+H21+K21+N21+Q21+T21+W21+Z21+AC21+AF21+AL21+AO21+AR21+AU21+AX21+BA21+BD21+BG21+DU21+AI21+DR21+DO21+DL21+DI21+DF21+DC21+CZ21+CW21+CT21+CQ21+CN21+CK21+CH21+CE21+CB21+BY21+BV21+BS21+BP21+BM21+BJ21 -> 170325000 | EC21: =EB21-EK21+EL21 -> 0 | ED21: =D21+G21+J21+M21+P21+S21+V21+Y21+AB21+AE21+AH21+AK21+AN21+AQ21+AT21+AW21+AZ21+BC21+BF21+BI21+DW21+DT21+DQ21+DN21+DK21+DH21+DE21+DB21+CY21+CV21+CS21+CP21+CM21+CJ21+CG21+CD21+CA21+BX21+BU21+BR21+BO21+BL21 -> 21293.312 | EE21: =IF(EB21<>0,((ED21/EB21)*360),0) -> 0.04500568 | EG21: =Q21+T21+W21+Z21+AC21+AF21 -> 0 | EH21: =S21+V21+Y21+AB21+AE21+AH21 -> 0 | EI21: =IF(EG21<>0,((EH21/EG21)*360),0) -> 0 | EK21: =DR21+DL21+DI21+DF21+DC21+CZ21+CW21+CT21+CQ21+CN21+CK21+CH21+CE21+CB21+BY21+BV21+BS21+BP21+BM21+BJ21+BG21+BD21+BA21+AX21+AU21+AR21+AO21+AL21+AI21+DO21 -> 170325000 | EL21: =DX21 -> 0 | EM21: =DT21+DQ21+DN21+DK21+DH21+DE21+DB21+CY21+CV21+CS21+CP21+CM21+CJ21+CG21+CD21+CA21+BX21+BU21+BR21+BO21+BL21+BI21+BF21+BC21+AZ21+AW21+AT21+AQ21+AN21+AK21 -> 21293.312 | EN21: =IF(EK21<>0,((EM21/EK21)*360),0) -> 0.04500568
A22: =1+A21 -> 45912 | B22: 0 | C22: 0.0449619 | D22: =(B22*C22)/360 -> 0 | G22: =(E22*F22)/360 -> 0 | J22: =(H22*I22)/360 -> 0 | M22: =(K22*L22)/360 -> 0 | P22: =(N22*O22)/360 -> 0 | S22: =(Q22*R22)/360 -> 0 | V22: =(T22*U22)/360 -> 0 | Y22: =(W22*X22)/360 -> 0 | AB22: =(Z22*AA22)/360 -> 0 | AE22: 0 | AH22: 0 | AI22: =55000000+104825000 -> 159825000 | AJ22: 0.0449 | AK22: =(AI22*AJ22)/360 -> 19933.729 | AL22: =30000000 -> 30000000 | AM22: 0.0455 | AN22: =(AL22*AM22)/360 -> 3791.6667 | AQ22: =(AO22*AP22)/360 -> 0 | AT22: =(AR22*AS22)/360 -> 0 | AW22: =(AU22*AV22)/360 -> 0 | AZ22: =(AX22*AY22)/360 -> 0 | BC22: =(BA22*BB22)/360 -> 0 | BF22: =(BD22*BE22)/360 -> 0 | BI22: =(BG22*BH22)/360 -> 0 | BL22: =(BJ22*BK22)/360 -> 0 | BO22: =(BM22*BN22)/360 -> 0 | BR22: =(BP22*BQ22)/360 -> 0 | BU22: =(BS22*BT22)/360 -> 0 | BX22: =(BV22*BW22)/360 -> 0 | CA22: =(BY22*BZ22)/360 -> 0 | CD22: =(CB22*CC22)/360 -> 0 | CG22: =(CE22*CF22)/360 -> 0 | CJ22: =(CH22*CI22)/360 -> 0 | CM22: =(CK22*CL22)/360 -> 0 | CP22: =(CN22*CO22)/360 -> 0 | CS22: =(CQ22*CR22)/360 -> 0 | CV22: =(CT22*CU22)/360 -> 0 | CY22: =(CW22*CX22)/360 -> 0 | DB22: =(CZ22*DA22)/360 -> 0 | DE22: =(DC22*DD22)/360 -> 0 | DH22: =(DF22*DG22)/360 -> 0 | DK22: =(DI22*DJ22)/360 -> 0 | DN22: =(DL22*DM22)/360 -> 0 | DQ22: =(DO22*DP22)/360 -> 0 | DT22: =(DR22*DS22)/360 -> 0 | DW22: =(DU22*DV22)/360 -> 0 | EB22: =B22+E22+H22+K22+N22+Q22+T22+W22+Z22+AC22+AF22+AL22+AO22+AR22+AU22+AX22+BA22+BD22+BG22+DU22+AI22+DR22+DO22+DL22+DI22+DF22+DC22+CZ22+CW22+CT22+CQ22+CN22+CK22+CH22+CE22+CB22+BY22+BV22+BS22+BP22+BM22+BJ22 -> 189825000 | EC22: =EB22-EK22+EL22 -> 0 | ED22: =D22+G22+J22+M22+P22+S22+V22+Y22+AB22+AE22+AH22+AK22+AN22+AQ22+AT22+AW22+AZ22+BC22+BF22+BI22+DW22+DT22+DQ22+DN22+DK22+DH22+DE22+DB22+CY22+CV22+CS22+CP22+CM22+CJ22+CG22+CD22+CA22+BX22+BU22+BR22+BO22+BL22 -> 23725.396 | EE22: =IF(EB22<>0,((ED22/EB22)*360),0) -> 0.044994824 | EG22: =Q22+T22+W22+Z22+AC22+AF22 -> 0 | EH22: =S22+V22+Y22+AB22+AE22+AH22 -> 0 | EI22: =IF(EG22<>0,((EH22/EG22)*360),0) -> 0 | EK22: =DR22+DL22+DI22+DF22+DC22+CZ22+CW22+CT22+CQ22+CN22+CK22+CH22+CE22+CB22+BY22+BV22+BS22+BP22+BM22+BJ22+BG22+BD22+BA22+AX22+AU22+AR22+AO22+AL22+AI22+DO22 -> 189825000 | EL22: =DX22 -> 0 | EM22: =DT22+DQ22+DN22+DK22+DH22+DE22+DB22+CY22+CV22+CS22+CP22+CM22+CJ22+CG22+CD22+CA22+BX22+BU22+BR22+BO22+BL22+BI22+BF22+BC22+AZ22+AW22+AT22+AQ22+AN22+AK22 -> 23725.396 | EN22: =IF(EK22<>0,((EM22/EK22)*360),0) -> 0.044994824
A23: =1+A22 -> 45913 | B23: 0 | C23: 0.0449619 | D23: =(B23*C23)/360 -> 0 | G23: =(E23*F23)/360 -> 0 | J23: =(H23*I23)/360 -> 0 | M23: =(K23*L23)/360 -> 0 | P23: =(N23*O23)/360 -> 0 | S23: =(Q23*R23)/360 -> 0 | V23: =(T23*U23)/360 -> 0 | Y23: =(W23*X23)/360 -> 0 | AB23: =(Z23*AA23)/360 -> 0 | AE23: 0 | AH23: 0 | AI23: =55000000+104825000 -> 159825000 | AJ23: 0.0449 | AK23: =(AI23*AJ23)/360 -> 19933.729 | AL23: =30000000 -> 30000000 | AM23: 0.0455 | AN23: =(AL23*AM23)/360 -> 3791.6667 | AQ23: =(AO23*AP23)/360 -> 0 | AT23: =(AR23*AS23)/360 -> 0 | AW23: =(AU23*AV23)/360 -> 0 | AZ23: =(AX23*AY23)/360 -> 0 | BC23: =(BA23*BB23)/360 -> 0 | BF23: =(BD23*BE23)/360 -> 0 | BI23: =(BG23*BH23)/360 -> 0 | BL23: =(BJ23*BK23)/360 -> 0 | BO23: =(BM23*BN23)/360 -> 0 | BR23: =(BP23*BQ23)/360 -> 0 | BU23: =(BS23*BT23)/360 -> 0 | BX23: =(BV23*BW23)/360 -> 0 | CA23: =(BY23*BZ23)/360 -> 0 | CD23: =(CB23*CC23)/360 -> 0 | CG23: =(CE23*CF23)/360 -> 0 | CJ23: =(CH23*CI23)/360 -> 0 | CM23: =(CK23*CL23)/360 -> 0 | CP23: =(CN23*CO23)/360 -> 0 | CS23: =(CQ23*CR23)/360 -> 0 | CV23: =(CT23*CU23)/360 -> 0 | CY23: =(CW23*CX23)/360 -> 0 | DB23: =(CZ23*DA23)/360 -> 0 | DE23: =(DC23*DD23)/360 -> 0 | DH23: =(DF23*DG23)/360 -> 0 | DK23: =(DI23*DJ23)/360 -> 0 | DN23: =(DL23*DM23)/360 -> 0 | DQ23: =(DO23*DP23)/360 -> 0 | DT23: =(DR23*DS23)/360 -> 0 | DW23: =(DU23*DV23)/360 -> 0 | EB23: =B23+E23+H23+K23+N23+Q23+T23+W23+Z23+AC23+AF23+AL23+AO23+AR23+AU23+AX23+BA23+BD23+BG23+DU23+AI23+DR23+DO23+DL23+DI23+DF23+DC23+CZ23+CW23+CT23+CQ23+CN23+CK23+CH23+CE23+CB23+BY23+BV23+BS23+BP23+BM23+BJ23 -> 189825000 | EC23: =EB23-EK23+EL23 -> 0 | ED23: =D23+G23+J23+M23+P23+S23+V23+Y23+AB23+AE23+AH23+AK23+AN23+AQ23+AT23+AW23+AZ23+BC23+BF23+BI23+DW23+DT23+DQ23+DN23+DK23+DH23+DE23+DB23+CY23+CV23+CS23+CP23+CM23+CJ23+CG23+CD23+CA23+BX23+BU23+BR23+BO23+BL23 -> 23725.396 | EE23: =IF(EB23<>0,((ED23/EB23)*360),0) -> 0.044994824 | EG23: =Q23+T23+W23+Z23+AC23+AF23 -> 0 | EH23: =S23+V23+Y23+AB23+AE23+AH23 -> 0 | EI23: =IF(EG23<>0,((EH23/EG23)*360),0) -> 0 | EK23: =DR23+DL23+DI23+DF23+DC23+CZ23+CW23+CT23+CQ23+CN23+CK23+CH23+CE23+CB23+BY23+BV23+BS23+BP23+BM23+BJ23+BG23+BD23+BA23+AX23+AU23+AR23+AO23+AL23+AI23+DO23 -> 189825000 | EL23: =DX23 -> 0 | EM23: =DT23+DQ23+DN23+DK23+DH23+DE23+DB23+CY23+CV23+CS23+CP23+CM23+CJ23+CG23+CD23+CA23+BX23+BU23+BR23+BO23+BL23+BI23+BF23+BC23+AZ23+AW23+AT23+AQ23+AN23+AK23 -> 23725.396 | EN23: =IF(EK23<>0,((EM23/EK23)*360),0) -> 0.044994824
A24: =1+A23 -> 45914 | B24: 0 | C24: 0.0449619 | D24: =(B24*C24)/360 -> 0 | G24: =(E24*F24)/360 -> 0 | J24: =(H24*I24)/360 -> 0 | M24: =(K24*L24)/360 -> 0 | P24: =(N24*O24)/360 -> 0 | S24: =(Q24*R24)/360 -> 0 | V24: =(T24*U24)/360 -> 0 | Y24: =(W24*X24)/360 -> 0 | AB24: =(Z24*AA24)/360 -> 0 | AE24: 0 | AH24: 0 | AI24: =55000000+104825000 -> 159825000 | AJ24: 0.0449 | AK24: =(AI24*AJ24)/360 -> 19933.729 | AL24: =30000000 -> 30000000 | AM24: 0.0455 | AN24: =(AL24*AM24)/360 -> 3791.6667 | AQ24: =(AO24*AP24)/360 -> 0 | AT24: =(AR24*AS24)/360 -> 0 | AW24: =(AU24*AV24)/360 -> 0 | AZ24: =(AX24*AY24)/360 -> 0 | BC24: =(BA24*BB24)/360 -> 0 | BF24: =(BD24*BE24)/360 -> 0 | BI24: =(BG24*BH24)/360 -> 0 | BL24: =(BJ24*BK24)/360 -> 0 | BO24: =(BM24*BN24)/360 -> 0 | BR24: =(BP24*BQ24)/360 -> 0 | BU24: =(BS24*BT24)/360 -> 0 | BX24: =(BV24*BW24)/360 -> 0 | CA24: =(BY24*BZ24)/360 -> 0 | CD24: =(CB24*CC24)/360 -> 0 | CG24: =(CE24*CF24)/360 -> 0 | CJ24: =(CH24*CI24)/360 -> 0 | CM24: =(CK24*CL24)/360 -> 0 | CP24: =(CN24*CO24)/360 -> 0 | CS24: =(CQ24*CR24)/360 -> 0 | CV24: =(CT24*CU24)/360 -> 0 | CY24: =(CW24*CX24)/360 -> 0 | DB24: =(CZ24*DA24)/360 -> 0 | DE24: =(DC24*DD24)/360 -> 0 | DH24: =(DF24*DG24)/360 -> 0 | DK24: =(DI24*DJ24)/360 -> 0 | DN24: =(DL24*DM24)/360 -> 0 | DQ24: =(DO24*DP24)/360 -> 0 | DT24: =(DR24*DS24)/360 -> 0 | DW24: =(DU24*DV24)/360 -> 0 | EB24: =B24+E24+H24+K24+N24+Q24+T24+W24+Z24+AC24+AF24+AL24+AO24+AR24+AU24+AX24+BA24+BD24+BG24+DU24+AI24+DR24+DO24+DL24+DI24+DF24+DC24+CZ24+CW24+CT24+CQ24+CN24+CK24+CH24+CE24+CB24+BY24+BV24+BS24+BP24+BM24+BJ24 -> 189825000 | EC24: =EB24-EK24+EL24 -> 0 | ED24: =D24+G24+J24+M24+P24+S24+V24+Y24+AB24+AE24+AH24+AK24+AN24+AQ24+AT24+AW24+AZ24+BC24+BF24+BI24+DW24+DT24+DQ24+DN24+DK24+DH24+DE24+DB24+CY24+CV24+CS24+CP24+CM24+CJ24+CG24+CD24+CA24+BX24+BU24+BR24+BO24+BL24 -> 23725.396 | EE24: =IF(EB24<>0,((ED24/EB24)*360),0) -> 0.044994824 | EG24: =Q24+T24+W24+Z24+AC24+AF24 -> 0 | EH24: =S24+V24+Y24+AB24+AE24+AH24 -> 0 | EI24: =IF(EG24<>0,((EH24/EG24)*360),0) -> 0 | EK24: =DR24+DL24+DI24+DF24+DC24+CZ24+CW24+CT24+CQ24+CN24+CK24+CH24+CE24+CB24+BY24+BV24+BS24+BP24+BM24+BJ24+BG24+BD24+BA24+AX24+AU24+AR24+AO24+AL24+AI24+DO24 -> 189825000 | EL24: =DX24 -> 0 | EM24: =DT24+DQ24+DN24+DK24+DH24+DE24+DB24+CY24+CV24+CS24+CP24+CM24+CJ24+CG24+CD24+CA24+BX24+BU24+BR24+BO24+BL24+BI24+BF24+BC24+AZ24+AW24+AT24+AQ24+AN24+AK24 -> 23725.396 | EN24: =IF(EK24<>0,((EM24/EK24)*360),0) -> 0.044994824
A25: =1+A24 -> 45915 | B25: 0 | C25: 0.0449598 | D25: =(B25*C25)/360 -> 0 | G25: =(E25*F25)/360 -> 0 | J25: =(H25*I25)/360 -> 0 | M25: =(K25*L25)/360 -> 0 | P25: =(N25*O25)/360 -> 0 | S25: =(Q25*R25)/360 -> 0 | V25: =(T25*U25)/360 -> 0 | Y25: =(W25*X25)/360 -> 0 | AB25: =(Z25*AA25)/360 -> 0 | AE25: 0 | AH25: 0 | AI25: =70000000+154450000+30000000 -> 254450000 | AJ25: 0.0449 | AK25: =(AI25*AJ25)/360 -> 31735.569 | AN25: =(AL25*AM25)/360 -> 0 | AQ25: =(AO25*AP25)/360 -> 0 | AT25: =(AR25*AS25)/360 -> 0 | AW25: =(AU25*AV25)/360 -> 0 | AZ25: =(AX25*AY25)/360 -> 0 | BC25: =(BA25*BB25)/360 -> 0 | BF25: =(BD25*BE25)/360 -> 0 | BI25: =(BG25*BH25)/360 -> 0 | BL25: =(BJ25*BK25)/360 -> 0 | BO25: =(BM25*BN25)/360 -> 0 | BR25: =(BP25*BQ25)/360 -> 0 | BU25: =(BS25*BT25)/360 -> 0 | BX25: =(BV25*BW25)/360 -> 0 | CA25: =(BY25*BZ25)/360 -> 0 | CD25: =(CB25*CC25)/360 -> 0 | CG25: =(CE25*CF25)/360 -> 0 | CJ25: =(CH25*CI25)/360 -> 0 | CM25: =(CK25*CL25)/360 -> 0 | CP25: =(CN25*CO25)/360 -> 0 | CS25: =(CQ25*CR25)/360 -> 0 | CV25: =(CT25*CU25)/360 -> 0 | CY25: =(CW25*CX25)/360 -> 0 | DB25: =(CZ25*DA25)/360 -> 0 | DE25: =(DC25*DD25)/360 -> 0 | DH25: =(DF25*DG25)/360 -> 0 | DK25: =(DI25*DJ25)/360 -> 0 | DN25: =(DL25*DM25)/360 -> 0 | DQ25: =(DO25*DP25)/360 -> 0 | DT25: =(DR25*DS25)/360 -> 0 | DW25: =(DU25*DV25)/360 -> 0 | EB25: =B25+E25+H25+K25+N25+Q25+T25+W25+Z25+AC25+AF25+AL25+AO25+AR25+AU25+AX25+BA25+BD25+BG25+DU25+AI25+DR25+DO25+DL25+DI25+DF25+DC25+CZ25+CW25+CT25+CQ25+CN25+CK25+CH25+CE25+CB25+BY25+BV25+BS25+BP25+BM25+BJ25 -> 254450000 | EC25: =EB25-EK25+EL25 -> 0 | ED25: =D25+G25+J25+M25+P25+S25+V25+Y25+AB25+AE25+AH25+AK25+AN25+AQ25+AT25+AW25+AZ25+BC25+BF25+BI25+DW25+DT25+DQ25+DN25+DK25+DH25+DE25+DB25+CY25+CV25+CS25+CP25+CM25+CJ25+CG25+CD25+CA25+BX25+BU25+BR25+BO25+BL25 -> 31735.569 | EE25: =IF(EB25<>0,((ED25/EB25)*360),0) -> 0.0449 | EG25: =Q25+T25+W25+Z25+AC25+AF25 -> 0 | EH25: =S25+V25+Y25+AB25+AE25+AH25 -> 0 | EI25: =IF(EG25<>0,((EH25/EG25)*360),0) -> 0 | EK25: =DR25+DL25+DI25+DF25+DC25+CZ25+CW25+CT25+CQ25+CN25+CK25+CH25+CE25+CB25+BY25+BV25+BS25+BP25+BM25+BJ25+BG25+BD25+BA25+AX25+AU25+AR25+AO25+AL25+AI25+DO25 -> 254450000 | EL25: =DX25 -> 0 | EM25: =DT25+DQ25+DN25+DK25+DH25+DE25+DB25+CY25+CV25+CS25+CP25+CM25+CJ25+CG25+CD25+CA25+BX25+BU25+BR25+BO25+BL25+BI25+BF25+BC25+AZ25+AW25+AT25+AQ25+AN25+AK25 -> 31735.569 | EN25: =IF(EK25<>0,((EM25/EK25)*360),0) -> 0.0449
A26: =1+A25 -> 45916 | B26: 0 | C26: 0.04492494 | D26: =(B26*C26)/360 -> 0 | G26: =(E26*F26)/360 -> 0 | J26: =(H26*I26)/360 -> 0 | M26: =(K26*L26)/360 -> 0 | P26: =(N26*O26)/360 -> 0 | S26: =(Q26*R26)/360 -> 0 | V26: =(T26*U26)/360 -> 0 | Y26: =(W26*X26)/360 -> 0 | AB26: =(Z26*AA26)/360 -> 0 | AE26: 0 | AH26: 0 | AI26: =42500000+97500000+91100000 -> 231100000 | AJ26: 0.0449 | AK26: =(AI26*AJ26)/360 -> 28823.306 | AN26: =(AL26*AM26)/360 -> 0 | AQ26: =(AO26*AP26)/360 -> 0 | AT26: =(AR26*AS26)/360 -> 0 | AW26: =(AU26*AV26)/360 -> 0 | AZ26: =(AX26*AY26)/360 -> 0 | BC26: =(BA26*BB26)/360 -> 0 | BF26: =(BD26*BE26)/360 -> 0 | BI26: =(BG26*BH26)/360 -> 0 | BL26: =(BJ26*BK26)/360 -> 0 | BO26: =(BM26*BN26)/360 -> 0 | BR26: =(BP26*BQ26)/360 -> 0 | BU26: =(BS26*BT26)/360 -> 0 | BX26: =(BV26*BW26)/360 -> 0 | CA26: =(BY26*BZ26)/360 -> 0 | CD26: =(CB26*CC26)/360 -> 0 | CG26: =(CE26*CF26)/360 -> 0 | CJ26: =(CH26*CI26)/360 -> 0 | CM26: =(CK26*CL26)/360 -> 0 | CP26: =(CN26*CO26)/360 -> 0 | CS26: =(CQ26*CR26)/360 -> 0 | CV26: =(CT26*CU26)/360 -> 0 | CY26: =(CW26*CX26)/360 -> 0 | DB26: =(CZ26*DA26)/360 -> 0 | DE26: =(DC26*DD26)/360 -> 0 | DH26: =(DF26*DG26)/360 -> 0 | DK26: =(DI26*DJ26)/360 -> 0 | DN26: =(DL26*DM26)/360 -> 0 | DQ26: =(DO26*DP26)/360 -> 0 | DT26: =(DR26*DS26)/360 -> 0 | DW26: =(DU26*DV26)/360 -> 0 | EB26: =B26+E26+H26+K26+N26+Q26+T26+W26+Z26+AC26+AF26+AL26+AO26+AR26+AU26+AX26+BA26+BD26+BG26+DU26+AI26+DR26+DO26+DL26+DI26+DF26+DC26+CZ26+CW26+CT26+CQ26+CN26+CK26+CH26+CE26+CB26+BY26+BV26+BS26+BP26+BM26+BJ26 -> 231100000 | EC26: =EB26-EK26+EL26 -> 0 | ED26: =D26+G26+J26+M26+P26+S26+V26+Y26+AB26+AE26+AH26+AK26+AN26+AQ26+AT26+AW26+AZ26+BC26+BF26+BI26+DW26+DT26+DQ26+DN26+DK26+DH26+DE26+DB26+CY26+CV26+CS26+CP26+CM26+CJ26+CG26+CD26+CA26+BX26+BU26+BR26+BO26+BL26 -> 28823.306 | EE26: =IF(EB26<>0,((ED26/EB26)*360),0) -> 0.0449 | EG26: =Q26+T26+W26+Z26+AC26+AF26 -> 0 | EH26: =S26+V26+Y26+AB26+AE26+AH26 -> 0 | EI26: =IF(EG26<>0,((EH26/EG26)*360),0) -> 0 | EK26: =DR26+DL26+DI26+DF26+DC26+CZ26+CW26+CT26+CQ26+CN26+CK26+CH26+CE26+CB26+BY26+BV26+BS26+BP26+BM26+BJ26+BG26+BD26+BA26+AX26+AU26+AR26+AO26+AL26+AI26+DO26 -> 231100000 | EL26: =DX26 -> 0 | EM26: =DT26+DQ26+DN26+DK26+DH26+DE26+DB26+CY26+CV26+CS26+CP26+CM26+CJ26+CG26+CD26+CA26+BX26+BU26+BR26+BO26+BL26+BI26+BF26+BC26+AZ26+AW26+AT26+AQ26+AN26+AK26 -> 28823.306 | EN26: =IF(EK26<>0,((EM26/EK26)*360),0) -> 0.0449
A27: =1+A26 -> 45917 | B27: 0 | C27: 0.0449 | D27: =(B27*C27)/360 -> 0 | G27: =(E27*F27)/360 -> 0 | J27: =(H27*I27)/360 -> 0 | M27: =(K27*L27)/360 -> 0 | P27: =(N27*O27)/360 -> 0 | S27: =(Q27*R27)/360 -> 0 | V27: =(T27*U27)/360 -> 0 | Y27: =(W27*X27)/360 -> 0 | AB27: =(Z27*AA27)/360 -> 0 | AE27: 0 | AH27: 0 | AI27: =140000000+65250000 -> 205250000 | AJ27: 0.0449 | AK27: =(AI27*AJ27)/360 -> 25599.236 | AN27: =(AL27*AM27)/360 -> 0 | AQ27: =(AO27*AP27)/360 -> 0 | AT27: =(AR27*AS27)/360 -> 0 | AW27: =(AU27*AV27)/360 -> 0 | AZ27: =(AX27*AY27)/360 -> 0 | BC27: =(BA27*BB27)/360 -> 0 | BF27: =(BD27*BE27)/360 -> 0 | BI27: =(BG27*BH27)/360 -> 0 | BL27: =(BJ27*BK27)/360 -> 0 | BO27: =(BM27*BN27)/360 -> 0 | BR27: =(BP27*BQ27)/360 -> 0 | BU27: =(BS27*BT27)/360 -> 0 | BX27: =(BV27*BW27)/360 -> 0 | CA27: =(BY27*BZ27)/360 -> 0 | CD27: =(CB27*CC27)/360 -> 0 | CG27: =(CE27*CF27)/360 -> 0 | CJ27: =(CH27*CI27)/360 -> 0 | CM27: =(CK27*CL27)/360 -> 0 | CP27: =(CN27*CO27)/360 -> 0 | CS27: =(CQ27*CR27)/360 -> 0 | CV27: =(CT27*CU27)/360 -> 0 | CY27: =(CW27*CX27)/360 -> 0 | DB27: =(CZ27*DA27)/360 -> 0 | DE27: =(DC27*DD27)/360 -> 0 | DH27: =(DF27*DG27)/360 -> 0 | DK27: =(DI27*DJ27)/360 -> 0 | DN27: =(DL27*DM27)/360 -> 0 | DQ27: =(DO27*DP27)/360 -> 0 | DT27: =(DR27*DS27)/360 -> 0 | DW27: =(DU27*DV27)/360 -> 0 | EB27: =B27+E27+H27+K27+N27+Q27+T27+W27+Z27+AC27+AF27+AL27+AO27+AR27+AU27+AX27+BA27+BD27+BG27+DU27+AI27+DR27+DO27+DL27+DI27+DF27+DC27+CZ27+CW27+CT27+CQ27+CN27+CK27+CH27+CE27+CB27+BY27+BV27+BS27+BP27+BM27+BJ27 -> 205250000 | EC27: =EB27-EK27+EL27 -> 0 | ED27: =D27+G27+J27+M27+P27+S27+V27+Y27+AB27+AE27+AH27+AK27+AN27+AQ27+AT27+AW27+AZ27+BC27+BF27+BI27+DW27+DT27+DQ27+DN27+DK27+DH27+DE27+DB27+CY27+CV27+CS27+CP27+CM27+CJ27+CG27+CD27+CA27+BX27+BU27+BR27+BO27+BL27 -> 25599.236 | EE27: =IF(EB27<>0,((ED27/EB27)*360),0) -> 0.0449 | EG27: =Q27+T27+W27+Z27+AC27+AF27 -> 0 | EH27: =S27+V27+Y27+AB27+AE27+AH27 -> 0 | EI27: =IF(EG27<>0,((EH27/EG27)*360),0) -> 0 | EK27: =DR27+DL27+DI27+DF27+DC27+CZ27+CW27+CT27+CQ27+CN27+CK27+CH27+CE27+CB27+BY27+BV27+BS27+BP27+BM27+BJ27+BG27+BD27+BA27+AX27+AU27+AR27+AO27+AL27+AI27+DO27 -> 205250000 | EL27: =DX27 -> 0 | EM27: =DT27+DQ27+DN27+DK27+DH27+DE27+DB27+CY27+CV27+CS27+CP27+CM27+CJ27+CG27+CD27+CA27+BX27+BU27+BR27+BO27+BL27+BI27+BF27+BC27+AZ27+AW27+AT27+AQ27+AN27+AK27 -> 25599.236 | EN27: =IF(EK27<>0,((EM27/EK27)*360),0) -> 0.0449
A28: =1+A27 -> 45918 | B28: 0 | C28: 0.04263195 | D28: =(B28*C28)/360 -> 0 | G28: =(E28*F28)/360 -> 0 | J28: =(H28*I28)/360 -> 0 | M28: =(K28*L28)/360 -> 0 | P28: =(N28*O28)/360 -> 0 | S28: =(Q28*R28)/360 -> 0 | V28: =(T28*U28)/360 -> 0 | Y28: =(W28*X28)/360 -> 0 | AB28: =(Z28*AA28)/360 -> 0 | AE28: 0 | AH28: 0 | AI28: =150000000+41750000 -> 191750000 | AJ28: 0.0425 | AK28: =(AI28*AJ28)/360 -> 22637.153 | AN28: =(AL28*AM28)/360 -> 0 | AQ28: =(AO28*AP28)/360 -> 0 | AT28: =(AR28*AS28)/360 -> 0 | AW28: =(AU28*AV28)/360 -> 0 | AZ28: =(AX28*AY28)/360 -> 0 | BC28: =(BA28*BB28)/360 -> 0 | BF28: =(BD28*BE28)/360 -> 0 | BI28: =(BG28*BH28)/360 -> 0 | BL28: =(BJ28*BK28)/360 -> 0 | BO28: =(BM28*BN28)/360 -> 0 | BR28: =(BP28*BQ28)/360 -> 0 | BU28: =(BS28*BT28)/360 -> 0 | BX28: =(BV28*BW28)/360 -> 0 | CA28: =(BY28*BZ28)/360 -> 0 | CD28: =(CB28*CC28)/360 -> 0 | CG28: =(CE28*CF28)/360 -> 0 | CJ28: =(CH28*CI28)/360 -> 0 | CM28: =(CK28*CL28)/360 -> 0 | CP28: =(CN28*CO28)/360 -> 0 | CS28: =(CQ28*CR28)/360 -> 0 | CV28: =(CT28*CU28)/360 -> 0 | CY28: =(CW28*CX28)/360 -> 0 | DB28: =(CZ28*DA28)/360 -> 0 | DE28: =(DC28*DD28)/360 -> 0 | DH28: =(DF28*DG28)/360 -> 0 | DK28: =(DI28*DJ28)/360 -> 0 | DN28: =(DL28*DM28)/360 -> 0 | DQ28: =(DO28*DP28)/360 -> 0 | DT28: =(DR28*DS28)/360 -> 0 | DW28: =(DU28*DV28)/360 -> 0 | EB28: =B28+E28+H28+K28+N28+Q28+T28+W28+Z28+AC28+AF28+AL28+AO28+AR28+AU28+AX28+BA28+BD28+BG28+DU28+AI28+DR28+DO28+DL28+DI28+DF28+DC28+CZ28+CW28+CT28+CQ28+CN28+CK28+CH28+CE28+CB28+BY28+BV28+BS28+BP28+BM28+BJ28 -> 191750000 | EC28: =EB28-EK28+EL28 -> 0 | ED28: =D28+G28+J28+M28+P28+S28+V28+Y28+AB28+AE28+AH28+AK28+AN28+AQ28+AT28+AW28+AZ28+BC28+BF28+BI28+DW28+DT28+DQ28+DN28+DK28+DH28+DE28+DB28+CY28+CV28+CS28+CP28+CM28+CJ28+CG28+CD28+CA28+BX28+BU28+BR28+BO28+BL28 -> 22637.153 | EE28: =IF(EB28<>0,((ED28/EB28)*360),0) -> 0.0425 | EG28: =Q28+T28+W28+Z28+AC28+AF28 -> 0 | EH28: =S28+V28+Y28+AB28+AE28+AH28 -> 0 | EI28: =IF(EG28<>0,((EH28/EG28)*360),0) -> 0 | EK28: =DR28+DL28+DI28+DF28+DC28+CZ28+CW28+CT28+CQ28+CN28+CK28+CH28+CE28+CB28+BY28+BV28+BS28+BP28+BM28+BJ28+BG28+BD28+BA28+AX28+AU28+AR28+AO28+AL28+AI28+DO28 -> 191750000 | EL28: =DX28 -> 0 | EM28: =DT28+DQ28+DN28+DK28+DH28+DE28+DB28+CY28+CV28+CS28+CP28+CM28+CJ28+CG28+CD28+CA28+BX28+BU28+BR28+BO28+BL28+BI28+BF28+BC28+AZ28+AW28+AT28+AQ28+AN28+AK28 -> 22637.153 | EN28: =IF(EK28<>0,((EM28/EK28)*360),0) -> 0.0425
A29: =1+A28 -> 45919 | B29: 0 | C29: 0.04267052 | D29: =(B29*C29)/360 -> 0 | G29: =(E29*F29)/360 -> 0 | J29: =(H29*I29)/360 -> 0 | M29: =(K29*L29)/360 -> 0 | P29: =(N29*O29)/360 -> 0 | S29: =(Q29*R29)/360 -> 0 | V29: =(T29*U29)/360 -> 0 | Y29: =(W29*X29)/360 -> 0 | AB29: =(Z29*AA29)/360 -> 0 | AE29: 0 | AH29: 0 | AI29: =40000000+110000000+39950000 -> 189950000 | AJ29: 0.0425 | AK29: =(AI29*AJ29)/360 -> 22424.653 | AN29: =(AL29*AM29)/360 -> 0 | AQ29: =(AO29*AP29)/360 -> 0 | AT29: =(AR29*AS29)/360 -> 0 | AW29: =(AU29*AV29)/360 -> 0 | AZ29: =(AX29*AY29)/360 -> 0 | BC29: =(BA29*BB29)/360 -> 0 | BF29: =(BD29*BE29)/360 -> 0 | BI29: =(BG29*BH29)/360 -> 0 | BL29: =(BJ29*BK29)/360 -> 0 | BO29: =(BM29*BN29)/360 -> 0 | BR29: =(BP29*BQ29)/360 -> 0 | BU29: =(BS29*BT29)/360 -> 0 | BX29: =(BV29*BW29)/360 -> 0 | CA29: =(BY29*BZ29)/360 -> 0 | CD29: =(CB29*CC29)/360 -> 0 | CG29: =(CE29*CF29)/360 -> 0 | CJ29: =(CH29*CI29)/360 -> 0 | CM29: =(CK29*CL29)/360 -> 0 | CP29: =(CN29*CO29)/360 -> 0 | CS29: =(CQ29*CR29)/360 -> 0 | CV29: =(CT29*CU29)/360 -> 0 | CY29: =(CW29*CX29)/360 -> 0 | DB29: =(CZ29*DA29)/360 -> 0 | DE29: =(DC29*DD29)/360 -> 0 | DH29: =(DF29*DG29)/360 -> 0 | DK29: =(DI29*DJ29)/360 -> 0 | DN29: =(DL29*DM29)/360 -> 0 | DQ29: =(DO29*DP29)/360 -> 0 | DT29: =(DR29*DS29)/360 -> 0 | DW29: =(DU29*DV29)/360 -> 0 | EB29: =B29+E29+H29+K29+N29+Q29+T29+W29+Z29+AC29+AF29+AL29+AO29+AR29+AU29+AX29+BA29+BD29+BG29+DU29+AI29+DR29+DO29+DL29+DI29+DF29+DC29+CZ29+CW29+CT29+CQ29+CN29+CK29+CH29+CE29+CB29+BY29+BV29+BS29+BP29+BM29+BJ29 -> 189950000 | EC29: =EB29-EK29+EL29 -> 0 | ED29: =D29+G29+J29+M29+P29+S29+V29+Y29+AB29+AE29+AH29+AK29+AN29+AQ29+AT29+AW29+AZ29+BC29+BF29+BI29+DW29+DT29+DQ29+DN29+DK29+DH29+DE29+DB29+CY29+CV29+CS29+CP29+CM29+CJ29+CG29+CD29+CA29+BX29+BU29+BR29+BO29+BL29 -> 22424.653 | EE29: =IF(EB29<>0,((ED29/EB29)*360),0) -> 0.0425 | EG29: =Q29+T29+W29+Z29+AC29+AF29 -> 0 | EH29: =S29+V29+Y29+AB29+AE29+AH29 -> 0 | EI29: =IF(EG29<>0,((EH29/EG29)*360),0) -> 0 | EK29: =DR29+DL29+DI29+DF29+DC29+CZ29+CW29+CT29+CQ29+CN29+CK29+CH29+CE29+CB29+BY29+BV29+BS29+BP29+BM29+BJ29+BG29+BD29+BA29+AX29+AU29+AR29+AO29+AL29+AI29+DO29 -> 189950000 | EL29: =DX29 -> 0 | EM29: =DT29+DQ29+DN29+DK29+DH29+DE29+DB29+CY29+CV29+CS29+CP29+CM29+CJ29+CG29+CD29+CA29+BX29+BU29+BR29+BO29+BL29+BI29+BF29+BC29+AZ29+AW29+AT29+AQ29+AN29+AK29 -> 22424.653 | EN29: =IF(EK29<>0,((EM29/EK29)*360),0) -> 0.0425
A30: =1+A29 -> 45920 | B30: 0 | C30: 0.04267052 | D30: =(B30*C30)/360 -> 0 | G30: =(E30*F30)/360 -> 0 | J30: =(H30*I30)/360 -> 0 | M30: =(K30*L30)/360 -> 0 | P30: =(N30*O30)/360 -> 0 | S30: =(Q30*R30)/360 -> 0 | V30: =(T30*U30)/360 -> 0 | Y30: =(W30*X30)/360 -> 0 | AB30: =(Z30*AA30)/360 -> 0 | AE30: 0 | AH30: 0 | AI30: =40000000+110000000+39950000 -> 189950000 | AJ30: 0.0425 | AK30: =(AI30*AJ30)/360 -> 22424.653 | AN30: =(AL30*AM30)/360 -> 0 | AQ30: =(AO30*AP30)/360 -> 0 | AT30: =(AR30*AS30)/360 -> 0 | AW30: =(AU30*AV30)/360 -> 0 | AZ30: =(AX30*AY30)/360 -> 0 | BC30: =(BA30*BB30)/360 -> 0 | BF30: =(BD30*BE30)/360 -> 0 | BI30: =(BG30*BH30)/360 -> 0 | BL30: =(BJ30*BK30)/360 -> 0 | BO30: =(BM30*BN30)/360 -> 0 | BR30: =(BP30*BQ30)/360 -> 0 | BU30: =(BS30*BT30)/360 -> 0 | BX30: =(BV30*BW30)/360 -> 0 | CA30: =(BY30*BZ30)/360 -> 0 | CD30: =(CB30*CC30)/360 -> 0 | CG30: =(CE30*CF30)/360 -> 0 | CJ30: =(CH30*CI30)/360 -> 0 | CM30: =(CK30*CL30)/360 -> 0 | CP30: =(CN30*CO30)/360 -> 0 | CS30: =(CQ30*CR30)/360 -> 0 | CV30: =(CT30*CU30)/360 -> 0 | CY30: =(CW30*CX30)/360 -> 0 | DB30: =(CZ30*DA30)/360 -> 0 | DE30: =(DC30*DD30)/360 -> 0 | DH30: =(DF30*DG30)/360 -> 0 | DK30: =(DI30*DJ30)/360 -> 0 | DN30: =(DL30*DM30)/360 -> 0 | DQ30: =(DO30*DP30)/360 -> 0 | DT30: =(DR30*DS30)/360 -> 0 | DW30: =(DU30*DV30)/360 -> 0 | EB30: =B30+E30+H30+K30+N30+Q30+T30+W30+Z30+AC30+AF30+AL30+AO30+AR30+AU30+AX30+BA30+BD30+BG30+DU30+AI30+DR30+DO30+DL30+DI30+DF30+DC30+CZ30+CW30+CT30+CQ30+CN30+CK30+CH30+CE30+CB30+BY30+BV30+BS30+BP30+BM30+BJ30 -> 189950000 | EC30: =EB30-EK30+EL30 -> 0 | ED30: =D30+G30+J30+M30+P30+S30+V30+Y30+AB30+AE30+AH30+AK30+AN30+AQ30+AT30+AW30+AZ30+BC30+BF30+BI30+DW30+DT30+DQ30+DN30+DK30+DH30+DE30+DB30+CY30+CV30+CS30+CP30+CM30+CJ30+CG30+CD30+CA30+BX30+BU30+BR30+BO30+BL30 -> 22424.653 | EE30: =IF(EB30<>0,((ED30/EB30)*360),0) -> 0.0425 | EG30: =Q30+T30+W30+Z30+AC30+AF30 -> 0 | EH30: =S30+V30+Y30+AB30+AE30+AH30 -> 0 | EI30: =IF(EG30<>0,((EH30/EG30)*360),0) -> 0 | EK30: =DR30+DL30+DI30+DF30+DC30+CZ30+CW30+CT30+CQ30+CN30+CK30+CH30+CE30+CB30+BY30+BV30+BS30+BP30+BM30+BJ30+BG30+BD30+BA30+AX30+AU30+AR30+AO30+AL30+AI30+DO30 -> 189950000 | EL30: =DX30 -> 0 | EM30: =DT30+DQ30+DN30+DK30+DH30+DE30+DB30+CY30+CV30+CS30+CP30+CM30+CJ30+CG30+CD30+CA30+BX30+BU30+BR30+BO30+BL30+BI30+BF30+BC30+AZ30+AW30+AT30+AQ30+AN30+AK30 -> 22424.653 | EN30: =IF(EK30<>0,((EM30/EK30)*360),0) -> 0.0425
A31: =1+A30 -> 45921 | B31: 0 | C31: 0.04267052 | D31: =(B31*C31)/360 -> 0 | G31: =(E31*F31)/360 -> 0 | J31: =(H31*I31)/360 -> 0 | M31: =(K31*L31)/360 -> 0 | P31: =(N31*O31)/360 -> 0 | S31: =(Q31*R31)/360 -> 0 | V31: =(T31*U31)/360 -> 0 | Y31: =(W31*X31)/360 -> 0 | AB31: =(Z31*AA31)/360 -> 0 | AE31: 0 | AH31: 0 | AI31: =40000000+110000000+39950000 -> 189950000 | AJ31: 0.0425 | AK31: =(AI31*AJ31)/360 -> 22424.653 | AN31: =(AL31*AM31)/360 -> 0 | AQ31: =(AO31*AP31)/360 -> 0 | AT31: =(AR31*AS31)/360 -> 0 | AW31: =(AU31*AV31)/360 -> 0 | AZ31: =(AX31*AY31)/360 -> 0 | BC31: =(BA31*BB31)/360 -> 0 | BF31: =(BD31*BE31)/360 -> 0 | BI31: =(BG31*BH31)/360 -> 0 | BL31: =(BJ31*BK31)/360 -> 0 | BO31: =(BM31*BN31)/360 -> 0 | BR31: =(BP31*BQ31)/360 -> 0 | BU31: =(BS31*BT31)/360 -> 0 | BX31: =(BV31*BW31)/360 -> 0 | CA31: =(BY31*BZ31)/360 -> 0 | CD31: =(CB31*CC31)/360 -> 0 | CG31: =(CE31*CF31)/360 -> 0 | CJ31: =(CH31*CI31)/360 -> 0 | CM31: =(CK31*CL31)/360 -> 0 | CP31: =(CN31*CO31)/360 -> 0 | CS31: =(CQ31*CR31)/360 -> 0 | CV31: =(CT31*CU31)/360 -> 0 | CY31: =(CW31*CX31)/360 -> 0 | DB31: =(CZ31*DA31)/360 -> 0 | DE31: =(DC31*DD31)/360 -> 0 | DH31: =(DF31*DG31)/360 -> 0 | DK31: =(DI31*DJ31)/360 -> 0 | DN31: =(DL31*DM31)/360 -> 0 | DQ31: =(DO31*DP31)/360 -> 0 | DT31: =(DR31*DS31)/360 -> 0 | DW31: =(DU31*DV31)/360 -> 0 | EB31: =B31+E31+H31+K31+N31+Q31+T31+W31+Z31+AC31+AF31+AL31+AO31+AR31+AU31+AX31+BA31+BD31+BG31+DU31+AI31+DR31+DO31+DL31+DI31+DF31+DC31+CZ31+CW31+CT31+CQ31+CN31+CK31+CH31+CE31+CB31+BY31+BV31+BS31+BP31+BM31+BJ31 -> 189950000 | EC31: =EB31-EK31+EL31 -> 0 | ED31: =D31+G31+J31+M31+P31+S31+V31+Y31+AB31+AE31+AH31+AK31+AN31+AQ31+AT31+AW31+AZ31+BC31+BF31+BI31+DW31+DT31+DQ31+DN31+DK31+DH31+DE31+DB31+CY31+CV31+CS31+CP31+CM31+CJ31+CG31+CD31+CA31+BX31+BU31+BR31+BO31+BL31 -> 22424.653 | EE31: =IF(EB31<>0,((ED31/EB31)*360),0) -> 0.0425 | EG31: =Q31+T31+W31+Z31+AC31+AF31 -> 0 | EH31: =S31+V31+Y31+AB31+AE31+AH31 -> 0 | EI31: =IF(EG31<>0,((EH31/EG31)*360),0) -> 0 | EK31: =DR31+DL31+DI31+DF31+DC31+CZ31+CW31+CT31+CQ31+CN31+CK31+CH31+CE31+CB31+BY31+BV31+BS31+BP31+BM31+BJ31+BG31+BD31+BA31+AX31+AU31+AR31+AO31+AL31+AI31+DO31 -> 189950000 | EL31: =DX31 -> 0 | EM31: =DT31+DQ31+DN31+DK31+DH31+DE31+DB31+CY31+CV31+CS31+CP31+CM31+CJ31+CG31+CD31+CA31+BX31+BU31+BR31+BO31+BL31+BI31+BF31+BC31+AZ31+AW31+AT31+AQ31+AN31+AK31 -> 22424.653 | EN31: =IF(EK31<>0,((EM31/EK31)*360),0) -> 0.0425
A32: =1+A31 -> 45922 | B32: 0 | C32: 0.04267484 | D32: =(B32*C32)/360 -> 0 | G32: =(E32*F32)/360 -> 0 | J32: =(H32*I32)/360 -> 0 | M32: =(K32*L32)/360 -> 0 | P32: =(N32*O32)/360 -> 0 | S32: =(Q32*R32)/360 -> 0 | V32: =(T32*U32)/360 -> 0 | Y32: =(W32*X32)/360 -> 0 | AB32: =(Z32*AA32)/360 -> 0 | AE32: 0 | AH32: 0 | AI32: =40000000+85000000+56545000 -> 181545000 | AJ32: 0.0425 | AK32: =(AI32*AJ32)/360 -> 21432.396 | AN32: =(AL32*AM32)/360 -> 0 | AQ32: =(AO32*AP32)/360 -> 0 | AT32: =(AR32*AS32)/360 -> 0 | AW32: =(AU32*AV32)/360 -> 0 | AZ32: =(AX32*AY32)/360 -> 0 | BC32: =(BA32*BB32)/360 -> 0 | BF32: =(BD32*BE32)/360 -> 0 | BI32: =(BG32*BH32)/360 -> 0 | BL32: =(BJ32*BK32)/360 -> 0 | BO32: =(BM32*BN32)/360 -> 0 | BR32: =(BP32*BQ32)/360 -> 0 | BU32: =(BS32*BT32)/360 -> 0 | BX32: =(BV32*BW32)/360 -> 0 | CA32: =(BY32*BZ32)/360 -> 0 | CD32: =(CB32*CC32)/360 -> 0 | CG32: =(CE32*CF32)/360 -> 0 | CJ32: =(CH32*CI32)/360 -> 0 | CM32: =(CK32*CL32)/360 -> 0 | CP32: =(CN32*CO32)/360 -> 0 | CS32: =(CQ32*CR32)/360 -> 0 | CV32: =(CT32*CU32)/360 -> 0 | CY32: =(CW32*CX32)/360 -> 0 | DB32: =(CZ32*DA32)/360 -> 0 | DE32: =(DC32*DD32)/360 -> 0 | DH32: =(DF32*DG32)/360 -> 0 | DK32: =(DI32*DJ32)/360 -> 0 | DN32: =(DL32*DM32)/360 -> 0 | DQ32: =(DO32*DP32)/360 -> 0 | DT32: =(DR32*DS32)/360 -> 0 | DW32: =(DU32*DV32)/360 -> 0 | EB32: =B32+E32+H32+K32+N32+Q32+T32+W32+Z32+AC32+AF32+AL32+AO32+AR32+AU32+AX32+BA32+BD32+BG32+DU32+AI32+DR32+DO32+DL32+DI32+DF32+DC32+CZ32+CW32+CT32+CQ32+CN32+CK32+CH32+CE32+CB32+BY32+BV32+BS32+BP32+BM32+BJ32 -> 181545000 | EC32: =EB32-EK32+EL32 -> 0 | ED32: =D32+G32+J32+M32+P32+S32+V32+Y32+AB32+AE32+AH32+AK32+AN32+AQ32+AT32+AW32+AZ32+BC32+BF32+BI32+DW32+DT32+DQ32+DN32+DK32+DH32+DE32+DB32+CY32+CV32+CS32+CP32+CM32+CJ32+CG32+CD32+CA32+BX32+BU32+BR32+BO32+BL32 -> 21432.396 | EE32: =IF(EB32<>0,((ED32/EB32)*360),0) -> 0.0425 | EG32: =Q32+T32+W32+Z32+AC32+AF32 -> 0 | EH32: =S32+V32+Y32+AB32+AE32+AH32 -> 0 | EI32: =IF(EG32<>0,((EH32/EG32)*360),0) -> 0 | EK32: =DR32+DL32+DI32+DF32+DC32+CZ32+CW32+CT32+CQ32+CN32+CK32+CH32+CE32+CB32+BY32+BV32+BS32+BP32+BM32+BJ32+BG32+BD32+BA32+AX32+AU32+AR32+AO32+AL32+AI32+DO32 -> 181545000 | EL32: =DX32 -> 0 | EM32: =DT32+DQ32+DN32+DK32+DH32+DE32+DB32+CY32+CV32+CS32+CP32+CM32+CJ32+CG32+CD32+CA32+BX32+BU32+BR32+BO32+BL32+BI32+BF32+BC32+AZ32+AW32+AT32+AQ32+AN32+AK32 -> 21432.396 | EN32: =IF(EK32<>0,((EM32/EK32)*360),0) -> 0.0425
A33: =1+A32 -> 45923 | B33: 0 | C33: 0.04268231 | D33: =(B33*C33)/360 -> 0 | G33: =(E33*F33)/360 -> 0 | J33: =(H33*I33)/360 -> 0 | M33: =(K33*L33)/360 -> 0 | P33: =(N33*O33)/360 -> 0 | S33: =(Q33*R33)/360 -> 0 | V33: =(T33*U33)/360 -> 0 | Y33: =(W33*X33)/360 -> 0 | AB33: =(Z33*AA33)/360 -> 0 | AE33: 0 | AH33: 0 | AI33: =48950000 -> 48950000 | AJ33: 0.0425 | AK33: =(AI33*AJ33)/360 -> 5778.8194 | AL33: =100000000+10000000 -> 110000000 | AM33: 0.0427 | AN33: =(AL33*AM33)/360 -> 13047.222 | AQ33: =(AO33*AP33)/360 -> 0 | AT33: =(AR33*AS33)/360 -> 0 | AW33: =(AU33*AV33)/360 -> 0 | AZ33: =(AX33*AY33)/360 -> 0 | BC33: =(BA33*BB33)/360 -> 0 | BF33: =(BD33*BE33)/360 -> 0 | BI33: =(BG33*BH33)/360 -> 0 | BL33: =(BJ33*BK33)/360 -> 0 | BO33: =(BM33*BN33)/360 -> 0 | BR33: =(BP33*BQ33)/360 -> 0 | BU33: =(BS33*BT33)/360 -> 0 | BX33: =(BV33*BW33)/360 -> 0 | CA33: =(BY33*BZ33)/360 -> 0 | CD33: =(CB33*CC33)/360 -> 0 | CG33: =(CE33*CF33)/360 -> 0 | CJ33: =(CH33*CI33)/360 -> 0 | CM33: =(CK33*CL33)/360 -> 0 | CP33: =(CN33*CO33)/360 -> 0 | CS33: =(CQ33*CR33)/360 -> 0 | CV33: =(CT33*CU33)/360 -> 0 | CY33: =(CW33*CX33)/360 -> 0 | DB33: =(CZ33*DA33)/360 -> 0 | DE33: =(DC33*DD33)/360 -> 0 | DH33: =(DF33*DG33)/360 -> 0 | DK33: =(DI33*DJ33)/360 -> 0 | DN33: =(DL33*DM33)/360 -> 0 | DQ33: =(DO33*DP33)/360 -> 0 | DT33: =(DR33*DS33)/360 -> 0 | DW33: =(DU33*DV33)/360 -> 0 | EB33: =B33+E33+H33+K33+N33+Q33+T33+W33+Z33+AC33+AF33+AL33+AO33+AR33+AU33+AX33+BA33+BD33+BG33+DU33+AI33+DR33+DO33+DL33+DI33+DF33+DC33+CZ33+CW33+CT33+CQ33+CN33+CK33+CH33+CE33+CB33+BY33+BV33+BS33+BP33+BM33+BJ33 -> 158950000 | EC33: =EB33-EK33+EL33 -> 0 | ED33: =D33+G33+J33+M33+P33+S33+V33+Y33+AB33+AE33+AH33+AK33+AN33+AQ33+AT33+AW33+AZ33+BC33+BF33+BI33+DW33+DT33+DQ33+DN33+DK33+DH33+DE33+DB33+CY33+CV33+CS33+CP33+CM33+CJ33+CG33+CD33+CA33+BX33+BU33+BR33+BO33+BL33 -> 18826.042 | EE33: =IF(EB33<>0,((ED33/EB33)*360),0) -> 0.042638408 | EG33: =Q33+T33+W33+Z33+AC33+AF33 -> 0 | EH33: =S33+V33+Y33+AB33+AE33+AH33 -> 0 | EI33: =IF(EG33<>0,((EH33/EG33)*360),0) -> 0 | EK33: =DR33+DL33+DI33+DF33+DC33+CZ33+CW33+CT33+CQ33+CN33+CK33+CH33+CE33+CB33+BY33+BV33+BS33+BP33+BM33+BJ33+BG33+BD33+BA33+AX33+AU33+AR33+AO33+AL33+AI33+DO33 -> 158950000 | EL33: =DX33 -> 0 | EM33: =DT33+DQ33+DN33+DK33+DH33+DE33+DB33+CY33+CV33+CS33+CP33+CM33+CJ33+CG33+CD33+CA33+BX33+BU33+BR33+BO33+BL33+BI33+BF33+BC33+AZ33+AW33+AT33+AQ33+AN33+AK33 -> 18826.042 | EN33: =IF(EK33<>0,((EM33/EK33)*360),0) -> 0.042638408
A34: =1+A33 -> 45924 | B34: 0 | C34: 0.04267164 | D34: =(B34*C34)/360 -> 0 | G34: =(E34*F34)/360 -> 0 | J34: =(H34*I34)/360 -> 0 | M34: =(K34*L34)/360 -> 0 | P34: =(N34*O34)/360 -> 0 | S34: =(Q34*R34)/360 -> 0 | V34: =(T34*U34)/360 -> 0 | Y34: =(W34*X34)/360 -> 0 | AB34: =(Z34*AA34)/360 -> 0 | AE34: 0 | AH34: 0 | AI34: =35200000 -> 35200000 | AJ34: 0.0425 | AK34: =(AI34*AJ34)/360 -> 4155.5556 | AL34: =100000000+10000000 -> 110000000 | AM34: 0.0427 | AN34: =(AL34*AM34)/360 -> 13047.222 | AQ34: =(AO34*AP34)/360 -> 0 | AT34: =(AR34*AS34)/360 -> 0 | AW34: =(AU34*AV34)/360 -> 0 | AZ34: =(AX34*AY34)/360 -> 0 | BC34: =(BA34*BB34)/360 -> 0 | BF34: =(BD34*BE34)/360 -> 0 | BI34: =(BG34*BH34)/360 -> 0 | BL34: =(BJ34*BK34)/360 -> 0 | BO34: =(BM34*BN34)/360 -> 0 | BR34: =(BP34*BQ34)/360 -> 0 | BU34: =(BS34*BT34)/360 -> 0 | BX34: =(BV34*BW34)/360 -> 0 | CA34: =(BY34*BZ34)/360 -> 0 | CD34: =(CB34*CC34)/360 -> 0 | CG34: =(CE34*CF34)/360 -> 0 | CJ34: =(CH34*CI34)/360 -> 0 | CM34: =(CK34*CL34)/360 -> 0 | CP34: =(CN34*CO34)/360 -> 0 | CS34: =(CQ34*CR34)/360 -> 0 | CV34: =(CT34*CU34)/360 -> 0 | CY34: =(CW34*CX34)/360 -> 0 | DB34: =(CZ34*DA34)/360 -> 0 | DE34: =(DC34*DD34)/360 -> 0 | DH34: =(DF34*DG34)/360 -> 0 | DK34: =(DI34*DJ34)/360 -> 0 | DN34: =(DL34*DM34)/360 -> 0 | DQ34: =(DO34*DP34)/360 -> 0 | DT34: =(DR34*DS34)/360 -> 0 | DW34: =(DU34*DV34)/360 -> 0 | EB34: =B34+E34+H34+K34+N34+Q34+T34+W34+Z34+AC34+AF34+AL34+AO34+AR34+AU34+AX34+BA34+BD34+BG34+DU34+AI34+DR34+DO34+DL34+DI34+DF34+DC34+CZ34+CW34+CT34+CQ34+CN34+CK34+CH34+CE34+CB34+BY34+BV34+BS34+BP34+BM34+BJ34 -> 145200000 | EC34: =EB34-EK34+EL34 -> 0 | ED34: =D34+G34+J34+M34+P34+S34+V34+Y34+AB34+AE34+AH34+AK34+AN34+AQ34+AT34+AW34+AZ34+BC34+BF34+BI34+DW34+DT34+DQ34+DN34+DK34+DH34+DE34+DB34+CY34+CV34+CS34+CP34+CM34+CJ34+CG34+CD34+CA34+BX34+BU34+BR34+BO34+BL34 -> 17202.778 | EE34: =IF(EB34<>0,((ED34/EB34)*360),0) -> 0.042651515 | EG34: =Q34+T34+W34+Z34+AC34+AF34 -> 0 | EH34: =S34+V34+Y34+AB34+AE34+AH34 -> 0 | EI34: =IF(EG34<>0,((EH34/EG34)*360),0) -> 0 | EK34: =DR34+DL34+DI34+DF34+DC34+CZ34+CW34+CT34+CQ34+CN34+CK34+CH34+CE34+CB34+BY34+BV34+BS34+BP34+BM34+BJ34+BG34+BD34+BA34+AX34+AU34+AR34+AO34+AL34+AI34+DO34 -> 145200000 | EL34: =DX34 -> 0 | EM34: =DT34+DQ34+DN34+DK34+DH34+DE34+DB34+CY34+CV34+CS34+CP34+CM34+CJ34+CG34+CD34+CA34+BX34+BU34+BR34+BO34+BL34+BI34+BF34+BC34+AZ34+AW34+AT34+AQ34+AN34+AK34 -> 17202.778 | EN34: =IF(EK34<>0,((EM34/EK34)*360),0) -> 0.042651515
A35: =1+A34 -> 45925 | B35: 0 | C35: 0.0425 | D35: =(B35*C35)/360 -> 0 | G35: =(E35*F35)/360 -> 0 | J35: =(H35*I35)/360 -> 0 | M35: =(K35*L35)/360 -> 0 | P35: =(N35*O35)/360 -> 0 | S35: =(Q35*R35)/360 -> 0 | V35: =(T35*U35)/360 -> 0 | Y35: =(W35*X35)/360 -> 0 | AB35: =(Z35*AA35)/360 -> 0 | AE35: 0 | AH35: 0 | AI35: =66600000 -> 66600000 | AJ35: 0.0425 | AK35: =(AI35*AJ35)/360 -> 7862.5 | AL35: =100000000+10000000 -> 110000000 | AM35: 0.0427 | AN35: =(AL35*AM35)/360 -> 13047.222 | AQ35: =(AO35*AP35)/360 -> 0 | AT35: =(AR35*AS35)/360 -> 0 | AW35: =(AU35*AV35)/360 -> 0 | AZ35: =(AX35*AY35)/360 -> 0 | BC35: =(BA35*BB35)/360 -> 0 | BF35: =(BD35*BE35)/360 -> 0 | BI35: =(BG35*BH35)/360 -> 0 | BL35: =(BJ35*BK35)/360 -> 0 | BO35: =(BM35*BN35)/360 -> 0 | BR35: =(BP35*BQ35)/360 -> 0 | BU35: =(BS35*BT35)/360 -> 0 | BX35: =(BV35*BW35)/360 -> 0 | CA35: =(BY35*BZ35)/360 -> 0 | CD35: =(CB35*CC35)/360 -> 0 | CG35: =(CE35*CF35)/360 -> 0 | CJ35: =(CH35*CI35)/360 -> 0 | CM35: =(CK35*CL35)/360 -> 0 | CP35: =(CN35*CO35)/360 -> 0 | CS35: =(CQ35*CR35)/360 -> 0 | CV35: =(CT35*CU35)/360 -> 0 | CY35: =(CW35*CX35)/360 -> 0 | DB35: =(CZ35*DA35)/360 -> 0 | DE35: =(DC35*DD35)/360 -> 0 | DH35: =(DF35*DG35)/360 -> 0 | DK35: =(DI35*DJ35)/360 -> 0 | DN35: =(DL35*DM35)/360 -> 0 | DQ35: =(DO35*DP35)/360 -> 0 | DT35: =(DR35*DS35)/360 -> 0 | DW35: =(DU35*DV35)/360 -> 0 | EB35: =B35+E35+H35+K35+N35+Q35+T35+W35+Z35+AC35+AF35+AL35+AO35+AR35+AU35+AX35+BA35+BD35+BG35+DU35+AI35+DR35+DO35+DL35+DI35+DF35+DC35+CZ35+CW35+CT35+CQ35+CN35+CK35+CH35+CE35+CB35+BY35+BV35+BS35+BP35+BM35+BJ35 -> 176600000 | EC35: =EB35-EK35+EL35 -> 0 | ED35: =D35+G35+J35+M35+P35+S35+V35+Y35+AB35+AE35+AH35+AK35+AN35+AQ35+AT35+AW35+AZ35+BC35+BF35+BI35+DW35+DT35+DQ35+DN35+DK35+DH35+DE35+DB35+CY35+CV35+CS35+CP35+CM35+CJ35+CG35+CD35+CA35+BX35+BU35+BR35+BO35+BL35 -> 20909.722 | EE35: =IF(EB35<>0,((ED35/EB35)*360),0) -> 0.042624575 | EG35: =Q35+T35+W35+Z35+AC35+AF35 -> 0 | EH35: =S35+V35+Y35+AB35+AE35+AH35 -> 0 | EI35: =IF(EG35<>0,((EH35/EG35)*360),0) -> 0 | EK35: =DR35+DL35+DI35+DF35+DC35+CZ35+CW35+CT35+CQ35+CN35+CK35+CH35+CE35+CB35+BY35+BV35+BS35+BP35+BM35+BJ35+BG35+BD35+BA35+AX35+AU35+AR35+AO35+AL35+AI35+DO35 -> 176600000 | EL35: =DX35 -> 0 | EM35: =DT35+DQ35+DN35+DK35+DH35+DE35+DB35+CY35+CV35+CS35+CP35+CM35+CJ35+CG35+CD35+CA35+BX35+BU35+BR35+BO35+BL35+BI35+BF35+BC35+AZ35+AW35+AT35+AQ35+AN35+AK35 -> 20909.722 | EN35: =IF(EK35<>0,((EM35/EK35)*360),0) -> 0.042624575
A36: =1+A35 -> 45926 | B36: 0 | C36: 0.0425 | D36: =(B36*C36)/360 -> 0 | G36: =(E36*F36)/360 -> 0 | J36: =(H36*I36)/360 -> 0 | M36: =(K36*L36)/360 -> 0 | P36: =(N36*O36)/360 -> 0 | S36: =(Q36*R36)/360 -> 0 | V36: =(T36*U36)/360 -> 0 | Y36: =(W36*X36)/360 -> 0 | AB36: =(Z36*AA36)/360 -> 0 | AE36: 0 | AH36: 0 | AI36: =82325000 -> 82325000 | AJ36: 0.0425 | AK36: =(AI36*AJ36)/360 -> 9718.9236 | AL36: =100000000+10000000 -> 110000000 | AM36: 0.0427 | AN36: =(AL36*AM36)/360 -> 13047.222 | AQ36: =(AO36*AP36)/360 -> 0 | AT36: =(AR36*AS36)/360 -> 0 | AW36: =(AU36*AV36)/360 -> 0 | AZ36: =(AX36*AY36)/360 -> 0 | BC36: =(BA36*BB36)/360 -> 0 | BF36: =(BD36*BE36)/360 -> 0 | BI36: =(BG36*BH36)/360 -> 0 | BL36: =(BJ36*BK36)/360 -> 0 | BO36: =(BM36*BN36)/360 -> 0 | BR36: =(BP36*BQ36)/360 -> 0 | BU36: =(BS36*BT36)/360 -> 0 | BX36: =(BV36*BW36)/360 -> 0 | CA36: =(BY36*BZ36)/360 -> 0 | CD36: =(CB36*CC36)/360 -> 0 | CG36: =(CE36*CF36)/360 -> 0 | CJ36: =(CH36*CI36)/360 -> 0 | CM36: =(CK36*CL36)/360 -> 0 | CP36: =(CN36*CO36)/360 -> 0 | CS36: =(CQ36*CR36)/360 -> 0 | CV36: =(CT36*CU36)/360 -> 0 | CY36: =(CW36*CX36)/360 -> 0 | DB36: =(CZ36*DA36)/360 -> 0 | DE36: =(DC36*DD36)/360 -> 0 | DH36: =(DF36*DG36)/360 -> 0 | DK36: =(DI36*DJ36)/360 -> 0 | DN36: =(DL36*DM36)/360 -> 0 | DQ36: =(DO36*DP36)/360 -> 0 | DT36: =(DR36*DS36)/360 -> 0 | DW36: =(DU36*DV36)/360 -> 0 | EB36: =B36+E36+H36+K36+N36+Q36+T36+W36+Z36+AC36+AF36+AL36+AO36+AR36+AU36+AX36+BA36+BD36+BG36+DU36+AI36+DR36+DO36+DL36+DI36+DF36+DC36+CZ36+CW36+CT36+CQ36+CN36+CK36+CH36+CE36+CB36+BY36+BV36+BS36+BP36+BM36+BJ36 -> 192325000 | EC36: =EB36-EK36+EL36 -> 0 | ED36: =D36+G36+J36+M36+P36+S36+V36+Y36+AB36+AE36+AH36+AK36+AN36+AQ36+AT36+AW36+AZ36+BC36+BF36+BI36+DW36+DT36+DQ36+DN36+DK36+DH36+DE36+DB36+CY36+CV36+CS36+CP36+CM36+CJ36+CG36+CD36+CA36+BX36+BU36+BR36+BO36+BL36 -> 22766.146 | EE36: =IF(EB36<>0,((ED36/EB36)*360),0) -> 0.04261439 | EG36: =Q36+T36+W36+Z36+AC36+AF36 -> 0 | EH36: =S36+V36+Y36+AB36+AE36+AH36 -> 0 | EI36: =IF(EG36<>0,((EH36/EG36)*360),0) -> 0 | EK36: =DR36+DL36+DI36+DF36+DC36+CZ36+CW36+CT36+CQ36+CN36+CK36+CH36+CE36+CB36+BY36+BV36+BS36+BP36+BM36+BJ36+BG36+BD36+BA36+AX36+AU36+AR36+AO36+AL36+AI36+DO36 -> 192325000 | EL36: =DX36 -> 0 | EM36: =DT36+DQ36+DN36+DK36+DH36+DE36+DB36+CY36+CV36+CS36+CP36+CM36+CJ36+CG36+CD36+CA36+BX36+BU36+BR36+BO36+BL36+BI36+BF36+BC36+AZ36+AW36+AT36+AQ36+AN36+AK36 -> 22766.146 | EN36: =IF(EK36<>0,((EM36/EK36)*360),0) -> 0.04261439
A37: =1+A36 -> 45927 | B37: 0 | C37: 0.0425 | D37: =(B37*C37)/360 -> 0 | G37: =(E37*F37)/360 -> 0 | J37: =(H37*I37)/360 -> 0 | M37: =(K37*L37)/360 -> 0 | P37: =(N37*O37)/360 -> 0 | S37: =(Q37*R37)/360 -> 0 | V37: =(T37*U37)/360 -> 0 | Y37: =(W37*X37)/360 -> 0 | AB37: =(Z37*AA37)/360 -> 0 | AE37: 0 | AH37: 0 | AI37: =82325000 -> 82325000 | AJ37: 0.0425 | AK37: =(AI37*AJ37)/360 -> 9718.9236 | AL37: =100000000+10000000 -> 110000000 | AM37: 0.0427 | AN37: =(AL37*AM37)/360 -> 13047.222 | AQ37: =(AO37*AP37)/360 -> 0 | AT37: =(AR37*AS37)/360 -> 0 | AW37: =(AU37*AV37)/360 -> 0 | AZ37: =(AX37*AY37)/360 -> 0 | BC37: =(BA37*BB37)/360 -> 0 | BF37: =(BD37*BE37)/360 -> 0 | BI37: =(BG37*BH37)/360 -> 0 | BL37: =(BJ37*BK37)/360 -> 0 | BO37: =(BM37*BN37)/360 -> 0 | BR37: =(BP37*BQ37)/360 -> 0 | BU37: =(BS37*BT37)/360 -> 0 | BX37: =(BV37*BW37)/360 -> 0 | CA37: =(BY37*BZ37)/360 -> 0 | CD37: =(CB37*CC37)/360 -> 0 | CG37: =(CE37*CF37)/360 -> 0 | CJ37: =(CH37*CI37)/360 -> 0 | CM37: =(CK37*CL37)/360 -> 0 | CP37: =(CN37*CO37)/360 -> 0 | CS37: =(CQ37*CR37)/360 -> 0 | CV37: =(CT37*CU37)/360 -> 0 | CY37: =(CW37*CX37)/360 -> 0 | DB37: =(CZ37*DA37)/360 -> 0 | DE37: =(DC37*DD37)/360 -> 0 | DH37: =(DF37*DG37)/360 -> 0 | DK37: =(DI37*DJ37)/360 -> 0 | DN37: =(DL37*DM37)/360 -> 0 | DQ37: =(DO37*DP37)/360 -> 0 | DT37: =(DR37*DS37)/360 -> 0 | DW37: =(DU37*DV37)/360 -> 0 | EB37: =B37+E37+H37+K37+N37+Q37+T37+W37+Z37+AC37+AF37+AL37+AO37+AR37+AU37+AX37+BA37+BD37+BG37+DU37+AI37+DR37+DO37+DL37+DI37+DF37+DC37+CZ37+CW37+CT37+CQ37+CN37+CK37+CH37+CE37+CB37+BY37+BV37+BS37+BP37+BM37+BJ37 -> 192325000 | EC37: =EB37-EK37+EL37 -> 0 | ED37: =D37+G37+J37+M37+P37+S37+V37+Y37+AB37+AE37+AH37+AK37+AN37+AQ37+AT37+AW37+AZ37+BC37+BF37+BI37+DW37+DT37+DQ37+DN37+DK37+DH37+DE37+DB37+CY37+CV37+CS37+CP37+CM37+CJ37+CG37+CD37+CA37+BX37+BU37+BR37+BO37+BL37 -> 22766.146 | EE37: =IF(EB37<>0,((ED37/EB37)*360),0) -> 0.04261439 | EG37: =Q37+T37+W37+Z37+AC37+AF37 -> 0 | EH37: =S37+V37+Y37+AB37+AE37+AH37 -> 0 | EI37: =IF(EG37<>0,((EH37/EG37)*360),0) -> 0 | EK37: =DR37+DL37+DI37+DF37+DC37+CZ37+CW37+CT37+CQ37+CN37+CK37+CH37+CE37+CB37+BY37+BV37+BS37+BP37+BM37+BJ37+BG37+BD37+BA37+AX37+AU37+AR37+AO37+AL37+AI37+DO37 -> 192325000 | EL37: =DX37 -> 0 | EM37: =DT37+DQ37+DN37+DK37+DH37+DE37+DB37+CY37+CV37+CS37+CP37+CM37+CJ37+CG37+CD37+CA37+BX37+BU37+BR37+BO37+BL37+BI37+BF37+BC37+AZ37+AW37+AT37+AQ37+AN37+AK37 -> 22766.146 | EN37: =IF(EK37<>0,((EM37/EK37)*360),0) -> 0.04261439
A38: =1+A37 -> 45928 | B38: 0 | C38: 0.0425 | D38: =(B38*C38)/360 -> 0 | G38: =(E38*F38)/360 -> 0 | J38: =(H38*I38)/360 -> 0 | M38: =(K38*L38)/360 -> 0 | P38: =(N38*O38)/360 -> 0 | S38: =(Q38*R38)/360 -> 0 | V38: =(T38*U38)/360 -> 0 | Y38: =(W38*X38)/360 -> 0 | AB38: =(Z38*AA38)/360 -> 0 | AE38: 0 | AH38: 0 | AI38: =82325000 -> 82325000 | AJ38: 0.0425 | AK38: =(AI38*AJ38)/360 -> 9718.9236 | AL38: =100000000+10000000 -> 110000000 | AM38: 0.0427 | AN38: =(AL38*AM38)/360 -> 13047.222 | AQ38: =(AO38*AP38)/360 -> 0 | AT38: =(AR38*AS38)/360 -> 0 | AW38: =(AU38*AV38)/360 -> 0 | AZ38: =(AX38*AY38)/360 -> 0 | BC38: =(BA38*BB38)/360 -> 0 | BF38: =(BD38*BE38)/360 -> 0 | BI38: =(BG38*BH38)/360 -> 0 | BL38: =(BJ38*BK38)/360 -> 0 | BO38: =(BM38*BN38)/360 -> 0 | BR38: =(BP38*BQ38)/360 -> 0 | BU38: =(BS38*BT38)/360 -> 0 | BX38: =(BV38*BW38)/360 -> 0 | CA38: =(BY38*BZ38)/360 -> 0 | CD38: =(CB38*CC38)/360 -> 0 | CG38: =(CE38*CF38)/360 -> 0 | CJ38: =(CH38*CI38)/360 -> 0 | CM38: =(CK38*CL38)/360 -> 0 | CP38: =(CN38*CO38)/360 -> 0 | CS38: =(CQ38*CR38)/360 -> 0 | CV38: =(CT38*CU38)/360 -> 0 | CY38: =(CW38*CX38)/360 -> 0 | DB38: =(CZ38*DA38)/360 -> 0 | DE38: =(DC38*DD38)/360 -> 0 | DH38: =(DF38*DG38)/360 -> 0 | DK38: =(DI38*DJ38)/360 -> 0 | DN38: =(DL38*DM38)/360 -> 0 | DQ38: =(DO38*DP38)/360 -> 0 | DT38: =(DR38*DS38)/360 -> 0 | DW38: =(DU38*DV38)/360 -> 0 | EB38: =B38+E38+H38+K38+N38+Q38+T38+W38+Z38+AC38+AF38+AL38+AO38+AR38+AU38+AX38+BA38+BD38+BG38+DU38+AI38+DR38+DO38+DL38+DI38+DF38+DC38+CZ38+CW38+CT38+CQ38+CN38+CK38+CH38+CE38+CB38+BY38+BV38+BS38+BP38+BM38+BJ38 -> 192325000 | EC38: =EB38-EK38+EL38 -> 0 | ED38: =D38+G38+J38+M38+P38+S38+V38+Y38+AB38+AE38+AH38+AK38+AN38+AQ38+AT38+AW38+AZ38+BC38+BF38+BI38+DW38+DT38+DQ38+DN38+DK38+DH38+DE38+DB38+CY38+CV38+CS38+CP38+CM38+CJ38+CG38+CD38+CA38+BX38+BU38+BR38+BO38+BL38 -> 22766.146 | EE38: =IF(EB38<>0,((ED38/EB38)*360),0) -> 0.04261439 | EG38: =Q38+T38+W38+Z38+AC38+AF38 -> 0 | EH38: =S38+V38+Y38+AB38+AE38+AH38 -> 0 | EI38: =IF(EG38<>0,((EH38/EG38)*360),0) -> 0 | EK38: =DR38+DL38+DI38+DF38+DC38+CZ38+CW38+CT38+CQ38+CN38+CK38+CH38+CE38+CB38+BY38+BV38+BS38+BP38+BM38+BJ38+BG38+BD38+BA38+AX38+AU38+AR38+AO38+AL38+AI38+DO38 -> 192325000 | EL38: =DX38 -> 0 | EM38: =DT38+DQ38+DN38+DK38+DH38+DE38+DB38+CY38+CV38+CS38+CP38+CM38+CJ38+CG38+CD38+CA38+BX38+BU38+BR38+BO38+BL38+BI38+BF38+BC38+AZ38+AW38+AT38+AQ38+AN38+AK38 -> 22766.146 | EN38: =IF(EK38<>0,((EM38/EK38)*360),0) -> 0.04261439
A39: =1+A38 -> 45929 | B39: 65200000 | C39: 0.04051878 | D39: =(B39*C39)/360 -> 7338.4013 | G39: =(E39*F39)/360 -> 0 | J39: =(H39*I39)/360 -> 0 | M39: =(K39*L39)/360 -> 0 | P39: =(N39*O39)/360 -> 0 | S39: =(Q39*R39)/360 -> 0 | V39: =(T39*U39)/360 -> 0 | Y39: =(W39*X39)/360 -> 0 | AB39: =(Z39*AA39)/360 -> 0 | AE39: 0 | AH39: 0 | AI39: 40350000 | AJ39: 0.0425 | AK39: =(AI39*AJ39)/360 -> 4763.5417 | AL39: =100000000+10000000 -> 110000000 | AM39: 0.0427 | AN39: =(AL39*AM39)/360 -> 13047.222 | AQ39: =(AO39*AP39)/360 -> 0 | AT39: =(AR39*AS39)/360 -> 0 | AW39: =(AU39*AV39)/360 -> 0 | AZ39: =(AX39*AY39)/360 -> 0 | BC39: =(BA39*BB39)/360 -> 0 | BF39: =(BD39*BE39)/360 -> 0 | BI39: =(BG39*BH39)/360 -> 0 | BL39: =(BJ39*BK39)/360 -> 0 | BO39: =(BM39*BN39)/360 -> 0 | BR39: =(BP39*BQ39)/360 -> 0 | BU39: =(BS39*BT39)/360 -> 0 | BX39: =(BV39*BW39)/360 -> 0 | CA39: =(BY39*BZ39)/360 -> 0 | CD39: =(CB39*CC39)/360 -> 0 | CG39: =(CE39*CF39)/360 -> 0 | CJ39: =(CH39*CI39)/360 -> 0 | CM39: =(CK39*CL39)/360 -> 0 | CP39: =(CN39*CO39)/360 -> 0 | CS39: =(CQ39*CR39)/360 -> 0 | CV39: =(CT39*CU39)/360 -> 0 | CY39: =(CW39*CX39)/360 -> 0 | DB39: =(CZ39*DA39)/360 -> 0 | DE39: =(DC39*DD39)/360 -> 0 | DH39: =(DF39*DG39)/360 -> 0 | DK39: =(DI39*DJ39)/360 -> 0 | DN39: =(DL39*DM39)/360 -> 0 | DQ39: =(DO39*DP39)/360 -> 0 | DT39: =(DR39*DS39)/360 -> 0 | DW39: =(DU39*DV39)/360 -> 0 | EB39: =B39+E39+H39+K39+N39+Q39+T39+W39+Z39+AC39+AF39+AL39+AO39+AR39+AU39+AX39+BA39+BD39+BG39+DU39+AI39+DR39+DO39+DL39+DI39+DF39+DC39+CZ39+CW39+CT39+CQ39+CN39+CK39+CH39+CE39+CB39+BY39+BV39+BS39+BP39+BM39+BJ39 -> 215550000 | EC39: =EB39-EK39+EL39 -> 65200000 | ED39: =D39+G39+J39+M39+P39+S39+V39+Y39+AB39+AE39+AH39+AK39+AN39+AQ39+AT39+AW39+AZ39+BC39+BF39+BI39+DW39+DT39+DQ39+DN39+DK39+DH39+DE39+DB39+CY39+CV39+CS39+CP39+CM39+CJ39+CG39+CD39+CA39+BX39+BU39+BR39+BO39+BL39 -> 25149.165 | EE39: =IF(EB39<>0,((ED39/EB39)*360),0) -> 0.042002781 | EG39: =Q39+T39+W39+Z39+AC39+AF39 -> 0 | EH39: =S39+V39+Y39+AB39+AE39+AH39 -> 0 | EI39: =IF(EG39<>0,((EH39/EG39)*360),0) -> 0 | EK39: =DR39+DL39+DI39+DF39+DC39+CZ39+CW39+CT39+CQ39+CN39+CK39+CH39+CE39+CB39+BY39+BV39+BS39+BP39+BM39+BJ39+BG39+BD39+BA39+AX39+AU39+AR39+AO39+AL39+AI39+DO39 -> 150350000 | EL39: =DX39 -> 0 | EM39: =DT39+DQ39+DN39+DK39+DH39+DE39+DB39+CY39+CV39+CS39+CP39+CM39+CJ39+CG39+CD39+CA39+BX39+BU39+BR39+BO39+BL39+BI39+BF39+BC39+AZ39+AW39+AT39+AQ39+AN39+AK39 -> 17810.764 | EN39: =IF(EK39<>0,((EM39/EK39)*360),0) -> 0.042646325
A40: =1+A39 -> 45930 | B40: 51050000 | C40: 0.04111576 | D40: =(B40*C40)/360 -> 5830.4432 | G40: =(E40*F40)/360 -> 0 | J40: =(H40*I40)/360 -> 0 | M40: =(K40*L40)/360 -> 0 | P40: =(N40*O40)/360 -> 0 | S40: =(Q40*R40)/360 -> 0 | V40: =(T40*U40)/360 -> 0 | Y40: =(W40*X40)/360 -> 0 | AB40: =(Z40*AA40)/360 -> 0 | AE40: 0 | AH40: 0 | AI40: =100000000+109025000+50000000 -> 259025000 | AJ40: 0.0425 | AK40: =(AI40*AJ40)/360 -> 30579.34 | AN40: =(AL40*AM40)/360 -> 0 | AQ40: =(AO40*AP40)/360 -> 0 | AT40: =(AR40*AS40)/360 -> 0 | AW40: =(AU40*AV40)/360 -> 0 | AZ40: =(AX40*AY40)/360 -> 0 | BC40: =(BA40*BB40)/360 -> 0 | BF40: =(BD40*BE40)/360 -> 0 | BI40: =(BG40*BH40)/360 -> 0 | BL40: =(BJ40*BK40)/360 -> 0 | BO40: =(BM40*BN40)/360 -> 0 | BR40: =(BP40*BQ40)/360 -> 0 | BU40: =(BS40*BT40)/360 -> 0 | BX40: =(BV40*BW40)/360 -> 0 | CA40: =(BY40*BZ40)/360 -> 0 | CD40: =(CB40*CC40)/360 -> 0 | CG40: =(CE40*CF40)/360 -> 0 | CJ40: =(CH40*CI40)/360 -> 0 | CM40: =(CK40*CL40)/360 -> 0 | CP40: =(CN40*CO40)/360 -> 0 | CS40: =(CQ40*CR40)/360 -> 0 | CV40: =(CT40*CU40)/360 -> 0 | CY40: =(CW40*CX40)/360 -> 0 | DB40: =(CZ40*DA40)/360 -> 0 | DE40: =(DC40*DD40)/360 -> 0 | DH40: =(DF40*DG40)/360 -> 0 | DK40: =(DI40*DJ40)/360 -> 0 | DN40: =(DL40*DM40)/360 -> 0 | DQ40: =(DO40*DP40)/360 -> 0 | DT40: =(DR40*DS40)/360 -> 0 | DW40: =(DU40*DV40)/360 -> 0 | EB40: =B40+E40+H40+K40+N40+Q40+T40+W40+Z40+AC40+AF40+AL40+AO40+AR40+AU40+AX40+BA40+BD40+BG40+DU40+AI40+DR40+DO40+DL40+DI40+DF40+DC40+CZ40+CW40+CT40+CQ40+CN40+CK40+CH40+CE40+CB40+BY40+BV40+BS40+BP40+BM40+BJ40 -> 310075000 | EC40: =EB40-EK40+EL40 -> 51050000 | ED40: =D40+G40+J40+M40+P40+S40+V40+Y40+AB40+AE40+AH40+AK40+AN40+AQ40+AT40+AW40+AZ40+BC40+BF40+BI40+DW40+DT40+DQ40+DN40+DK40+DH40+DE40+DB40+CY40+CV40+CS40+CP40+CM40+CJ40+CG40+CD40+CA40+BX40+BU40+BR40+BO40+BL40 -> 36409.783 | EE40: =IF(EB40<>0,((ED40/EB40)*360),0) -> 0.042272102 | EG40: =Q40+T40+W40+Z40+AC40+AF40 -> 0 | EH40: =S40+V40+Y40+AB40+AE40+AH40 -> 0 | EI40: =IF(EG40<>0,((EH40/EG40)*360),0) -> 0 | EK40: =DR40+DL40+DI40+DF40+DC40+CZ40+CW40+CT40+CQ40+CN40+CK40+CH40+CE40+CB40+BY40+BV40+BS40+BP40+BM40+BJ40+BG40+BD40+BA40+AX40+AU40+AR40+AO40+AL40+AI40+DO40 -> 259025000 | EL40: =DX40 -> 0 | EM40: =DT40+DQ40+DN40+DK40+DH40+DE40+DB40+CY40+CV40+CS40+CP40+CM40+CJ40+CG40+CD40+CA40+BX40+BU40+BR40+BO40+BL40+BI40+BF40+BC40+AZ40+AW40+AT40+AQ40+AN40+AK40 -> 30579.34 | EN40: =IF(EK40<>0,((EM40/EK40)*360),0) -> 0.0425
A41: Total | D41: =SUM(D11:D40) -> 13184.624 | G41: =SUM(G11:G40) -> 0 | J41: =SUM(J11:J40) -> 0 | M41: =SUM(M11:M40) -> 0 | P41: =SUM(P11:P40) -> 0 | S41: =SUM(S11:S40) -> 0 | V41: =SUM(V11:V40) -> 0 | Y41: =SUM(Y11:Y40) -> 0 | AB41: =SUM(AB11:AB40) -> 0 | AE41: =SUM(AE11:AE40) -> 0 | AH41: =SUM(AH11:AH40) -> 0 | AK41: =SUM(AK11:AK40) -> 511044.13 | AN41: =SUM(AN11:AN40) -> 144413.89 | AQ41: =SUM(AQ11:AQ40) -> 26833.333 | AT41: =SUM(AT11:AT40) -> 87888.889 | AW41: =SUM(AW11:AW40) -> 0 | AZ41: =SUM(AZ11:AZ40) -> 0 | BC41: =SUM(BC11:BC40) -> 0 | BF41: =SUM(BF11:BF40) -> 0 | BI41: =SUM(BI11:BI40) -> 0 | BL41: =SUM(BL11:BL40) -> 0 | BO41: =SUM(BO11:BO40) -> 0 | BR41: =SUM(BR11:BR40) -> 0 | BU41: =SUM(BU11:BU40) -> 0 | BX41: =SUM(BX11:BX40) -> 0 | CA41: =SUM(CA11:CA40) -> 0 | CD41: =SUM(CD11:CD40) -> 0 | CG41: =SUM(CG11:CG40) -> 0 | CJ41: =SUM(CJ11:CJ40) -> 0 | CM41: =SUM(CM11:CM40) -> 0 | CP41: =SUM(CP11:CP40) -> 0 | CS41: =SUM(CS11:CS40) -> 0 | CV41: =SUM(CV11:CV40) -> 0 | CY41: =SUM(CY11:CY40) -> 0 | DB41: =SUM(DB11:DB40) -> 0 | DE41: =SUM(DE11:DE40) -> 0 | DH41: =SUM(DH11:DH40) -> 0 | DK41: =SUM(DK11:DK40) -> 0 | DN41: =SUM(DN11:DN40) -> 0 | DQ41: =SUM(DQ11:DQ40) -> 0 | DT41: =SUM(DT11:DT40) -> 0 | DW41: =SUM(DW11:DW40) -> 0 | ED41: =SUM(ED11:ED40) -> 783364.87 | EH41: =SUM(EH11:EH40) -> 0 | EM41: =SUM(EM11:EM40) -> 770180.24

Sheet Oct 25 Int
A1: Ameren Missouri | EE1: Total (PAR CP) | EI1: Revolver | EN1: PAR CP | EO1: ACCRUED AFTER REPORT PERIOD | EP1: CP BALANCE | EQ1: TOTAL ST BALANCE
A2: MONTHLY SHORT-TERM BORROWING ANALYSIS | EB2: Amount Outstanding | EE2: =EB41 -> 309375000 | EI2: =EG40 -> 0 | EN2: =EK41 -> 163225000 | EO2: -36725.63 | EP2: =EN2+EO2 -> 1.6318827e+08 | EQ2: =EE2+EO2 -> 3.0933827e+08
A3: OCTOBER 2025 | E3: TOTAL FOR MONTH | EB3: Avg Daily Borrowing | EE3: =AVERAGE(EB11:EB41) -> 275900000 | EI3: =AVERAGE(EG11:EG40) -> 0 | EN3: =AVERAGE(EK11:EK41) -> 1.5065645e+08
E4: Amount Outstanding | G4: =EQ2 -> 3.0933827e+08 | AI4: ST Balance on GL | EB4: Weighted Average Rate | EE4: =IF(EE3=0,0,360*(AVERAGE(ED11:ED41)/EE3)) -> 0.04144988 | EI4: =IF(EI3=0,0,360*(AVERAGE(EH11:EH40)/EI3)) -> 0 | EN4: =IF(EN3=0,0,360*(AVERAGE(EM11:EM41)/EN3)) -> 0.042369539 | EO4: From US Bank Monthly Accrued Interest Report | EQ4: ST Balance on GL
E5: Avg Daily Borrowing | G5: =EE3 -> 275900000 | AI5: PAR CP | EB5: Peak Borrowing | EE5: =MAX(EB11:EB41) -> 329900000 | EI5: =MAX(EG11:EG40) -> 0 | EN5: =MAX(EK11:EK41) -> 268575000 | EO5: Negative Number
E6: Weighted Average Rate | G6: =EE4 -> 0.04144988
E7: Peak Borrowing | G7: =EE5 -> 329900000 | AI7: PAR CP | EB7: Total Borrowings | EG7: Total Revolver Borrowings | EK7: Total Commercial Paper Borrowings
